Workbook
Name CIT見込額: ②売上計画!$D$60
Name CIT見込額_前回予算: ⑦総括表!$G$30
Name CIT見込額計通貨1: ②売上計画!$E$60
Name CIT見込額計通貨2: ②売上計画!$F$60
Name CIT見込額計通貨3: ②売上計画!$G$60
Name CIT見込額計通貨4: ②売上計画!$H$60
Name JICA1号1: JICA報酬計算!$Q$27
Name JICA1号2: JICA報酬計算!$R$27
Name JICA1号3: JICA報酬計算!$S$27
Name JICA1号4: JICA報酬計算!$T$27
Name JICA1号45: JICA報酬計算!$T$27
Name JICA1号5: JICA報酬計算!$U$27
Name JICA1号6: JICA報酬計算!$V$27
Name JICA2号1: JICA報酬計算!$Q$28
Name JICA2号2: JICA報酬計算!$R$28
Name JICA2号3: JICA報酬計算!$S$28
Name JICA2号4: JICA報酬計算!$T$28
Name JICA2号5: JICA報酬計算!$U$28
Name JICA2号6: JICA報酬計算!$V$28
Name JICA3号1: JICA報酬計算!$Q$29
Name JICA3号2: JICA報酬計算!$R$29
Name JICA3号3: JICA報酬計算!$S$29
Name JICA3号4: JICA報酬計算!$T$29
Name JICA3号5: JICA報酬計算!$U$29
Name JICA3号6: JICA報酬計算!$V$29
Name JICA4号1: JICA報酬計算!$Q$30
Name JICA4号2: JICA報酬計算!$R$30
Name JICA4号3: JICA報酬計算!$S$30
Name JICA4号4: JICA報酬計算!$T$30
Name JICA4号5: JICA報酬計算!$U$30
Name JICA4号6: JICA報酬計算!$V$30
Name JICA5号1: JICA報酬計算!$Q$31
Name JICA5号2: JICA報酬計算!$R$31
Name JICA5号3: JICA報酬計算!$S$31
Name JICA5号4: JICA報酬計算!$T$31
Name JICA5号5: JICA報酬計算!$U$31
Name JICA5号6: JICA報酬計算!$V$31
Name JICA6号1: JICA報酬計算!$Q$32
Name JICA6号2: JICA報酬計算!$R$32
Name JICA6号3: JICA報酬計算!$S$32
Name JICA6号4: JICA報酬計算!$T$32
Name JICA6号5: JICA報酬計算!$U$32
Name JICA6号6: JICA報酬計算!$V$32
Name JICA社員報酬額: JICA報酬計算!$L$61
Name JICA借上報酬額: JICA報酬計算!$L$62
Name JICA特号1: JICA報酬計算!$Q$26
Name JICA特号2: JICA報酬計算!$R$26
Name JICA特号3: JICA報酬計算!$S$26
Name JICA特号4: JICA報酬計算!$T$26
Name JICA特号5: JICA報酬計算!$U$26
Name JICA特号6: JICA報酬計算!$V$26
Name JICA年1: JICA報酬計算!$Q$24
Name JICA年2: JICA報酬計算!$R$24
Name JICA年3: JICA報酬計算!$S$24
Name JICA年4: JICA報酬計算!$T$24
Name JICA年5: JICA報酬計算!$U$24
Name JICA年6: JICA報酬計算!$V$24
Name PIT社員: ⑤経費!$J$179
Name PIT社員_円換算値: ⑥経費一覧表!$D$14
Name PIT社員_通貨1: ⑤経費!$M$179

Sheet ①基本条件
B2: プロジェクト基本情報入力
B3: プロジェクト番号 | C3: JA15R1003P | D3: ※黄色のセルを入力してください。
B4: 作業科目 | C4: JA15R1003 | D4: ※オレンジ色のセルは修正がある場合に上書きしてください。
B5: プロジェクト件名 | C5: ベトナム国ハノイ市環状３号線整備事業(マイジック-南タンロン区間)
B6: 顧客名 | C6: ベトナム政府
B7: 資金源 | C7: (独)国際協力機構 円借款
B8: 請負形態 | C8: ＪＶメイン
B9: 主管部 | C9: 道路橋梁部
B10: 分担部 | C10: 道路橋梁部
B11: 工期開始日 | C11: 42200
B12: 工期終了日 | C12: 42627
B13: 完成予定日 | C13: 42735 | D13: ←経理上の完成予定日。通常は、工期終了日と同じ。
B14: TL | C14: 石本 一鶴
B15: 所長 | C15: 前田 哲哉
B16: 課長 | C16: 佐野 祐一
B17: 担当者 | C17: 徳丸 祥一郎
B18: 完成年度 | C18: 2017 | D18: ←西暦（yyyy）で入力して下さい。
B19: 完成基準 | C19: 出来高基準 | D19: 例：2017年6月期⇒2017、2018年6月期⇒2018
B20: 予算種類 | C20: 単年度実行予算 | D20: ←リストから選択して下さい。
D21: ↓使用する通貨を入力してください。例：USD、VNDなど。
C22: 通貨1 | D22: 通貨2 | E22: 通貨3 | F22: 通貨4
B23: 種類 | C23: JPY
B24: 前年度月末レート | C24: =IF(通貨1="",0,VLOOKUP(通貨1,T_為替!$B$3:$C$132,2,FALSE)) -> 1 | D24: =IF(通貨2="",0,VLOOKUP(通貨2,T_為替!$B:$C,2,FALSE)) -> 0 | E24: =IF(通貨3="",0,VLOOKUP(通貨3,T_為替!$B:$C,2,FALSE)) -> 0 | F24: =IF(通貨4="",0,VLOOKUP(通貨4,T_為替!$B:$C,2,FALSE)) -> 0
B25: 表示単位 | C25: =IF(通貨1レート=0,0,IF(通貨1<0.01,1000,1)) -> 1 | D25: =IF(通貨2レート=0,0,IF(通貨2レート<0.01,1000,1)) -> 0 | E25: =IF(通貨3レート=0,0,IF(通貨3レート<0.01,1000,1)) -> 0 | F25: =IF(通貨4レート=0,0,IF(通貨4レート<0.01,1000,1)) -> 0
B26: ※通貨は、最大で４つまで指定できます。 ※通貨を指定する際に、契約通貨を必ず含めてください。不要な通貨はブランクとしておいて下さい。 ※レートは別のシートから自動で検索します。 ※レートが0.01以下の場合は1000通貨単位で表示するようにします。 ※シートはエラー防止のためにロックしています。
C33: 通貨コード一覧
C34: USD
C35: EUR
C36: DKK
C37: CAD
C38: GBP
C39: CHF
C40: AUD
C41: HKD
C42: SGD
C43: AED
C44: THB
... C162: YEN

Sheet 主管用分担計画
B2: 主管部用 分担売上計画 | D2: 主管部 | E2: =主管部 -> 道路橋梁部 | F2: ﾌﾟﾛｼﾞｪｸﾄ番号 | G2: =プロジェクトコード -> JA15R1003P | I2: 黄色のセルを入力して下さい。オレンジ色のセルは修正がある場合に上書きして下さい。
D3: 件 名 | E3: =プロジェクト件名 -> ベトナム国ハノイ市環状３号線整備事業(マイジック-南タンロン区間) | I3: シートはエラー防止のためにロックしています。
B5: 新規または予算変更でシステムからダウンロードした時点で確定しているプロジェクト全体の契約金額と売上額を表示しています。次年度以降の予算を作成する場合、「前期」はダウンロードした時点からみた前期会計年度、「当期」はダウンロードした時点での会計年度を指すため、「a. 前期迄契約額」「b. 前期迄売上額」「d. 当期受注額」に表示されている金額を修正する必要があります。なお、受注計上前には、上記金額は表示されません。 | E5: 契約通貨1 | F5: 契約通貨2 | G5: 契約通貨3 | H5: 契約通貨4
D6: 通貨種類 | E6: JPY | I6: ←受注計上された契約通貨を表示しています。基本条件で入力した通貨ではありませんので注意してください。（受注計上前にはJPYのみ表示されますので、必要に応じて、契約予定通貨を選択してください。）
D7: レート | E7: =IF(契約通貨1="",0,IF(契約通貨1="JPY",1,VLOOKUP(契約通貨1,T_為替!$B$3:$C$132,2,FALSE))) -> 1 | F7: =IF(契約通貨2="",0,IF(契約通貨2="JPY",1,VLOOKUP(契約通貨2,T_為替!$B$3:$C$132,2,FALSE))) -> 0 | G7: =IF(契約通貨3="",0,IF(契約通貨3="JPY",1,VLOOKUP(契約通貨3,T_為替!$B$3:$C$132,2,FALSE))) -> 0 | H7: =IF(契約通貨4="",0,IF(契約通貨4="JPY",1,VLOOKUP(契約通貨4,T_為替!$B$3:$C$132,2,FALSE))) -> 0
D8: 表示単位 | E8: =IF(契約通貨1レート=0,0,IF(契約通貨1レート<0.01,1000,1)) -> 1 | F8: =IF(契約通貨2レート=0,0,IF(契約通貨2レート<0.01,1000,1)) -> 0 | G8: =IF(契約通貨3レート=0,0,IF(契約通貨3レート<0.01,1000,1)) -> 0 | H8: =IF(契約通貨4レート=0,0,IF(契約通貨4レート<0.01,1000,1)) -> 0
B10: 契約金額と売上額の推移 | D10: 円換算額 | E10: =IF(契約通貨1="","",IF(契約通貨1単位=1,契約通貨1,契約通貨1単位&契約通貨1)) -> JPY | F10: =IF(契約通貨2="","",IF(契約通貨2単位=1,契約通貨2,契約通貨2単位&契約通貨2)) | G10: =IF(契約通貨3="","",IF(契約通貨3単位=1,契約通貨3,契約通貨3単位&契約通貨3)) | H10: =IF(契約通貨4="","",IF(契約通貨4単位=1,契約通貨4,契約通貨4単位&契約通貨4))
B11: a. 前期迄契約額 | D11: =SUMPRODUCT(E$7:H$7,E11:H11,E$8:H$8) -> 98648421 | E11: =IF(契約通貨1単位=0,0,98648421/契約通貨1単位) -> 98648421 | F11: =IF(契約通貨2単位=0,0,0/契約通貨2単位) -> 0 | G11: =IF(契約通貨3単位=0,0,0/契約通貨3単位) -> 0 | H11: =IF(契約通貨4単位=0,0,0/契約通貨4単位) -> 0
B12: b. 前期迄売上額 | D12: =SUMPRODUCT(E$7:H$7,E12:H12,E$8:H$8) -> 87088857 | E12: =IF(契約通貨1単位=0,0,87088857/契約通貨1単位) -> 87088857 | F12: =IF(契約通貨2単位=0,0,0/契約通貨2単位) -> 0 | G12: =IF(契約通貨3単位=0,0,0/契約通貨3単位) -> 0 | H12: =IF(契約通貨4単位=0,0,0/契約通貨4単位) -> 0
B13: c. 前期繰越受注額（a-b） | D13: =SUMPRODUCT(E$7:H$7,E13:H13,E$8:H$8) -> 11559564 | E13: =E11-E12 -> 11559564 | F13: =F11-F12 -> 0 | G13: =G11-G12 -> 0 | H13: =H11-H12 -> 0
B14: d. 当期受注額 | D14: =SUMPRODUCT(E$7:H$7,E14:H14,E$8:H$8) -> 3806094 | E14: 3806094 | F14: =IF(契約通貨2単位=0,0,0/契約通貨2単位) -> 0 | G14: =IF(契約通貨3単位=0,0,0/契約通貨3単位) -> 0 | H14: =IF(契約通貨4単位=0,0,0/契約通貨4単位) -> 0
B15: e. 契約変更予定額（※1） | D15: =SUMPRODUCT(E$7:H$7,E15:H15,E$8:H$8) -> 0 | E15: =IFERROR(HLOOKUP(E$10,$E$26:$H$31,6,FALSE),0) -> 0 | F15: =IFERROR(HLOOKUP(F$10,$E$26:$H$31,6,FALSE),0) -> 0 | G15: =IFERROR(HLOOKUP(G$10,$E$26:$H$31,6,FALSE),0) -> 0 | H15: =IFERROR(HLOOKUP(H$10,$E$26:$H$31,6,FALSE),0) -> 0
B16: f. 契約残高（c+d+e） | D16: =SUMPRODUCT(E$7:H$7,E16:H16,E$8:H$8) -> 15365658 | E16: =E11-E12+E14+E15 -> 15365658 | F16: =F11-F12+F14+F15 -> 0 | G16: =G11-G12+G14+G15 -> 0 | H16: =H11-H12+H14+H15 -> 0
B17: g. 完成予定額（※2） | D17: =SUMPRODUCT(E$7:H$7,E17:H17,E$8:H$8) -> 5495300 | E17: =IFERROR(HLOOKUP(E$10,$E$34:$H$40,6,FALSE),0) -> 5495300 | F17: =IFERROR(HLOOKUP(F$10,$E$34:$H$40,6,FALSE),0) -> 0 | G17: =IFERROR(HLOOKUP(G$10,$E$34:$H$40,6,FALSE),0) -> 0 | H17: =IFERROR(HLOOKUP(H$10,$E$34:$H$40,6,FALSE),0) -> 0
B18: h. 繰越予定額（f-g） | D18: =SUMPRODUCT(E$7:H$7,E18:H18,E$8:H$8) -> 9870358 | E18: =E16-E17 -> 9870358 | F18: =F16-F17 -> 0 | G18: =G16-G17 -> 0 | H18: =H16-H17 -> 0
B20: 分担売上計画は、主管部がプロジェクト開始時、契約額変更時、分担額変更時、新年度開始時に作成し、主管部の単年度実行予算書に添付するようにして下さい。 | E20: 通貨1 | F20: 通貨2 | G20: 通貨3 | H20: 通貨4
D21: 通貨種類 | E21: =IF(通貨1="","",通貨1) -> JPY | F21: =IF(通貨2="","",通貨2) | G21: =IF(通貨3="","",通貨3) | H21: =IF(通貨4="","",通貨4) | I21: ←基本条件で入力した通貨を表示しています。
D22: レート | E22: =IF(通貨1レート="","",通貨1レート) -> 1 | F22: =IF(通貨2レート="","",通貨2レート) -> 0 | G22: =IF(通貨3レート="","",通貨3レート) -> 0 | H22: =IF(通貨4レート="","",通貨4レート) -> 0
D23: 表示単位 | E23: =IF(通貨1単位="","",通貨1単位) -> 1 | F23: =IF(通貨2単位="","",通貨2単位) -> 0 | G23: =IF(通貨3単位="","",通貨3単位) -> 0 | H23: =IF(通貨4単位="","",通貨4単位) -> 0
B25: 注）↓契約変更が予定されている場合に入力する。ただし、契約後に上記の「d.当期受注額」が確定するので、確定後はデータをゼロにすること。
C26: 費 目 | D26: 円換算額 | E26: =通貨1 -> JPY | F26: =IF(通貨2="","",IF(通貨2単位=1,通貨2,通貨2単位&通貨2)) | G26: =IF(通貨3="","",IF(通貨3単位=1,通貨3,通貨3単位&通貨3)) | H26: =IF(通貨4="","",IF(通貨4単位=1,通貨4,通貨4単位&通貨4))
B27: 契約変更予定額 （※1：上記のeに相当） | C27: 報酬売上額 | D27: =SUMPRODUCT(E$22:H$22,E27:H27,E$23:H$23) -> 0 | I27: ←特に、JICA等でダイレクトコストに未消化分があり、精算時に減額が見込まれるような場合に利用して下さい。この場合も、精算確定後は「d.当期受注額」が変更になります。「d.当期受注額」の変更後は、左のデータをゼロにして下さい。
C28: 内、社員報酬額 | D28: =SUMPRODUCT(E$22:H$22,E28:H28,E$23:H$23) -> 0 | E28: =E27-E29 -> 0 | F28: =F27-F29 -> 0 | G28: =G27-G29 -> 0 | H28: =H27-H29 -> 0
C29: 内、借上報酬額 | D29: =SUMPRODUCT(E$22:H$22,E29:H29,E$23:H$23) -> 0
C30: 経費売上額 | D30: =SUMPRODUCT(E$22:H$22,E30:H30,E$23:H$23) -> 0
C31: 売上額計 | D31: =SUMPRODUCT(E$22:H$22,E31:H31,E$23:H$23) -> 0 | E31: =E27+E30 -> 0 | F31: =F27+F30 -> 0 | G31: =G27+G30 -> 0 | H31: =H27+H30 -> 0
B33: 注）↓分担売上計画を完成予定高を確定して、その後、分担金額を入力して下さい。
C34: 費 目 | D34: 円換算額 | E34: =通貨1 -> JPY | F34: =IF(通貨2=0,"",IF(通貨2単位=1,通貨2,通貨2単位&通貨2)) | G34: =IF(通貨3=0,"",IF(通貨3単位=1,通貨3,通貨3単位&通貨3)) | H34: =IF(通貨4=0,"",IF(通貨4単位=1,通貨4,通貨4単位&通貨4))
B35: 完成予定額 （※2） | C35: 報酬売上額 | D35: =SUMPRODUCT(E$22:H$22,E35:H35,E$23:H$23) -> 3902500 | E35: =②売上計画!E25 -> 3902500 | I35: ←当該年度（部分完成基準の場合は当該年度以降）に売上を予定している報酬額を入力して下さい。
C36: 内、社員報酬額 | D36: =SUMPRODUCT(E$22:H$22,E36:H36,E$23:H$23) -> 3902500 | E36: =E35-E37 -> 3902500 | F36: =F35-F37 -> 0 | G36: =G35-G37 -> 0 | H36: =H35-H37 -> 0
C37: 内、借上報酬額 | D37: =SUMPRODUCT(E$22:H$22,E37:H37,E$23:H$23) -> 0 | I37: ←報酬額の内、借上分の報酬額を入力して下さい。
C38: 経費売上額 | D38: =SUMPRODUCT(E$22:H$22,E38:H38,E$23:H$23) -> 1592800 | E38: =経費内訳計通貨1 -> 1592800 | I38: ←当該年度（部分完成基準の場合は当該年度以降）に売上を予定している経費額を入力して下さい。
C39: 売上額計 | D39: =SUMPRODUCT(E$22:H$22,E39:H39,E$23:H$23) -> 5495300 | E39: =E35+E38 -> 5495300 | F39: =F35+F38 -> 0 | G39: =G35+G38 -> 0 | H39: =H35+H38 -> 0
C40: 内、CIT見込額 | D40: =SUMPRODUCT(E$22:H$22,E40:H40,E$23:H$23) -> 250000 | E40: =CIT見込額計通貨1 -> 250000 | I40: ←売上額の内、CITの見込み額を入力して下さい。
B41: 主管部略称 | C41: 報酬売上額 | D41: =SUMPRODUCT(E$22:H$22,E41:H41,E$23:H$23) -> 3902500 | E41: =E35-SUMIF($C$47:$C$105,$C41,$E$47:$E$105) -> 3902500 | F41: =F35-SUMIF($C$47:$C$105,$C41,$F$47:$F$105) -> 0 | G41: =G35-SUMIF($C$47:$C$105,$C41,$G$47:$G$105) -> 0 | H41: =H35-SUMIF($C$47:$C$105,$C41,$H$47:$H$105) -> 0
B42: 道路・橋梁部 | C42: 内、社員報酬額 | D42: =SUMPRODUCT(E$22:H$22,E42:H42,E$23:H$23) -> 3902500 | E42: =E41-E43 -> 3902500 | F42: =F41-F43 -> 0 | G42: =G41-G43 -> 0 | H42: =H41-H43 -> 0
B43: 完成予定年度 | C43: 内、借上報酬額 | D43: =SUMPRODUCT(E$22:H$22,E43:H43,E$23:H$23) -> 0 | E43: =E37-SUMIF($C$47:$C$105,$C43,$E$47:$E$105) -> 0 | F43: =F37-SUMIF($C$47:$C$105,$C43,$F$47:$F$105) -> 0 | G43: =G37-SUMIF($C$47:$C$105,$C43,$G$47:$G$105) -> 0 | H43: =H37-SUMIF($C$47:$C$105,$C43,$H$47:$H$105) -> 0 | I43: 完成予定額－∑分担額 が自動で計算されます。
B44: 2017 | C44: 経費売上額 | D44: =SUMPRODUCT(E$22:H$22,E44:H44,E$23:H$23) -> 1592800 | E44: =E38-SUMIF($C$47:$C$105,$C44,$E$47:$E$105) -> 1592800 | F44: =F38-SUMIF($C$47:$C$105,$C44,$F$47:$F$105) -> 0 | G44: =G38-SUMIF($C$47:$C$105,$C44,$G$47:$G$105) -> 0 | H44: =H38-SUMIF($C$47:$C$105,$C44,$H$47:$H$105) -> 0
B45: WBS | C45: 売上額計 | D45: =SUMPRODUCT(E$22:H$22,E45:H45,E$23:H$23) -> 5495300 | E45: =E41+E44 -> 5495300 | F45: =F41+F44 -> 0 | G45: =G41+G44 -> 0 | H45: =H41+H44 -> 0
B46: JA15R1003 | C46: 内、CIT見込額 | E46: =E40-SUMIF($C$47:$C$105,$C46,E$47:E$105) -> 250000 | F46: =F40-SUMIF($C$47:$C$105,$C46,F$47:F$105) -> 0 | G46: =G40-SUMIF($C$47:$C$105,$C46,G$47:G$105) -> 0 | H46: =H40-SUMIF($C$47:$C$105,$C46,H$47:H$105) -> 0
B47: 分担部略称 | C47: 報酬売上額 | D47: =SUMPRODUCT(E$22:H$22,E47:H47,E$23:H$23) -> 0
C48: 内、社員報酬額 | D48: =SUMPRODUCT(E$22:H$22,E48:H48,E$23:H$23) -> 0 | E48: =E47-E49 -> 0 | F48: =F47-F49 -> 0 | G48: =G47-G49 -> 0 | H48: =H47-H49 -> 0
B49: 完成予定年度 | C49: 内、借上報酬額 | D49: =SUMPRODUCT(E$22:H$22,E49:H49,E$23:H$23) -> 0 | I49: 分担予定額を入力して下さい。
C50: 経費売上額 | D50: =SUMPRODUCT(E$22:H$22,E50:H50,E$23:H$23) -> 0
B51: WBS | C51: 売上額計 | D51: =SUMPRODUCT(E$22:H$22,E51:H51,E$23:H$23) -> 0 | E51: =E47+E50 -> 0 | F51: =F47+F50 -> 0 | G51: =G47+G50 -> 0 | H51: =H47+H50 -> 0
C52: 内、CIT見込額
B53: 分担部略称 | C53: 報酬売上額 | D53: =SUMPRODUCT(E$22:H$22,E53:H53,E$23:H$23) -> 0
C54: 内、社員報酬額 | D54: =SUMPRODUCT(E$22:H$22,E54:H54,E$23:H$23) -> 0 | E54: =E53-E55 -> 0 | F54: =F53-F55 -> 0 | G54: =G53-G55 -> 0 | H54: =H53-H55 -> 0
B55: 完成予定年度 | C55: 内、借上報酬額 | D55: =SUMPRODUCT(E$22:H$22,E55:H55,E$23:H$23) -> 0
C56: 経費売上額 | D56: =SUMPRODUCT(E$22:H$22,E56:H56,E$23:H$23) -> 0
B57: WBS | C57: 売上額計 | D57: =SUMPRODUCT(E$22:H$22,E57:H57,E$23:H$23) -> 0 | E57: =E53+E56 -> 0 | F57: =F53+F56 -> 0 | G57: =G53+G56 -> 0 | H57: =H53+H56 -> 0
C58: 内、CIT見込額
B59: 分担部略称 | C59: 報酬売上額 | D59: =SUMPRODUCT(E$22:H$22,E59:H59,E$23:H$23) -> 0
C60: 内、社員報酬額 | D60: =SUMPRODUCT(E$22:H$22,E60:H60,E$23:H$23) -> 0 | E60: =E59-E61 -> 0 | F60: =F59-F61 -> 0 | G60: =G59-G61 -> 0 | H60: =H59-H61 -> 0
B61: 完成予定年度 | C61: 内、借上報酬額 | D61: =SUMPRODUCT(E$22:H$22,E61:H61,E$23:H$23) -> 0
C62: 経費売上額 | D62: =SUMPRODUCT(E$22:H$22,E62:H62,E$23:H$23) -> 0
B63: WBS | C63: 売上額計 | D63: =SUMPRODUCT(E$22:H$22,E63:H63,E$23:H$23) -> 0 | E63: =E59+E62 -> 0 | F63: =F59+F62 -> 0 | G63: =G59+G62 -> 0 | H63: =H59+H62 -> 0
C64: 内、CIT見込額
B65: 分担部略称 | C65: 報酬売上額 | D65: =SUMPRODUCT(E$22:H$22,E65:H65,E$23:H$23) -> 0
C66: 内、社員報酬額 | D66: =SUMPRODUCT(E$22:H$22,E66:H66,E$23:H$23) -> 0 | E66: =E65-E67 -> 0 | F66: =F65-F67 -> 0 | G66: =G65-G67 -> 0 | H66: =H65-H67 -> 0
B67: 完成予定年度 | C67: 内、借上報酬額 | D67: =SUMPRODUCT(E$22:H$22,E67:H67,E$23:H$23) -> 0
C68: 経費売上額 | D68: =SUMPRODUCT(E$22:H$22,E68:H68,E$23:H$23) -> 0
B69: WBS | C69: 売上額計 | D69: =SUMPRODUCT(E$22:H$22,E69:H69,E$23:H$23) -> 0 | E69: =E65+E68 -> 0 | F69: =F65+F68 -> 0 | G69: =G65+G68 -> 0 | H69: =H65+H68 -> 0
C70: 内、CIT見込額
B71: 分担部略称 | C71: 報酬売上額 | D71: =SUMPRODUCT(E$22:H$22,E71:H71,E$23:H$23) -> 0
C72: 内、社員報酬額 | D72: =SUMPRODUCT(E$22:H$22,E72:H72,E$23:H$23) -> 0 | E72: =E71-E73 -> 0 | F72: =F71-F73 -> 0 | G72: =G71-G73 -> 0 | H72: =H71-H73 -> 0
B73: 完成予定年度 | C73: 内、借上報酬額 | D73: =SUMPRODUCT(E$22:H$22,E73:H73,E$23:H$23) -> 0
C74: 経費売上額 | D74: =SUMPRODUCT(E$22:H$22,E74:H74,E$23:H$23) -> 0
B75: WBS | C75: 売上額計 | D75: =SUMPRODUCT(E$22:H$22,E75:H75,E$23:H$23) -> 0 | E75: =E71+E74 -> 0 | F75: =F71+F74 -> 0 | G75: =G71+G74 -> 0 | H75: =H71+H74 -> 0
C76: 内、CIT見込額
B77: 分担部略称 | C77: 報酬売上額 | D77: =SUMPRODUCT(E$22:H$22,E77:H77,E$23:H$23) -> 0
C78: 内、社員報酬額 | D78: =SUMPRODUCT(E$22:H$22,E78:H78,E$23:H$23) -> 0 | E78: =E77-E79 -> 0 | F78: =F77-F79 -> 0 | G78: =G77-G79 -> 0 | H78: =H77-H79 -> 0
B79: 完成予定年度 | C79: 内、借上報酬額 | D79: =SUMPRODUCT(E$22:H$22,E79:H79,E$23:H$23) -> 0
C80: 経費売上額 | D80: =SUMPRODUCT(E$22:H$22,E80:H80,E$23:H$23) -> 0
B81: WBS | C81: 売上額計 | D81: =SUMPRODUCT(E$22:H$22,E81:H81,E$23:H$23) -> 0 | E81: =E77+E80 -> 0 | F81: =F77+F80 -> 0 | G81: =G77+G80 -> 0 | H81: =H77+H80 -> 0
C82: 内、CIT見込額
B83: 分担部略称 | C83: 報酬売上額 | D83: =SUMPRODUCT(E$22:H$22,E83:H83,E$23:H$23) -> 0
C84: 内、社員報酬額 | D84: =SUMPRODUCT(E$22:H$22,E84:H84,E$23:H$23) -> 0 | E84: =E83-E85 -> 0 | F84: =F83-F85 -> 0 | G84: =G83-G85 -> 0 | H84: =H83-H85 -> 0
B85: 完成予定年度 | C85: 内、借上報酬額 | D85: =SUMPRODUCT(E$22:H$22,E85:H85,E$23:H$23) -> 0
C86: 経費売上額 | D86: =SUMPRODUCT(E$22:H$22,E86:H86,E$23:H$23) -> 0
B87: WBS | C87: 売上額計 | D87: =SUMPRODUCT(E$22:H$22,E87:H87,E$23:H$23) -> 0 | E87: =E83+E86 -> 0 | F87: =F83+F86 -> 0 | G87: =G83+G86 -> 0 | H87: =H83+H86 -> 0
C88: 内、CIT見込額
B89: 分担部略称 | C89: 報酬売上額 | D89: =SUMPRODUCT(E$22:H$22,E89:H89,E$23:H$23) -> 0
C90: 内、社員報酬額 | D90: =SUMPRODUCT(E$22:H$22,E90:H90,E$23:H$23) -> 0 | E90: =E89-E91 -> 0 | F90: =F89-F91 -> 0 | G90: =G89-G91 -> 0 | H90: =H89-H91 -> 0
B91: 完成予定年度 | C91: 内、借上報酬額 | D91: =SUMPRODUCT(E$22:H$22,E91:H91,E$23:H$23) -> 0
C92: 経費売上額 | D92: =SUMPRODUCT(E$22:H$22,E92:H92,E$23:H$23) -> 0
B93: WBS | C93: 売上額計 | D93: =SUMPRODUCT(E$22:H$22,E93:H93,E$23:H$23) -> 0 | E93: =E89+E92 -> 0 | F93: =F89+F92 -> 0 | G93: =G89+G92 -> 0 | H93: =H89+H92 -> 0
C94: 内、CIT見込額
B95: 分担部略称 | C95: 報酬売上額 | D95: =SUMPRODUCT(E$22:H$22,E95:H95,E$23:H$23) -> 0
C96: 内、社員報酬額 | D96: =SUMPRODUCT(E$22:H$22,E96:H96,E$23:H$23) -> 0 | E96: =E95-E97 -> 0 | F96: =F95-F97 -> 0 | G96: =G95-G97 -> 0 | H96: =H95-H97 -> 0
B97: 完成予定年度 | C97: 内、借上報酬額 | D97: =SUMPRODUCT(E$22:H$22,E97:H97,E$23:H$23) -> 0
C98: 経費売上額 | D98: =SUMPRODUCT(E$22:H$22,E98:H98,E$23:H$23) -> 0
B99: WBS | C99: 売上額計 | D99: =SUMPRODUCT(E$22:H$22,E99:H99,E$23:H$23) -> 0 | E99: =E95+E98 -> 0 | F99: =F95+F98 -> 0 | G99: =G95+G98 -> 0 | H99: =H95+H98 -> 0
C100: 内、CIT見込額
B101: 分担部略称 | C101: 報酬売上額 | D101: =SUMPRODUCT(E$22:H$22,E101:H101,E$23:H$23) -> 0
C102: 内、社員報酬額 | D102: =SUMPRODUCT(E$22:H$22,E102:H102,E$23:H$23) -> 0 | E102: =E101-E103 -> 0 | F102: =F101-F103 -> 0 | G102: =G101-G103 -> 0 | H102: =H101-H103 -> 0
B103: 完成予定年度 | C103: 内、借上報酬額 | D103: =SUMPRODUCT(E$22:H$22,E103:H103,E$23:H$23) -> 0
C104: 経費売上額 | D104: =SUMPRODUCT(E$22:H$22,E104:H104,E$23:H$23) -> 0
B105: WBS | C105: 売上額計 | D105: =SUMPRODUCT(E$22:H$22,E105:H105,E$23:H$23) -> 0 | E105: =E101+E104 -> 0 | F105: =F101+F104 -> 0 | G105: =G101+G104 -> 0 | H105: =H101+H104 -> 0
C106: 内、CIT見込額
...

Sheet ②売上計画
B2: 売上計画 | D2: 分担部 | E2: =分担部 -> 道路橋梁部 | F2: 作業科目： | G2: =WBS -> JA15R1003
D3: 件名： | E3: =プロジェクト件名 -> ベトナム国ハノイ市環状３号線整備事業(マイジック-南タンロン区間)
B5: ※黄色のセルを入力してください。 | E5: 通貨1 | F5: 通貨2 | G5: 通貨3 | H5: 通貨4
D6: 通貨種類 | E6: =IF(通貨1="","",通貨1) -> JPY | F6: =IF(通貨2="","",通貨2) | G6: =IF(通貨3="","",通貨3) | H6: =IF(通貨4="","",通貨4)
D7: レート | E7: =通貨1レート -> 1 | F7: =通貨2レート -> 0 | G7: =通貨3レート -> 0 | H7: =通貨4レート -> 0
D8: 表示単位 | E8: =通貨1単位 -> 1 | F8: =通貨2単位 -> 0 | G8: =通貨3単位 -> 0 | H8: =通貨4単位 -> 0
B10: 報酬内訳 | D10: ※報酬額を社員と借上要員分に分けて合計額を入力してください。
B11: No. | C11: 項 目 | D11: 円換算額 | E11: =通貨1 -> JPY | F11: =IF(通貨2="","",IF(通貨2単位=1,通貨2,通貨2単位&通貨2)) | G11: =IF(通貨3="","",IF(通貨3単位=1,通貨3,通貨3単位&通貨3)) | H11: =IF(通貨4="","",IF(通貨4単位=1,通貨4,通貨4単位&通貨4))
B12: 01 | C12: 社員報酬額（人件費シートより） | D12: =SUMPRODUCT(E$7:H$7,E$8:H$8,E12:H12) -> 3902500 | E12: =社員報酬売上高_受注通貨1 -> 3902500 | F12: =社員報酬売上高_受注通貨2 -> 0 | G12: =社員報酬売上高_受注通貨3 -> 0 | H12: =社員報酬売上高_受注通貨4 -> 0
B13: 参考 | C13: 社員報酬額（JICA用報酬計算シートより） 計算には加えていません、検算用です。 | D13: =SUMPRODUCT(E$7:H$7,E$8:H$8,E13:H13) -> 0 | E13: =JICA社員報酬額 -> 0
B14: 02 | C14: 手入力 | D14: =SUMPRODUCT(E$7:H$7,E$8:H$8,E14:H14) -> 0
B15: 03 | C15: 分担調整金（手入力してください） | D15: =SUMPRODUCT(E$7:H$7,E$8:H$8,E15:H15) -> 0
B16: 04 | C16: 端数調整 | D16: =SUMPRODUCT(E$7:H$7,E$8:H$8,E16:H16) -> 0
C17: 社員報酬額 計 | D17: =SUM(D12:D16)-D13 -> 3902500 | E17: =SUM(E12:E16)-E13 -> 3902500 | F17: =SUM(F12:F16)-F13 -> 0 | G17: =SUM(G12:G16)-G13 -> 0 | H17: =SUM(H12:H16)-H13 -> 0
B19: 05 | C19: 借上報酬額（借上費シートより） | D19: =SUMPRODUCT(E$7:H$7,E$8:H$8,E19:H19) -> 0 | E19: =借上報酬額_受注通貨1 -> 0 | F19: =借上報酬額_受注通貨2 -> 0 | G19: =借上報酬額_受注通貨3 -> 0 | H19: =借上報酬額_受注通貨4 -> 0
B20: 参考 | C20: 借上報酬額（JICA用報酬計算シートより） 計算には加えていません、検算用です。 | D20: =SUMPRODUCT(E$7:H$7,E$8:H$8,E20:H20) -> 0 | E20: =JICA借上報酬額 -> 0
B21: 06 | C21: 手入力 | D21: =SUMPRODUCT(E$7:H$7,E$8:H$8,E21:H21) -> 0
B22: 07 | C22: 分担調整金（手入力してください） | D22: =SUMPRODUCT(E$7:H$7,E$8:H$8,E22:H22) -> 0
B23: 08 | C23: 端数調整 | D23: =SUMPRODUCT(E$7:H$7,E$8:H$8,E23:H23) -> 0
C24: 借上報酬額 計 | D24: =SUMPRODUCT(E$7:H$7,E$8:H$8,E24:H24) -> 0 | E24: =SUM(E19:E23)-E20 -> 0 | F24: =SUM(F19:F23)-F20 -> 0 | G24: =SUM(G19:G23)-G20 -> 0 | H24: =SUM(H19:H23)-H20 -> 0
C25: 報酬売上高 合計 | D25: =D24+D17 -> 3902500 | E25: =E24+E17 -> 3902500 | F25: =F24+F17 -> 0 | G25: =G24+G17 -> 0 | H25: =H24+H17 -> 0
B27: 契約MM内訳 | D27: ※報酬に対応するMMを社員と借上要員に分けて入力してください。
B28: No. | C28: 項 目 | D28: MM計 | E28: =通貨1 -> JPY | F28: =IF(通貨2="","",IF(通貨2単位=1,通貨2,通貨2単位&通貨2)) | G28: =IF(通貨3="","",IF(通貨3単位=1,通貨3,通貨3単位&通貨3)) | H28: =IF(通貨4="","",IF(通貨4単位=1,通貨4,通貨4単位&通貨4))
B29: 01 | C29: 契約MM 社員分（人件費シートより） | D29: =SUM(E29:H29) -> 2.23 | E29: =③人件費!D133 -> 2.23 | F29: =③人件費!D134 -> 0 | G29: =③人件費!D135 -> 0 | H29: =③人件費!D136 -> 0
B30: 02 | C30: 契約MM 借上分（借上費シートより） | D30: =SUM(E30:H30) -> 0 | E30: =④借上費!C174 -> 0 | F30: =④借上費!C175 -> 0 | G30: =④借上費!C176 -> 0 | H30: =④借上費!C177 -> 0
C31: 契約MM 計 | D31: =SUM(D29:D30) -> 2.23 | E31: =SUM(E29:E30) -> 2.23 | F31: =SUM(F29:F30) -> 0 | G31: =SUM(G29:G30) -> 0 | H31: =SUM(H29:H30) -> 0
B32: 03 | C32: 非契約MM 社員分（人件費シートより） | D32: =SUM(E32:H32) -> 1 | E32: =③人件費!$R$60 -> 1 | F32: =③人件費!$R$118 -> 0
B33: 04 | C33: 非契約MM 借上分（借上費シートより） | D33: =SUM(E33:H33) -> 0 | E33: =④借上費!$R$41 -> 0 | F33: =④借上費!$R$85 -> 0 | G33: =④借上費!$R$124 -> 0 | H33: =④借上費!$R$163 -> 0
C34: 非契約MM 計 | D34: =SUM(D32:D33) -> 1 | E34: =SUM(E32:E33) -> 1 | F34: =SUM(F32:F33) -> 0 | G34: =SUM(G32:G33) -> 0 | H34: =SUM(H32:H33) -> 0
B36: 経費内訳 | D36: ※売上の内、経費部分に相当する金額を入力してください。
B37: No. | C37: 項 目 | D37: 円換算額 | E37: =通貨1 -> JPY | F37: =IF(通貨2="","",IF(通貨2単位=1,通貨2,通貨2単位&通貨2)) | G37: =IF(通貨3="","",IF(通貨3単位=1,通貨3,通貨3単位&通貨3)) | H37: =IF(通貨4="","",IF(通貨4単位=1,通貨4,通貨4単位&通貨4))
B38: 01 | C38: 旅費（航空賃） | D38: =SUMPRODUCT(E$7:H$7,E$8:H$8,E38:H38) -> 504000 | E38: =2*252000 -> 504000
B39: 02 | C39: 旅行諸雑費 | D39: =SUMPRODUCT(E$7:H$7,E$8:H$8,E39:H39) -> 36000 | E39: =2*18000 -> 36000
B40: 03 | C40: 日当・宿泊費 | D40: =SUMPRODUCT(E$7:H$7,E$8:H$8,E40:H40) -> 802800 | E40: =(③人件費!P60*30)*12000 -> 802800
B41: 04 | C41: CIT（報酬・経費の外出しで契約に計上されている） | D41: =SUMPRODUCT(E$7:H$7,E$8:H$8,E41:H41) -> 250000 | E41: 250000
B42: 05 | D42: =SUMPRODUCT(E$7:H$7,E$8:H$8,E42:H42) -> 0
B43: 06 | D43: =SUMPRODUCT(E$7:H$7,E$8:H$8,E43:H43) -> 0
B44: 07 | D44: =SUMPRODUCT(E$7:H$7,E$8:H$8,E44:H44) -> 0
B45: 08 | D45: =SUMPRODUCT(E$7:H$7,E$8:H$8,E45:H45) -> 0
B46: 09 | D46: =SUMPRODUCT(E$7:H$7,E$8:H$8,E46:H46) -> 0
B47: 10 | D47: =SUMPRODUCT(E$7:H$7,E$8:H$8,E47:H47) -> 0
B48: 11 | D48: =SUMPRODUCT(E$7:H$7,E$8:H$8,E48:H48) -> 0
B49: 12 | D49: =SUMPRODUCT(E$7:H$7,E$8:H$8,E49:H49) -> 0
B50: 13 | D50: =SUMPRODUCT(E$7:H$7,E$8:H$8,E50:H50) -> 0
B51: 14 | D51: =SUMPRODUCT(E$7:H$7,E$8:H$8,E51:H51) -> 0
B52: 15 | D52: =SUMPRODUCT(E$7:H$7,E$8:H$8,E52:H52) -> 0
C53: 合 計 | D53: =SUM(D38:D52) -> 1592800 | E53: =SUM(E38:E52) -> 1592800 | F53: =SUM(F38:F52) -> 0 | G53: =SUM(G38:G52) -> 0 | H53: =SUM(H38:H52) -> 0
B55: CIT見込額 | D55: ※CITの金額が分かる場合には、CITを入力してください。
B56: No. | C56: 項 目 | D56: 円換算額 | E56: =通貨1 -> JPY | F56: =IF(通貨2="","",IF(通貨2単位=1,通貨2,通貨2単位&通貨2)) | G56: =IF(通貨3="","",IF(通貨3単位=1,通貨3,通貨3単位&通貨3)) | H56: =IF(通貨4="","",IF(通貨4単位=1,通貨4,通貨4単位&通貨4))
B57: 01 | C57: 全体（（報酬+経費）*0.95*0.05） | D57: =SUMPRODUCT(E$7:H$7,E$8:H$8,E57:H57) -> 250000 | E57: 250000
B58: 02 | D58: =SUMPRODUCT(E$7:H$7,E$8:H$8,E58:H58) -> 0
B59: 03 | D59: =SUMPRODUCT(E$7:H$7,E$8:H$8,E59:H59) -> 0
C60: 合 計 | D60: =SUM(D57:D59) -> 250000 | E60: =SUM(E57:E59) -> 250000 | F60: =SUM(F57:F59) -> 0 | G60: =SUM(G57:G59) -> 0 | H60: =SUM(H57:H59) -> 0
D62: 報酬売上額 | E62: =D25 -> 3902500
D63: 経費売上額 | E63: =経費売上額 -> 1592800 | F63: 内、CIT見込額
D64: 売上高合計 | E64: =E62+E63 -> 5495300 | F64: =CIT見込額 -> 250000

Sheet JICA報酬計算
B2: JICA用B/R計算シート | G2: 分担部 | H2: =分担部 -> 道路橋梁部 | J2: 作業科目： | L2: =WBS -> JA15R1003
G3: 件名： | H3: =プロジェクト件名 -> ベトナム国ハノイ市環状３号線整備事業(マイジック-南タンロン区間)
B5: 氏名 | C5: 社員・借上 等区分 | D5: 格付 | E5: 月額単価 | F5: 派遣 期間 | G5: 直接人件費 | H5: 諸経 費率 | I5: 諸経費 | J5: 技術 経費率 | K5: 技術経費 | L5: 報酬額 | M5: B/R
E6: =IF(D6="",0,VLOOKUP(D6,JICA報酬計算!$O$26:$P$32,2,FALSE)) -> 0 | G6: =E6*F6 -> 0 | I6: =G6*H6 -> 0 | K6: =(G6+I6)*J6 -> 0 | L6: =G6+I6+K6 -> 0 | M6: =IF(F6=0,0,L6/F6) -> 0
E7: =IF(D7="",0,VLOOKUP(D7,JICA報酬計算!$O$26:$P$32,2,FALSE)) -> 0 | G7: =E7*F7 -> 0 | I7: =G7*H7 -> 0 | K7: =(G7+I7)*J7 -> 0 | L7: =G7+I7+K7 -> 0 | M7: =IF(F7=0,0,L7/F7) -> 0
E8: =IF(D8="",0,VLOOKUP(D8,JICA報酬計算!$O$26:$P$32,2,FALSE)) -> 0 | G8: =E8*F8 -> 0 | I8: =G8*H8 -> 0 | K8: =(G8+I8)*J8 -> 0 | L8: =G8+I8+K8 -> 0 | M8: =IF(F8=0,0,L8/F8) -> 0
E9: =IF(D9="",0,VLOOKUP(D9,JICA報酬計算!$O$26:$P$32,2,FALSE)) -> 0 | G9: =E9*F9 -> 0 | I9: =G9*H9 -> 0 | K9: =(G9+I9)*J9 -> 0 | L9: =G9+I9+K9 -> 0 | M9: =IF(F9=0,0,L9/F9) -> 0
E10: =IF(D10="",0,VLOOKUP(D10,JICA報酬計算!$O$26:$P$32,2,FALSE)) -> 0 | G10: =E10*F10 -> 0 | I10: =G10*H10 -> 0 | K10: =(G10+I10)*J10 -> 0 | L10: =G10+I10+K10 -> 0 | M10: =IF(F10=0,0,L10/F10) -> 0
E11: =IF(D11="",0,VLOOKUP(D11,JICA報酬計算!$O$26:$P$32,2,FALSE)) -> 0 | G11: =E11*F11 -> 0 | I11: =G11*H11 -> 0 | K11: =(G11+I11)*J11 -> 0 | L11: =G11+I11+K11 -> 0 | M11: =IF(F11=0,0,L11/F11) -> 0
E12: =IF(D12="",0,VLOOKUP(D12,JICA報酬計算!$O$26:$P$32,2,FALSE)) -> 0 | G12: =E12*F12 -> 0 | I12: =G12*H12 -> 0 | K12: =(G12+I12)*J12 -> 0 | L12: =G12+I12+K12 -> 0 | M12: =IF(F12=0,0,L12/F12) -> 0
E13: =IF(D13="",0,VLOOKUP(D13,JICA報酬計算!$O$26:$P$32,2,FALSE)) -> 0 | G13: =E13*F13 -> 0 | I13: =G13*H13 -> 0 | K13: =(G13+I13)*J13 -> 0 | L13: =G13+I13+K13 -> 0 | M13: =IF(F13=0,0,L13/F13) -> 0
E14: =IF(D14="",0,VLOOKUP(D14,JICA報酬計算!$O$26:$P$32,2,FALSE)) -> 0 | G14: =E14*F14 -> 0 | I14: =G14*H14 -> 0 | K14: =(G14+I14)*J14 -> 0 | L14: =G14+I14+K14 -> 0 | M14: =IF(F14=0,0,L14/F14) -> 0
E15: =IF(D15="",0,VLOOKUP(D15,JICA報酬計算!$O$26:$P$32,2,FALSE)) -> 0 | G15: =E15*F15 -> 0 | I15: =G15*H15 -> 0 | K15: =(G15+I15)*J15 -> 0 | L15: =G15+I15+K15 -> 0 | M15: =IF(F15=0,0,L15/F15) -> 0
E16: =IF(D16="",0,VLOOKUP(D16,JICA報酬計算!$O$26:$P$32,2,FALSE)) -> 0 | G16: =E16*F16 -> 0 | I16: =G16*H16 -> 0 | K16: =(G16+I16)*J16 -> 0 | L16: =G16+I16+K16 -> 0 | M16: =IF(F16=0,0,L16/F16) -> 0
E17: =IF(D17="",0,VLOOKUP(D17,JICA報酬計算!$O$26:$P$32,2,FALSE)) -> 0 | G17: =E17*F17 -> 0 | I17: =G17*H17 -> 0 | K17: =(G17+I17)*J17 -> 0 | L17: =G17+I17+K17 -> 0 | M17: =IF(F17=0,0,L17/F17) -> 0
... E21: =IF(D21="",0,VLOOKUP(D21,JICA報酬計算!$O$26:$P$32,2,FALSE)) -> 0 | G21: =E21*F21 -> 0 | I21: =G21*H21 -> 0 | K21: =(G21+I21)*J21 -> 0 | L21: =G21+I21+K21 -> 0 | M21: =IF(F21=0,0,L21/F21) -> 0
E22: =IF(D22="",0,VLOOKUP(D22,JICA報酬計算!$O$26:$P$32,2,FALSE)) -> 0 | G22: =E22*F22 -> 0 | I22: =G22*H22 -> 0 | K22: =(G22+I22)*J22 -> 0 | L22: =G22+I22+K22 -> 0 | M22: =IF(F22=0,0,L22/F22) -> 0 | P22: ↓プロジェクトで使用する年度の単価を右の表からコピーしてください。
E23: =IF(D23="",0,VLOOKUP(D23,JICA報酬計算!$O$26:$P$32,2,FALSE)) -> 0 | G23: =E23*F23 -> 0 | I23: =G23*H23 -> 0 | K23: =(G23+I23)*J23 -> 0 | L23: =G23+I23+K23 -> 0 | M23: =IF(F23=0,0,L23/F23) -> 0 | O23: 格 付 | P23: このシートの採用単価 | Q23: 【参考】基準月額（円）
E24: =IF(D24="",0,VLOOKUP(D24,JICA報酬計算!$O$26:$P$32,2,FALSE)) -> 0 | G24: =E24*F24 -> 0 | I24: =G24*H24 -> 0 | K24: =(G24+I24)*J24 -> 0 | L24: =G24+I24+K24 -> 0 | M24: =IF(F24=0,0,L24/F24) -> 0 | Q24: 2011年度 | R24: 2012年度 | S24: 2013年度 | T24: 2014年度 | U24: 2015年度 | V24: 2016年度
E25: =IF(D25="",0,VLOOKUP(D25,JICA報酬計算!$O$26:$P$32,2,FALSE)) -> 0 | G25: =E25*F25 -> 0 | I25: =G25*H25 -> 0 | K25: =(G25+I25)*J25 -> 0 | L25: =G25+I25+K25 -> 0 | M25: =IF(F25=0,0,L25/F25) -> 0 | O25: 格付 | P25: 採用単価 | Q25: 2011年度 | R25: 2012年度 | S25: 2013年度 | T25: 2014年度 | U25: 2015年度 | V25: 2016年度
E26: =IF(D26="",0,VLOOKUP(D26,JICA報酬計算!$O$26:$P$32,2,FALSE)) -> 0 | G26: =E26*F26 -> 0 | I26: =G26*H26 -> 0 | K26: =(G26+I26)*J26 -> 0 | L26: =G26+I26+K26 -> 0 | M26: =IF(F26=0,0,L26/F26) -> 0 | O26: 特 | Q26: 0 | R26: 0 | S26: 0 | T26: 0 | U26: 1202000 | V26: 1274000
E27: =IF(D27="",0,VLOOKUP(D27,JICA報酬計算!$O$26:$P$32,2,FALSE)) -> 0 | G27: =E27*F27 -> 0 | I27: =G27*H27 -> 0 | K27: =(G27+I27)*J27 -> 0 | L27: =G27+I27+K27 -> 0 | M27: =IF(F27=0,0,L27/F27) -> 0 | O27: 1 | Q27: 1036000 | R27: 1018000 | S27: 1016000 | T27: 1058000 | U27: 1116000 | V27: 1168000
E28: =IF(D28="",0,VLOOKUP(D28,JICA報酬計算!$O$26:$P$32,2,FALSE)) -> 0 | G28: =E28*F28 -> 0 | I28: =G28*H28 -> 0 | K28: =(G28+I28)*J28 -> 0 | L28: =G28+I28+K28 -> 0 | M28: =IF(F28=0,0,L28/F28) -> 0 | O28: 2 | Q28: 906000 | R28: 896000 | S28: 894000 | T28: 940000 | U28: 990000 | V28: 998000
E29: =IF(D29="",0,VLOOKUP(D29,JICA報酬計算!$O$26:$P$32,2,FALSE)) -> 0 | G29: =E29*F29 -> 0 | I29: =G29*H29 -> 0 | K29: =(G29+I29)*J29 -> 0 | L29: =G29+I29+K29 -> 0 | M29: =IF(F29=0,0,L29/F29) -> 0 | O29: 3 | Q29: 778000 | R29: 770000 | S29: 778000 | T29: 820000 | U29: 856000 | V29: 870000
E30: =IF(D30="",0,VLOOKUP(D30,JICA報酬計算!$O$26:$P$32,2,FALSE)) -> 0 | G30: =E30*F30 -> 0 | I30: =G30*H30 -> 0 | K30: =(G30+I30)*J30 -> 0 | L30: =G30+I30+K30 -> 0 | M30: =IF(F30=0,0,L30/F30) -> 0 | O30: 4 | Q30: 632000 | R30: 626000 | S30: 630000 | T30: 668000 | U30: 702000 | V30: 732000
E31: =IF(D31="",0,VLOOKUP(D31,JICA報酬計算!$O$26:$P$32,2,FALSE)) -> 0 | G31: =E31*F31 -> 0 | I31: =G31*H31 -> 0 | K31: =(G31+I31)*J31 -> 0 | L31: =G31+I31+K31 -> 0 | M31: =IF(F31=0,0,L31/F31) -> 0 | O31: 5 | Q31: 524000 | R31: 514000 | S31: 524000 | T31: 542000 | U31: 568000 | V31: 598000
E32: =IF(D32="",0,VLOOKUP(D32,JICA報酬計算!$O$26:$P$32,2,FALSE)) -> 0 | G32: =E32*F32 -> 0 | I32: =G32*H32 -> 0 | K32: =(G32+I32)*J32 -> 0 | L32: =G32+I32+K32 -> 0 | M32: =IF(F32=0,0,L32/F32) -> 0 | O32: 6 | Q32: 454000 | R32: 444000 | S32: 436000 | T32: 452000 | U32: 476000 | V32: 502000
E33: =IF(D33="",0,VLOOKUP(D33,JICA報酬計算!$O$26:$P$32,2,FALSE)) -> 0 | G33: =E33*F33 -> 0 | I33: =G33*H33 -> 0 | K33: =(G33+I33)*J33 -> 0 | L33: =G33+I33+K33 -> 0 | M33: =IF(F33=0,0,L33/F33) -> 0
E34: =IF(D34="",0,VLOOKUP(D34,JICA報酬計算!$O$26:$P$32,2,FALSE)) -> 0 | G34: =E34*F34 -> 0 | I34: =G34*H34 -> 0 | K34: =(G34+I34)*J34 -> 0 | L34: =G34+I34+K34 -> 0 | M34: =IF(F34=0,0,L34/F34) -> 0
E35: =IF(D35="",0,VLOOKUP(D35,JICA報酬計算!$O$26:$P$32,2,FALSE)) -> 0 | G35: =E35*F35 -> 0 | I35: =G35*H35 -> 0 | K35: =(G35+I35)*J35 -> 0 | L35: =G35+I35+K35 -> 0 | M35: =IF(F35=0,0,L35/F35) -> 0
E36: =IF(D36="",0,VLOOKUP(D36,JICA報酬計算!$O$26:$P$32,2,FALSE)) -> 0 | G36: =E36*F36 -> 0 | I36: =G36*H36 -> 0 | K36: =(G36+I36)*J36 -> 0 | L36: =G36+I36+K36 -> 0 | M36: =IF(F36=0,0,L36/F36) -> 0
E37: =IF(D37="",0,VLOOKUP(D37,JICA報酬計算!$O$26:$P$32,2,FALSE)) -> 0 | G37: =E37*F37 -> 0 | I37: =G37*H37 -> 0 | K37: =(G37+I37)*J37 -> 0 | L37: =G37+I37+K37 -> 0 | M37: =IF(F37=0,0,L37/F37) -> 0
E38: =IF(D38="",0,VLOOKUP(D38,JICA報酬計算!$O$26:$P$32,2,FALSE)) -> 0 | G38: =E38*F38 -> 0 | I38: =G38*H38 -> 0 | K38: =(G38+I38)*J38 -> 0 | L38: =G38+I38+K38 -> 0 | M38: =IF(F38=0,0,L38/F38) -> 0
E39: =IF(D39="",0,VLOOKUP(D39,JICA報酬計算!$O$26:$P$32,2,FALSE)) -> 0 | G39: =E39*F39 -> 0 | I39: =G39*H39 -> 0 | K39: =(G39+I39)*J39 -> 0 | L39: =G39+I39+K39 -> 0 | M39: =IF(F39=0,0,L39/F39) -> 0
E40: =IF(D40="",0,VLOOKUP(D40,JICA報酬計算!$O$26:$P$32,2,FALSE)) -> 0 | G40: =E40*F40 -> 0 | I40: =G40*H40 -> 0 | K40: =(G40+I40)*J40 -> 0 | L40: =G40+I40+K40 -> 0 | M40: =IF(F40=0,0,L40/F40) -> 0
E41: =IF(D41="",0,VLOOKUP(D41,JICA報酬計算!$O$26:$P$32,2,FALSE)) -> 0 | G41: =E41*F41 -> 0 | I41: =G41*H41 -> 0 | K41: =(G41+I41)*J41 -> 0 | L41: =G41+I41+K41 -> 0 | M41: =IF(F41=0,0,L41/F41) -> 0
E42: =IF(D42="",0,VLOOKUP(D42,JICA報酬計算!$O$26:$P$32,2,FALSE)) -> 0 | G42: =E42*F42 -> 0 | I42: =G42*H42 -> 0 | K42: =(G42+I42)*J42 -> 0 | L42: =G42+I42+K42 -> 0 | M42: =IF(F42=0,0,L42/F42) -> 0
E43: =IF(D43="",0,VLOOKUP(D43,JICA報酬計算!$O$26:$P$32,2,FALSE)) -> 0 | G43: =E43*F43 -> 0 | I43: =G43*H43 -> 0 | K43: =(G43+I43)*J43 -> 0 | L43: =G43+I43+K43 -> 0 | M43: =IF(F43=0,0,L43/F43) -> 0
E44: =IF(D44="",0,VLOOKUP(D44,JICA報酬計算!$O$26:$P$32,2,FALSE)) -> 0 | G44: =E44*F44 -> 0 | I44: =G44*H44 -> 0 | K44: =(G44+I44)*J44 -> 0 | L44: =G44+I44+K44 -> 0 | M44: =IF(F44=0,0,L44/F44) -> 0
... E56: =IF(D56="",0,VLOOKUP(D56,JICA報酬計算!$O$26:$P$32,2,FALSE)) -> 0 | G56: =E56*F56 -> 0 | I56: =G56*H56 -> 0 | K56: =(G56+I56)*J56 -> 0 | L56: =G56+I56+K56 -> 0 | M56: =IF(F56=0,0,L56/F56) -> 0
B57: 計 | F57: =SUM(F6:F56) -> 0 | G57: =SUM(G6:G56) -> 0 | I57: =SUM(I6:I56) -> 0 | K57: =SUM(K6:K56) -> 0 | L57: =SUM(L6:L56) -> 0 | M57: =SUM(M6:M56) -> 0
B58: 改め | E58: 端数切捨 | G58: =ROUNDDOWN(G57,-3) -> 0 | I58: =ROUNDDOWN(I57,-3) -> 0 | K58: =ROUNDDOWN(K57,-3) -> 0 | L58: =ROUNDDOWN(L57,-3) -> 0 | M58: =ROUNDDOWN(M57,-3) -> 0
F60: MM | G60: 直接人件費 | I60: 諸経費 | K60: 技術経費 | L60: 報酬額 | M60: B/R | O60: 間接費
E61: 社員 | F61: =SUMIFS(F$6:F$56,C$6:C$56,E61) -> 0 | G61: =SUMIFS(G$6:G$56,C$6:C$56,E61) -> 0 | I61: =SUMIFS(I$6:I$56,C$6:C$56,E61) -> 0 | K61: =SUMIFS(K$6:K$56,C$6:C$56,E61) -> 0 | L61: =SUMIFS(L$6:L$56,C$6:C$56,E61) -> 0 | M61: =IF(F61=0,0,L61/F61) -> 0 | O61: =I61+K61 -> 0
E62: 借上 | F62: =SUMIFS(F$6:F$56,C$6:C$56,E62) -> 0 | G62: =SUMIFS(G$6:G$56,C$6:C$56,E62) -> 0 | I62: =SUMIFS(I$6:I$56,C$6:C$56,E62) -> 0 | K62: =SUMIFS(K$6:K$56,C$6:C$56,E62) -> 0 | L62: =SUMIFS(L$6:L$56,C$6:C$56,E62) -> 0 | M62: =IF(F62=0,0,L62/F62) -> 0 | O62: =I62+K62 -> 0
E63: JV先 | F63: =SUMIFS(F$6:F$56,C$6:C$56,E63) -> 0 | G63: =SUMIFS(G$6:G$56,C$6:C$56,E63) -> 0 | I63: =SUMIFS(I$6:I$56,C$6:C$56,E63) -> 0 | K63: =SUMIFS(K$6:K$56,C$6:C$56,E63) -> 0 | L63: =SUMIFS(L$6:L$56,C$6:C$56,E63) -> 0 | M63: =IF(F63=0,0,L63/F63) -> 0 | O63: =I63+K63 -> 0
E64: 未記入 | F64: =F57-SUM(F61:F63) -> 0 | G64: =G57-SUM(G61:G63) -> 0 | I64: =I57-SUM(I61:I63) -> 0 | K64: =K57-SUM(K61:K63) -> 0 | L64: =L57-SUM(L61:L63) -> 0 | M64: =IF(F64=0,0,L64/F64) -> 0 | O64: =I64+K64 -> 0
E65: 合計 | F65: =SUM(F61:F64) -> 0 | G65: =SUM(G61:G64) -> 0 | I65: =SUM(I61:I64) -> 0 | K65: =SUM(K61:K64) -> 0 | L65: =SUM(L61:L64) -> 0 | M65: =IF(F65=0,0,L65/F65) -> 0 | O65: =SUM(O61:O64) -> 0

Sheet ③人件費
B2: 社員人件費内訳表（円貨用） | O2: 分担部 | P2: =分担部 -> 道路橋梁部 | R2: 作業科目： | T2: =WBS -> JA15R1003
O3: 件名： | P3: =プロジェクト件名 -> ベトナム国ハノイ市環状３号線整備事業(マイジック-南タンロン区間)
B4: ※行を追加したい場合には、ロックを解除してから、行を追加してください。
O5: 通貨1： | P5: =通貨1 -> JPY | Q5: 通貨1レート: | R5: =通貨1レート -> 1 | S5: 通貨2表示単位: | U5: =通貨1単位 -> 1
B6: 番号 | C6: 社員番号 | D6: 氏名 | E6: 所属 | F6: 資格 | G6: 受注B/R | N6: 受注通貨売上額 | O6: 社内賃率 | P6: MM、人件費額 | T6: MM計 | U6: 人件費計
G7: 通貨選択 | H7: 受注通貨 | I7: レート | J7: 表示 単位 | K7: 受注単価 | L7: 円換算値 | M7: 通貨1 換算値 | P7: 契約 | Q7: 金額 | R7: 非契約 | S7: 金額
B8: 番号 | C8: 社員番号 | D8: 氏名 | E8: 所属 | F8: 資格 | G8: 通貨選択 | H8: 受注通貨 | I8: 列8 | J8: 列9 | K8: 受注BR | L8: 列11 | M8: BR通貨1換算値 | N8: 列13 | O8: 社内賃率 | P8: 契約MM | Q8: 契約分人件費 | R8: 非契約MM | S8: 非契約分人件費 | T8: MM計 | U8: 人件費計
B9: 01 | C9: a5414 | D9: =IF(C9="","",VLOOKUP(C9,参考_従業員!$B:$G,2,FALSE)) -> 前田 哲哉 | E9: =IF(C9="","",VLOOKUP(C9,参考_従業員!$B:$G,5,FALSE)) -> JN0100 | F9: =IF(C9="","",VLOOKUP(C9,参考_従業員!$B:$G,6,FALSE)) -> 副参事２級 | G9: 通貨1 | H9: =IFERROR(INDIRECT(G9),"") -> JPY | I9: =IFERROR(INDIRECT(G9&"レート"),"") -> 1 | J9: =IFERROR(INDIRECT(G9&"単位"),"") -> 1 | K9: 1750000 | L9: =IFERROR(K9*I9*J9,"") -> 1750000 | M9: =IFERROR(L9/$R$5/$U$5,"") -> 1750000 | N9: =IFERROR(K9*P9,"") -> 1277500 | O9: =IF(C9="",0,VLOOKUP(C9,T_賃率!$B:$D,2,FALSE)) -> 804000 | P9: 0.73 | Q9: =$O9*P9 -> 586920 | R9: 0.3 | S9: =$O9*R9 -> 241200 | T9: =P9+R9 -> 1.03 | U9: =$O9*T9 -> 828120
B10: 02 | C10: a7344 | D10: =IF(C10="","",VLOOKUP(C10,参考_従業員!$B:$G,2,FALSE)) -> 徳丸 祥一朗 | E10: =IF(C10="","",VLOOKUP(C10,参考_従業員!$B:$G,5,FALSE)) -> JN0100 | F10: =IF(C10="","",VLOOKUP(C10,参考_従業員!$B:$G,6,FALSE)) -> 技師３級 | G10: 通貨1 | H10: =IFERROR(INDIRECT(G10),"") -> JPY | I10: =IFERROR(INDIRECT(G10&"レート"),"") -> 1 | J10: =IFERROR(INDIRECT(G10&"単位"),"") -> 1 | K10: 1750000 | L10: =IFERROR(K10*I10*J10,"") -> 1750000 | M10: =IFERROR(L10/$R$5/$U$5,"") -> 1750000 | N10: =IFERROR(K10*P10,"") -> 2625000 | O10: =IF(C10="",0,VLOOKUP(C10,T_賃率!$B:$D,2,FALSE)) -> 495000 | P10: 1.5 | Q10: =$O10*P10 -> 742500 | R10: 0.7 | S10: =$O10*R10 -> 346500 | T10: =P10+R10 -> 2.2 | U10: =O10*T10 -> 1089000
B11: 03 | D11: =IF(C11="","",VLOOKUP(C11,参考_従業員!$B:$G,2,FALSE)) | E11: =IF(C11="","",VLOOKUP(C11,参考_従業員!$B:$G,5,FALSE)) | F11: =IF(C11="","",VLOOKUP(C11,参考_従業員!$B:$G,6,FALSE)) | H11: =IFERROR(INDIRECT(G11),"") | I11: =IFERROR(INDIRECT(G11&"レート"),"") | J11: =IFERROR(INDIRECT(G11&"単位"),"") | L11: =IFERROR(K11*I11*J11,"")
B12: 04 | D12: =IF(C12="","",VLOOKUP(C12,参考_従業員!$B:$G,2,FALSE)) | E12: =IF(C12="","",VLOOKUP(C12,参考_従業員!$B:$G,5,FALSE)) | F12: =IF(C12="","",VLOOKUP(C12,参考_従業員!$B:$G,6,FALSE)) | H12: =IFERROR(INDIRECT(G12),"") | I12: =IFERROR(INDIRECT(G12&"レート"),"") | J12: =IFERROR(INDIRECT(G12&"単位"),"") | L12: =IFERROR(K12*I12*J12,"")
B13: 05 | D13: =IF(C13="","",VLOOKUP(C13,参考_従業員!$B:$G,2,FALSE)) | E13: =IF(C13="","",VLOOKUP(C13,参考_従業員!$B:$G,5,FALSE)) | F13: =IF(C13="","",VLOOKUP(C13,参考_従業員!$B:$G,6,FALSE)) | H13: =IFERROR(INDIRECT(G13),"") | I13: =IFERROR(INDIRECT(G13&"レート"),"") | J13: =IFERROR(INDIRECT(G13&"単位"),"") | L13: =IFERROR(K13*I13*J13,"")
B14: 06 | D14: =IF(C14="","",VLOOKUP(C14,参考_従業員!$B:$G,2,FALSE)) | E14: =IF(C14="","",VLOOKUP(C14,参考_従業員!$B:$G,5,FALSE)) | F14: =IF(C14="","",VLOOKUP(C14,参考_従業員!$B:$G,6,FALSE)) | H14: =IFERROR(INDIRECT(G14),"") | I14: =IFERROR(INDIRECT(G14&"レート"),"") | J14: =IFERROR(INDIRECT(G14&"単位"),"") | L14: =IFERROR(K14*I14*J14,"")
B15: 07 | D15: =IF(C15="","",VLOOKUP(C15,参考_従業員!$B:$G,2,FALSE)) | E15: =IF(C15="","",VLOOKUP(C15,参考_従業員!$B:$G,5,FALSE)) | F15: =IF(C15="","",VLOOKUP(C15,参考_従業員!$B:$G,6,FALSE)) | H15: =IFERROR(INDIRECT(G15),"") | I15: =IFERROR(INDIRECT(G15&"レート"),"") | J15: =IFERROR(INDIRECT(G15&"単位"),"") | L15: =IFERROR(K15*I15*J15,"")
B16: 08 | D16: =IF(C16="","",VLOOKUP(C16,参考_従業員!$B:$G,2,FALSE)) | E16: =IF(C16="","",VLOOKUP(C16,参考_従業員!$B:$G,5,FALSE)) | F16: =IF(C16="","",VLOOKUP(C16,参考_従業員!$B:$G,6,FALSE)) | H16: =IFERROR(INDIRECT(G16),"") | I16: =IFERROR(INDIRECT(G16&"レート"),"") | J16: =IFERROR(INDIRECT(G16&"単位"),"") | L16: =IFERROR(K16*I16*J16,"")
B17: 09 | D17: =IF(C17="","",VLOOKUP(C17,参考_従業員!$B:$G,2,FALSE)) | E17: =IF(C17="","",VLOOKUP(C17,参考_従業員!$B:$G,5,FALSE)) | F17: =IF(C17="","",VLOOKUP(C17,参考_従業員!$B:$G,6,FALSE)) | H17: =IFERROR(INDIRECT(G17),"") | I17: =IFERROR(INDIRECT(G17&"レート"),"") | J17: =IFERROR(INDIRECT(G17&"単位"),"") | L17: =IFERROR(K17*I17*J17,"")
B18: 10 | D18: =IF(C18="","",VLOOKUP(C18,参考_従業員!$B:$G,2,FALSE)) | E18: =IF(C18="","",VLOOKUP(C18,参考_従業員!$B:$G,5,FALSE)) | F18: =IF(C18="","",VLOOKUP(C18,参考_従業員!$B:$G,6,FALSE)) | H18: =IFERROR(INDIRECT(G18),"") | I18: =IFERROR(INDIRECT(G18&"レート"),"") | J18: =IFERROR(INDIRECT(G18&"単位"),"") | L18: =IFERROR(K18*I18*J18,"")
B19: 11 | D19: =IF(C19="","",VLOOKUP(C19,参考_従業員!$B:$G,2,FALSE)) | E19: =IF(C19="","",VLOOKUP(C19,参考_従業員!$B:$G,5,FALSE)) | F19: =IF(C19="","",VLOOKUP(C19,参考_従業員!$B:$G,6,FALSE)) | H19: =IFERROR(INDIRECT(G19),"") | I19: =IFERROR(INDIRECT(G19&"レート"),"") | J19: =IFERROR(INDIRECT(G19&"単位"),"") | L19: =IFERROR(K19*I19*J19,"")
B20: 12 | D20: =IF(C20="","",VLOOKUP(C20,参考_従業員!$B:$G,2,FALSE)) | E20: =IF(C20="","",VLOOKUP(C20,参考_従業員!$B:$G,5,FALSE)) | F20: =IF(C20="","",VLOOKUP(C20,参考_従業員!$B:$G,6,FALSE)) | H20: =IFERROR(INDIRECT(G20),"") | I20: =IFERROR(INDIRECT(G20&"レート"),"") | J20: =IFERROR(INDIRECT(G20&"単位"),"") | L20: =IFERROR(K20*I20*J20,"")
B21: 13 | D21: =IF(C21="","",VLOOKUP(C21,参考_従業員!$B:$G,2,FALSE)) | E21: =IF(C21="","",VLOOKUP(C21,参考_従業員!$B:$G,5,FALSE)) | F21: =IF(C21="","",VLOOKUP(C21,参考_従業員!$B:$G,6,FALSE)) | H21: =IFERROR(INDIRECT(G21),"") | I21: =IFERROR(INDIRECT(G21&"レート"),"") | J21: =IFERROR(INDIRECT(G21&"単位"),"") | L21: =IFERROR(K21*I21*J21,"")
B22: 14 | D22: =IF(C22="","",VLOOKUP(C22,参考_従業員!$B:$G,2,FALSE)) | E22: =IF(C22="","",VLOOKUP(C22,参考_従業員!$B:$G,5,FALSE)) | F22: =IF(C22="","",VLOOKUP(C22,参考_従業員!$B:$G,6,FALSE)) | H22: =IFERROR(INDIRECT(G22),"") | I22: =IFERROR(INDIRECT(G22&"レート"),"") | J22: =IFERROR(INDIRECT(G22&"単位"),"") | L22: =IFERROR(K22*I22*J22,"")
... B58: 50 | D58: =IF(C58="","",VLOOKUP(C58,参考_従業員!$B:$G,2,FALSE)) | E58: =IF(C58="","",VLOOKUP(C58,参考_従業員!$B:$G,5,FALSE)) | F58: =IF(C58="","",VLOOKUP(C58,参考_従業員!$B:$G,6,FALSE)) | H58: =IFERROR(INDIRECT(G58),"") | I58: =IFERROR(INDIRECT(G58&"レート"),"") | J58: =IFERROR(INDIRECT(G58&"単位"),"") | L58: =IFERROR(K58*I58*J58,"")
C59: ※行を追加する必要がある場合には、この行の上に追加してください。
D60: 合計 | P60: =SUM(P9:P59) -> 2.23 | Q60: =SUM(Q9:Q59) -> 1329420 | R60: =SUM(R9:R59) -> 1 | S60: =SUM(S9:S59) -> 587700 | T60: =SUM(T9:T59) -> 3.23 | U60: =SUM(U9:U59) -> 1917120
C62: 受注通貨 | D62: 契約MM | E62: 非契約MM | F62: 売上額 | H62: 円貨集計額
C63: 通貨1 | D63: =SUMIF($G$9:$G$59,$C63,$P$9:$P$59) -> 2.23 | E63: 0 | F63: =SUMIF($G$9:$G$59,$C63,$N$9:$N$59) -> 3902500 | H63: 項目 | K63: 金額 | M63: 社員報酬 利益率 | N63: 項目 | P63: MM | Q63: 人件費額 | R63: 持出 MM率 | S63: 項目 | U63: 金額
C64: 通貨2 | D64: =SUMIF($G$9:$G$59,$C64,$P$9:$P$59) -> 0 | E64: 0 | F64: =SUMIF($G$9:$G$59,$C64,$N$9:$N$59) -> 0 | H64: 報酬売上 | K64: =SUMPRODUCT($M$9:$M$59,$P$9:$P$59) -> 3902500 | N64: 契 約 | P64: =$P$60 -> 2.23 | Q64: =$Q$60 -> 1329420 | S64: 平均賃率 | T64: 契 約 | U64: =IFERROR($Q$60/$P$60,"") -> 596152.47
C65: 通貨3 | D65: =SUMIF($G$9:$G$59,$C65,$P$9:$P$59) -> 0 | E65: 0 | F65: =SUMIF($G$9:$G$58,$C65,$N$9:$N$58) -> 0 | H65: 人件費 | K65: =人件費計_通貨1 -> 1917120 | N65: 非契約 | P65: =$R$60 -> 1 | Q65: =$S$60 -> 587700 | R65: =IFERROR(P65/P64,"") -> 0.44843049 | T65: 非契約 | U65: =IFERROR($S$60/$R$60,"") -> 587700
C66: 通貨4 | D66: =SUMIF($G$9:$G$59,$C66,$P$9:$P$59) -> 0 | E66: 0 | F66: =SUMIF($G$9:$G$58,$C66,$N$9:$N$58) -> 0 | H66: 報酬利益 | K66: =K64-K65 -> 1985380 | M66: =IFERROR(K66/K64,"") -> 0.50874568 | N66: 合 計 | P66: =P64+P65 -> 3.23 | Q66: =Q64+Q65 -> 1917120 | T66: 全 体 | U66: =IFERROR(人件費計_通貨1/$T$60,0) -> 593535.6
K68: ③JICA用報酬計算シートで入力した売上高は次のとおりです。
K69: =JICA社員報酬額 -> 0
B70: 社員人件費内訳表（外貨用） | O70: 分担部 | P70: =分担部 -> 道路橋梁部 | R70: 作業科目： | T70: =WBS -> JA15R1003
O71: 件名： | P71: =プロジェクト件名 -> ベトナム国ハノイ市環状３号線整備事業(マイジック-南タンロン区間)
O73: 通貨2： | P73: =IF(通貨2="","",通貨2) | Q73: 通貨2レート: | R73: =通貨2レート -> 0 | S73: 通貨2表示単位: | U73: =通貨2単位 -> 0
B74: 番号 | C74: 社員番号 | D74: 氏名 | E74: 所属 | F74: 資格 | G74: 受注B/R | N74: 受注通貨売上額 | O74: 社内賃率 （外貨換算） | P74: MM、人件費額（外貨換算） | T74: MM計 | U74: 人件費計 （外貨換算）
G75: 通貨選択 | H75: 受注通貨 | I75: レート | J75: 表示 単位 | K75: 受注単価 | L75: 円換算値 | M75: 通貨2 換算値 | P75: 契約 | Q75: 金額 | R75: 非契約 | S75: 金額
B76: 番号 | C76: 社員番号 | D76: 氏名 | E76: 所属 | F76: 資格 | G76: 通貨選択 | H76: 受注通貨 | I76: 列8 | J76: 列9 | K76: 受注BR | L76: 列11 | M76: BR通貨1換算値 | N76: 列13 | O76: 社内賃率 | P76: 契約MM | Q76: 契約分人件費 | R76: 非契約MM | S76: 非契約分人件費 | T76: MM計 | U76: 人件費計
B77: 01
B78: 02
B79: 03
B80: 04
B81: 05
B82: 06
B83: 07
B84: 08
B85: 09
B86: 10
B87: 11
B88: 12
... B94: 18
B95: 19 | AG95: =AG95:AL101 -> 0
B96: 20
B97: 21
B98: 22
B99: 23
B100: 24
B101: 25
B102: 26
B103: 27
B104: 28
B105: 29
B106: 30
B107: 31
... B116: 40
C117: ※行を追加する必要がある場合には、この行の上に追加してください。
D118: 合計 | P118: =SUM(P77:P117) -> 0 | Q118: =SUM(Q77:Q117) -> 0 | R118: =SUM(R77:R117) -> 0 | S118: =SUM(S77:S117) -> 0 | T118: =SUM(T77:T117) -> 0 | U118: =SUM(U77:U117) -> 0
C120: 受注通貨 | D120: 契約MM | E120: 非契約MM | F120: 売上額 | H120: 外貨集計額
C121: 通貨1 | D121: =SUMIF($G$77:$G$117,$C121,$P$77:$P$117) -> 0 | E121: 0 | F121: =SUMIF($G$77:$G$117,$C121,$N$77:$N$117) -> 0 | H121: 項目 | K121: 金額 | M121: 社員報酬 利益率 | N121: 項目 | P121: MM | Q121: 人件費額 | R121: 持出 MM率 | S121: 項目 | U121: 金額
C122: 通貨2 | D122: =SUMIF($G$77:$G$117,$C122,$P$77:$P$117) -> 0 | E122: 0 | F122: =SUMIF($G$77:$G$117,$C122,$N$77:$N$117) -> 0 | H122: 報酬売上 | K122: =SUMPRODUCT($M$77:$M$117,$P$77:$P$117) -> 0 | N122: 契 約 | P122: =$P$118 -> 0 | Q122: =$Q$118 -> 0 | S122: 平均賃率 | T122: 契 約 | U122: =IFERROR($Q$118/$P$118,"")
C123: 通貨3 | D123: =SUMIF($G$77:$G$117,$C123,$P$77:$P$117) -> 0 | E123: 0 | F123: =SUMIF($G$77:$G$117,$C123,$N$77:$N$117) -> 0 | H123: 人件費 | K123: =人件費計_通貨2 -> 0 | N123: 非契約 | P123: =$R$118 -> 0 | Q123: =$S$118 -> 0 | R123: =IFERROR(P123/P122,"") | T123: 非契約 | U123: =IFERROR($S$118/$R$118,"")
C124: 通貨4 | D124: =SUMIF($G$77:$G$117,$C124,$P$77:$P$117) -> 0 | E124: 0 | F124: =SUMIF($G$77:$G$117,$C124,$N$77:$N$117) -> 0 | H124: 報酬利益 | K124: =K122-K123 -> 0 | M124: =IFERROR(K124/K122,"") | N124: 合 計 | P124: =P122+P123 -> 0 | Q124: =Q122+Q123 -> 0 | T124: 全 体 | U124: =IFERROR(人件費計_通貨2/$T$118,0) -> 0
H126: 外貨集計額（円換算額）
H127: 項目 | K127: 金額 | M127: 社員報酬 利益率 | N127: 項目 | P127: MM | Q127: 人件費額 | R127: 持出 MM率 | S127: 項目 | U127: 金額
H128: 報酬売上 | K128: =IFERROR($K122*$R$73*$U$73,"") -> 0 | N128: 契 約 | P128: =$P$122 -> 0 | Q128: =IFERROR($Q122*$R$73*$U$73,"") -> 0 | S128: 平均賃率 | T128: 契 約 | U128: =IFERROR($U122*$R$73*$U$73,"")
H129: 人件費 | K129: =IFERROR($K123*$R$73*$U$73,"") -> 0 | N129: 非契約 | P129: =$P$123 -> 0 | Q129: =IFERROR($Q123*$R$73*$U$73,"") -> 0 | R129: =IFERROR(P129/P128,"") | T129: 非契約 | U129: =IFERROR($U123*$R$73*$U$73,"")
H130: 報酬利益 | K130: =K128-K129 -> 0 | M130: =IFERROR(K130/K128,"") | N130: 合 計 | P130: =P128+P129 -> 0 | Q130: =Q128+Q129 -> 0 | T130: 全 体 | U130: =IFERROR($U124*$R$73*$U$73,"") -> 0
C132: 受注通貨 | D132: 契約MM | E132: 非契約MM | F132: 売上額 | H132: 円貨＋外貨（円換算額）
C133: 通貨1 | D133: =$D63+$D121 -> 2.23 | E133: =$E63+$E121 -> 0 | F133: =$F63+$F121 -> 3902500 | H133: 項目 | K133: 金額 | M133: 社員報酬 利益率 | N133: 項目 | P133: MM | Q133: 人件費額 | R133: 持出 MM率 | S133: 項目 | U133: 金額
C134: 通貨2 | D134: =$D64+$D122 -> 0 | E134: =$E64+$E122 -> 0 | F134: =$F64+$F122 -> 0 | H134: 報酬売上 | K134: =$K$64+$K$128 -> 3902500 | N134: 契 約 | P134: =$P$64+$P$128 -> 2.23 | Q134: =$Q$64+$Q$128 -> 1329420 | S134: 平均賃率 | T134: 契 約 | U134: =IFERROR($Q134/$P134,"") -> 596152.47
C135: 通貨3 | D135: =$D65+$D123 -> 0 | E135: =$E65+$E123 -> 0 | F135: =$F65+$F123 -> 0 | H135: 人件費 | K135: =$K$65+$K$129 -> 1917120 | N135: 非契約 | P135: =$P$65+$P$129 -> 1 | Q135: =$Q$65+$Q$129 -> 587700 | R135: =IF(P134=0,0,P135/P134) -> 0.44843049 | T135: 非契約 | U135: =IFERROR($Q135/$P135,"") -> 587700
C136: 通貨4 | D136: =$D66+$D124 -> 0 | E136: =$E66+$E124 -> 0 | F136: =$F66+$F124 -> 0 | H136: 報酬利益 | K136: =K134-K135 -> 1985380 | M136: =IFERROR(K136/K134,"") -> 0.50874568 | N136: 合 計 | P136: =P134+P135 -> 3.23 | Q136: =Q134+Q135 -> 1917120 | T136: 全 体 | U136: =IFERROR($Q136/$P136,"") -> 593535.6
G138: 通貨1
G139: 通貨2
G140: 通貨3
G141: 通貨4

Sheet ④借上費
B2: 借上費内訳表 | P2: 分担部 | R2: =分担部 -> 道路橋梁部 | T2: 作業科目： | V2: =WBS -> JA15R1003
P3: 件名： | R3: =プロジェクト件名 -> ベトナム国ハノイ市環状３号線整備事業(マイジック-南タンロン区間)
B4: ※行を追加したい場合には、ロックを解除してから、行を追加してください。
B5: 借上費内訳（通貨1） | M5: 通貨1: | O5: =通貨1 -> JPY | Q5: 通貨1レート: | S5: =通貨1レート -> 1 | T5: 通貨1表示単位: | V5: =通貨1単位 -> 1
B7: 番号 | C7: 氏名 | D7: 所属 | E7: 受注B/R | L7: 受注通貨売上額 | M7: 契約MM | Q7: 非契約MM | T7: 発注額計
E8: 通貨 選択 | F8: 受注 通貨 | G8: レート | H8: 表示 単位 | I8: 受注単価 | J8: 円換算値 | K8: 通貨1 換算値 | M8: 発注単価 | N8: MM | O8: 発注金額 | P8: 発注率 | Q8: 発注単価 | R8: MM | S8: 発注金額 | T8: MM | U8: 発注金額計 | V8: 実質 発注単価 | W8: 実質 発注率
B9: 番号 | C9: 氏名 | D9: 所属 | E9: 通貨選択 | F9: 受注通貨 | G9: 列6 | H9: 列7 | I9: 受注BR | J9: 列9 | K9: BR通貨1換算値 | L9: 列11 | M9: 発注単価_契約 | N9: 発注MM_契約 | O9: 発注金額_契約 | P9: 発注率_契約 | Q9: 発注単価_非契約 | R9: 発注MM_非契約 | S9: 発注金額_非契約 | T9: 発注MM_計 | U9: 発注金額_計 | V9: 実質発注単価 | W9: 実質発注率
B10: 01 | F10: =IFERROR(INDIRECT(E10),"") | G10: =IFERROR(INDIRECT(E10&"レート"),"") | H10: =IFERROR(INDIRECT(E10&"単位"),"") | J10: =IFERROR(I10*G10*H10,"") | K10: =IFERROR(J10/$S$5/$V$5,"") | L10: =IFERROR(I10*N10,"") -> 0 | O10: =IFERROR(M10*N10,"") -> 0 | P10: =IFERROR(M10/K10,"") | S10: =IFERROR(Q10*R10,"") -> 0 | T10: =N10+R10 -> 0 | U10: =IFERROR(O10+S10,"") -> 0 | V10: =IFERROR(U10/N10,"") | W10: =IFERROR(V10/K10,"")
B11: 02 | F11: =IFERROR(INDIRECT(E11),"") | G11: =IFERROR(INDIRECT(E11&"レート"),"") | H11: =IFERROR(INDIRECT(E11&"単位"),"") | J11: =IFERROR(I11*G11*H11,"") | K11: =IFERROR(J11/$S$5/$V$5,"") | L11: =IFERROR(I11*N11,"") -> 0 | O11: =IFERROR(M11*N11,"") -> 0 | P11: =IFERROR(M11/K11,"") | S11: =IFERROR(Q11*R11,"") -> 0 | T11: =N11+R11 -> 0 | U11: =IFERROR(O11+S11,"") -> 0 | V11: =IFERROR(U11/N11,"") | W11: =IFERROR(V11/K11,"")
B12: 03 | F12: =IFERROR(INDIRECT(E12),"") | G12: =IFERROR(INDIRECT(E12&"レート"),"") | H12: =IFERROR(INDIRECT(E12&"単位"),"") | J12: =IFERROR(I12*G12*H12,"") | K12: =IFERROR(J12/$S$5/$V$5,"") | L12: =IFERROR(I12*N12,"") -> 0 | O12: =IFERROR(M12*N12,"") -> 0 | P12: =IFERROR(M12/K12,"") | S12: =IFERROR(Q12*R12,"") -> 0 | T12: =N12+R12 -> 0 | U12: =IFERROR(O12+S12,"") -> 0 | V12: =IFERROR(U12/N12,"") | W12: =IFERROR(V12/K12,"")
B13: 04 | F13: =IFERROR(INDIRECT(E13),"") | G13: =IFERROR(INDIRECT(E13&"レート"),"") | H13: =IFERROR(INDIRECT(E13&"単位"),"") | J13: =IFERROR(I13*G13*H13,"") | K13: =IFERROR(J13/$S$5/$V$5,"") | L13: =IFERROR(I13*N13,"") -> 0 | O13: =IFERROR(M13*N13,"") -> 0 | P13: =IFERROR(M13/K13,"") | S13: =IFERROR(Q13*R13,"") -> 0 | T13: =N13+R13 -> 0 | U13: =IFERROR(O13+S13,"") -> 0 | V13: =IFERROR(U13/N13,"") | W13: =IFERROR(V13/K13,"")
B14: 05 | F14: =IFERROR(INDIRECT(E14),"") | G14: =IFERROR(INDIRECT(E14&"レート"),"") | H14: =IFERROR(INDIRECT(E14&"単位"),"") | J14: =IFERROR(I14*G14*H14,"") | K14: =IFERROR(J14/$S$5/$V$5,"") | L14: =IFERROR(I14*N14,"") -> 0 | O14: =IFERROR(M14*N14,"") -> 0 | P14: =IFERROR(M14/K14,"") | S14: =IFERROR(Q14*R14,"") -> 0 | T14: =N14+R14 -> 0 | U14: =IFERROR(O14+S14,"") -> 0 | V14: =IFERROR(U14/N14,"") | W14: =IFERROR(V14/K14,"")
B15: 06 | F15: =IFERROR(INDIRECT(E15),"") | G15: =IFERROR(INDIRECT(E15&"レート"),"") | H15: =IFERROR(INDIRECT(E15&"単位"),"") | J15: =IFERROR(I15*G15*H15,"") | K15: =IFERROR(J15/$S$5/$V$5,"") | L15: =IFERROR(I15*N15,"") -> 0 | O15: =IFERROR(M15*N15,"") -> 0 | P15: =IFERROR(M15/K15,"") | S15: =IFERROR(Q15*R15,"") -> 0 | T15: =N15+R15 -> 0 | U15: =IFERROR(O15+S15,"") -> 0 | V15: =IFERROR(U15/N15,"") | W15: =IFERROR(V15/K15,"")
B16: 07 | F16: =IFERROR(INDIRECT(E16),"") | G16: =IFERROR(INDIRECT(E16&"レート"),"") | H16: =IFERROR(INDIRECT(E16&"単位"),"") | J16: =IFERROR(I16*G16*H16,"") | K16: =IFERROR(J16/$S$5/$V$5,"") | L16: =IFERROR(I16*N16,"") -> 0 | O16: =IFERROR(M16*N16,"") -> 0 | P16: =IFERROR(M16/K16,"") | S16: =IFERROR(Q16*R16,"") -> 0 | T16: =N16+R16 -> 0 | U16: =IFERROR(O16+S16,"") -> 0 | V16: =IFERROR(U16/N16,"") | W16: =IFERROR(V16/K16,"")
B17: 08 | F17: =IFERROR(INDIRECT(E17),"") | G17: =IFERROR(INDIRECT(E17&"レート"),"") | H17: =IFERROR(INDIRECT(E17&"単位"),"") | J17: =IFERROR(I17*G17*H17,"") | K17: =IFERROR(J17/$S$5/$V$5,"") | L17: =IFERROR(I17*N17,"") -> 0 | O17: =IFERROR(M17*N17,"") -> 0 | P17: =IFERROR(M17/K17,"") | S17: =IFERROR(Q17*R17,"") -> 0 | T17: =N17+R17 -> 0 | U17: =IFERROR(O17+S17,"") -> 0 | V17: =IFERROR(U17/N17,"") | W17: =IFERROR(V17/K17,"")
B18: 09 | F18: =IFERROR(INDIRECT(E18),"") | G18: =IFERROR(INDIRECT(E18&"レート"),"") | H18: =IFERROR(INDIRECT(E18&"単位"),"") | J18: =IFERROR(I18*G18*H18,"") | K18: =IFERROR(J18/$S$5/$V$5,"") | L18: =IFERROR(I18*N18,"") -> 0 | O18: =IFERROR(M18*N18,"") -> 0 | P18: =IFERROR(M18/K18,"") | S18: =IFERROR(Q18*R18,"") -> 0 | T18: =N18+R18 -> 0 | U18: =IFERROR(O18+S18,"") -> 0 | V18: =IFERROR(U18/N18,"") | W18: =IFERROR(V18/K18,"")
B19: 10 | F19: =IFERROR(INDIRECT(E19),"") | G19: =IFERROR(INDIRECT(E19&"レート"),"") | H19: =IFERROR(INDIRECT(E19&"単位"),"") | J19: =IFERROR(I19*G19*H19,"") | K19: =IFERROR(J19/$S$5/$V$5,"") | L19: =IFERROR(I19*N19,"") -> 0 | O19: =IFERROR(M19*N19,"") -> 0 | P19: =IFERROR(M19/K19,"") | S19: =IFERROR(Q19*R19,"") -> 0 | T19: =N19+R19 -> 0 | U19: =IFERROR(O19+S19,"") -> 0 | V19: =IFERROR(U19/N19,"") | W19: =IFERROR(V19/K19,"")
B20: 11 | F20: =IFERROR(INDIRECT(E20),"") | G20: =IFERROR(INDIRECT(E20&"レート"),"") | H20: =IFERROR(INDIRECT(E20&"単位"),"") | J20: =IFERROR(I20*G20*H20,"") | K20: =IFERROR(J20/$S$5/$V$5,"") | L20: =IFERROR(I20*N20,"") -> 0 | O20: =IFERROR(M20*N20,"") -> 0 | P20: =IFERROR(M20/K20,"") | S20: =IFERROR(Q20*R20,"") -> 0 | T20: =N20+R20 -> 0 | U20: =IFERROR(O20+S20,"") -> 0 | V20: =IFERROR(U20/N20,"") | W20: =IFERROR(V20/K20,"")
B21: 12 | F21: =IFERROR(INDIRECT(E21),"") | G21: =IFERROR(INDIRECT(E21&"レート"),"") | H21: =IFERROR(INDIRECT(E21&"単位"),"") | J21: =IFERROR(I21*G21*H21,"") | K21: =IFERROR(J21/$S$5/$V$5,"") | L21: =IFERROR(I21*N21,"") -> 0 | O21: =IFERROR(M21*N21,"") -> 0 | P21: =IFERROR(M21/K21,"") | S21: =IFERROR(Q21*R21,"") -> 0 | T21: =N21+R21 -> 0 | U21: =IFERROR(O21+S21,"") -> 0 | V21: =IFERROR(U21/N21,"") | W21: =IFERROR(V21/K21,"")
... B39: 30 | F39: =IFERROR(INDIRECT(E39),"") | G39: =IFERROR(INDIRECT(E39&"レート"),"") | H39: =IFERROR(INDIRECT(E39&"単位"),"") | J39: =IFERROR(I39*G39*H39,"") | K39: =IFERROR(J39/$S$5/$V$5,"") | L39: =IFERROR(I39*N39,"") -> 0 | O39: =IFERROR(M39*N39,"") -> 0 | P39: =IFERROR(M39/K39,"") | S39: =IFERROR(Q39*R39,"") -> 0 | T39: =N39+R39 -> 0 | U39: =IFERROR(O39+S39,"") -> 0 | V39: =IFERROR(U39/N39,"") | W39: =IFERROR(V39/K39,"")
C40: ※行を追加する必要がある場合には、この行の上に追加してください。
C41: 合計 | D41: 通貨1 | N41: =SUM(N10:N40) -> 0 | O41: =SUM(O10:O40) -> 0 | R41: =SUM(R10:R40) -> 0 | S41: =SUM(S10:S40) -> 0 | T41: =SUM(T10:T40) -> 0 | U41: =SUM(U10:U40) -> 0
C42: 合計 | D42: 円換算値 | N42: =N41 -> 0 | O42: =O41*$S$5*$V$5 -> 0 | R42: =R41 -> 0 | S42: =S41*$S$5*$V$5 -> 0 | T42: =T41 -> 0 | U42: =U41*$S$5*$V$5 -> 0
B44: 通貨1 | C44: =SUMIF($E$10:$E$40,$B44,$N$10:$N$40) -> 0 | D44: 0 | E44: =SUMIF($E$10:$E$40,$B44,$L$10:$L$40) -> 0 | I44: 項目 | K44: 通貨1 | M44: 円貨 | N44: 率 | P44: 項目 | R44: 金額 | S44: 率 | U44: 項目 | W44: 金額等
B45: 通貨2 | C45: =SUMIF($E$10:$E$40,$B45,$N$10:$N$40) -> 0 | D45: 0 | E45: =SUMIF($E$10:$E$40,$B45,$L$10:$L$40) -> 0 | I45: 売上総額 | K45: =SUMPRODUCT($K$10:$K$40,$N$10:$N$40) -> 0 | M45: =K45*$S$5*$V$5 -> 0 | P45: 契約平均BR | R45: =IFERROR(SUMPRODUCT($K$10:$K$40,$N$10:$N$40)/$N$41,"") | U45: 契約平均BR | W45: =$R$45
B46: 通貨3 | C46: =SUMIF($E$10:$E$40,$B46,$N$10:$N$40) -> 0 | D46: 0 | E46: =SUMIF($E$10:$E$40,$B46,$L$10:$L$40) -> 0 | I46: 発注総額 | K46: =$U$41 -> 0 | M46: =K46*$S$5*$V$5 -> 0 | N46: =IFERROR(M46/M45,"") | P46: 契約平均発注単価 | R46: =IFERROR($O$41/$N$41,"") | S46: =IFERROR(R46/R45,"") | U46: 実質発注単価 | W46: =IFERROR($U$41/$N$41,"")
B47: 通貨4 | C47: =SUMIF($E$10:$E$40,$B47,$N$10:$N$40) -> 0 | D47: 0 | E47: =SUMIF($E$10:$E$40,$B47,$L$10:$L$40) -> 0 | I47: 売上利益 | K47: =K45-K46 -> 0 | M47: =M45-M46 -> 0 | N47: =IFERROR(M47/M45,"") | P47: 非契約平均発注単価 | R47: =IFERROR($S$41/$R$41,"") | S47: =IFERROR(R47/R45,"") | U47: 実質発注率 | W47: =IFERROR(W46/W45,"")
B49: 借上費内訳（通貨2） | M49: 通貨2： | O49: =IF(通貨2="","",通貨2) | Q49: 通貨2レート: | S49: =通貨2レート -> 0 | T49: 通貨2表示単位: | V49: =通貨2単位 -> 0
B51: 番号 | C51: 氏名 | D51: 所属 | E51: 受注B/R | L51: 受注通貨売上額 | M51: 契約MM | Q51: 非契約MM | T51: 発注額計
E52: 通貨 選択 | F52: 受注 通貨 | G52: レート | H52: 表示 単位 | I52: 受注単価 | J52: 円換算値 | K52: 通貨2 換算値 | M52: 発注単価 | N52: MM | O52: 発注金額 | P52: 発注率 | Q52: 発注単価 | R52: MM | S52: 発注金額 | T52: MM | U52: 発注金額計 | V52: 実質 発注単価 | W52: 実質 発注率
B53: 番号 | C53: 氏名 | D53: 所属 | E53: 通貨選択 | F53: 受注通貨 | G53: 列6 | H53: 列7 | I53: 受注BR | J53: 列9 | K53: BR通貨2換算値 | L53: 列11 | M53: 発注単価_契約 | N53: 発注MM_契約 | O53: 発注金額_契約 | P53: 発注率_契約 | Q53: 発注単価_非契約 | R53: 発注MM_非契約 | S53: 発注金額_非契約 | T53: 発注MM_計 | U53: 発注金額_計 | V53: 実質発注単価 | W53: 実質発注率
B54: 01 | F54: =IFERROR(INDIRECT(E54),"") | G54: =IFERROR(INDIRECT(E54&"レート"),"") | H54: =IFERROR(INDIRECT(E54&"単位"),"") | J54: =IFERROR(I54*G54*H54,"") | K54: =IFERROR(J54/$S$49/$V$49,"") | L54: =IFERROR(I54*N54,"") -> 0 | O54: =IFERROR(M54*N54,"") -> 0 | P54: =IFERROR(M54/K54,"") | S54: =IFERROR(Q54*R54,"") -> 0 | T54: =N54+R54 -> 0 | U54: =IFERROR(O54+S54,"") -> 0 | V54: =IFERROR(U54/N54,"") | W54: =IFERROR(V54/K54,"")
B55: 02 | F55: =IFERROR(INDIRECT(E55),"") | G55: =IFERROR(INDIRECT(E55&"レート"),"") | H55: =IFERROR(INDIRECT(E55&"単位"),"") | J55: =IFERROR(I55*G55*H55,"") | K55: =IFERROR(J55/$S$49/$V$49,"") | L55: =IFERROR(I55*N55,"") -> 0 | O55: =IFERROR(M55*N55,"") -> 0 | P55: =IFERROR(M55/K55,"") | S55: =IFERROR(Q55*R55,"") -> 0 | T55: =N55+R55 -> 0 | U55: =IFERROR(O55+S55,"") -> 0 | V55: =IFERROR(U55/N55,"") | W55: =IFERROR(V55/K55,"")
B56: 03 | F56: =IFERROR(INDIRECT(E56),"") | G56: =IFERROR(INDIRECT(E56&"レート"),"") | H56: =IFERROR(INDIRECT(E56&"単位"),"") | J56: =IFERROR(I56*G56*H56,"") | K56: =IFERROR(J56/$S$49/$V$49,"") | L56: =IFERROR(I56*N56,"") -> 0 | O56: =IFERROR(M56*N56,"") -> 0 | P56: =IFERROR(M56/K56,"") | S56: =IFERROR(Q56*R56,"") -> 0 | T56: =N56+R56 -> 0 | U56: =IFERROR(O56+S56,"") -> 0 | V56: =IFERROR(U56/N56,"") | W56: =IFERROR(V56/K56,"")
B57: 04 | F57: =IFERROR(INDIRECT(E57),"") | G57: =IFERROR(INDIRECT(E57&"レート"),"") | H57: =IFERROR(INDIRECT(E57&"単位"),"") | J57: =IFERROR(I57*G57*H57,"") | K57: =IFERROR(J57/$S$49/$V$49,"") | L57: =IFERROR(I57*N57,"") -> 0 | O57: =IFERROR(M57*N57,"") -> 0 | P57: =IFERROR(M57/K57,"") | S57: =IFERROR(Q57*R57,"") -> 0 | T57: =N57+R57 -> 0 | U57: =IFERROR(O57+S57,"") -> 0 | V57: =IFERROR(U57/N57,"") | W57: =IFERROR(V57/K57,"")
B58: 05 | F58: =IFERROR(INDIRECT(E58),"") | G58: =IFERROR(INDIRECT(E58&"レート"),"") | H58: =IFERROR(INDIRECT(E58&"単位"),"") | J58: =IFERROR(I58*G58*H58,"") | K58: =IFERROR(J58/$S$49/$V$49,"") | L58: =IFERROR(I58*N58,"") -> 0 | O58: =IFERROR(M58*N58,"") -> 0 | P58: =IFERROR(M58/K58,"") | S58: =IFERROR(Q58*R58,"") -> 0 | T58: =N58+R58 -> 0 | U58: =IFERROR(O58+S58,"") -> 0 | V58: =IFERROR(U58/N58,"") | W58: =IFERROR(V58/K58,"")
B59: 06 | F59: =IFERROR(INDIRECT(E59),"") | G59: =IFERROR(INDIRECT(E59&"レート"),"") | H59: =IFERROR(INDIRECT(E59&"単位"),"") | J59: =IFERROR(I59*G59*H59,"") | K59: =IFERROR(J59/$S$49/$V$49,"") | L59: =IFERROR(I59*N59,"") -> 0 | O59: =IFERROR(M59*N59,"") -> 0 | P59: =IFERROR(M59/K59,"") | S59: =IFERROR(Q59*R59,"") -> 0 | T59: =N59+R59 -> 0 | U59: =IFERROR(O59+S59,"") -> 0 | V59: =IFERROR(U59/N59,"") | W59: =IFERROR(V59/K59,"")
B60: 07 | F60: =IFERROR(INDIRECT(E60),"") | G60: =IFERROR(INDIRECT(E60&"レート"),"") | H60: =IFERROR(INDIRECT(E60&"単位"),"") | J60: =IFERROR(I60*G60*H60,"") | K60: =IFERROR(J60/$S$49/$V$49,"") | L60: =IFERROR(I60*N60,"") -> 0 | O60: =IFERROR(M60*N60,"") -> 0 | P60: =IFERROR(M60/K60,"") | S60: =IFERROR(Q60*R60,"") -> 0 | T60: =N60+R60 -> 0 | U60: =IFERROR(O60+S60,"") -> 0 | V60: =IFERROR(U60/N60,"") | W60: =IFERROR(V60/K60,"")
B61: 08 | F61: =IFERROR(INDIRECT(E61),"") | G61: =IFERROR(INDIRECT(E61&"レート"),"") | H61: =IFERROR(INDIRECT(E61&"単位"),"") | J61: =IFERROR(I61*G61*H61,"") | K61: =IFERROR(J61/$S$49/$V$49,"") | L61: =IFERROR(I61*N61,"") -> 0 | O61: =IFERROR(M61*N61,"") -> 0 | P61: =IFERROR(M61/K61,"") | S61: =IFERROR(Q61*R61,"") -> 0 | T61: =N61+R61 -> 0 | U61: =IFERROR(O61+S61,"") -> 0 | V61: =IFERROR(U61/N61,"") | W61: =IFERROR(V61/K61,"")
B62: 09 | F62: =IFERROR(INDIRECT(E62),"") | G62: =IFERROR(INDIRECT(E62&"レート"),"") | H62: =IFERROR(INDIRECT(E62&"単位"),"") | J62: =IFERROR(I62*G62*H62,"") | K62: =IFERROR(J62/$S$49/$V$49,"") | L62: =IFERROR(I62*N62,"") -> 0 | O62: =IFERROR(M62*N62,"") -> 0 | P62: =IFERROR(M62/K62,"") | S62: =IFERROR(Q62*R62,"") -> 0 | T62: =N62+R62 -> 0 | U62: =IFERROR(O62+S62,"") -> 0 | V62: =IFERROR(U62/N62,"") | W62: =IFERROR(V62/K62,"")
B63: 10 | F63: =IFERROR(INDIRECT(E63),"") | G63: =IFERROR(INDIRECT(E63&"レート"),"") | H63: =IFERROR(INDIRECT(E63&"単位"),"") | J63: =IFERROR(I63*G63*H63,"") | K63: =IFERROR(J63/$S$49/$V$49,"") | L63: =IFERROR(I63*N63,"") -> 0 | O63: =IFERROR(M63*N63,"") -> 0 | P63: =IFERROR(M63/K63,"") | S63: =IFERROR(Q63*R63,"") -> 0 | T63: =N63+R63 -> 0 | U63: =IFERROR(O63+S63,"") -> 0 | V63: =IFERROR(U63/N63,"") | W63: =IFERROR(V63/K63,"")
B64: 11 | F64: =IFERROR(INDIRECT(E64),"") | G64: =IFERROR(INDIRECT(E64&"レート"),"") | H64: =IFERROR(INDIRECT(E64&"単位"),"") | J64: =IFERROR(I64*G64*H64,"") | K64: =IFERROR(J64/$S$49/$V$49,"") | L64: =IFERROR(I64*N64,"") -> 0 | O64: =IFERROR(M64*N64,"") -> 0 | P64: =IFERROR(M64/K64,"") | S64: =IFERROR(Q64*R64,"") -> 0 | T64: =N64+R64 -> 0 | U64: =IFERROR(O64+S64,"") -> 0 | V64: =IFERROR(U64/N64,"") | W64: =IFERROR(V64/K64,"")
B65: 12 | F65: =IFERROR(INDIRECT(E65),"") | G65: =IFERROR(INDIRECT(E65&"レート"),"") | H65: =IFERROR(INDIRECT(E65&"単位"),"") | J65: =IFERROR(I65*G65*H65,"") | K65: =IFERROR(J65/$S$49/$V$49,"") | L65: =IFERROR(I65*N65,"") -> 0 | O65: =IFERROR(M65*N65,"") -> 0 | P65: =IFERROR(M65/K65,"") | S65: =IFERROR(Q65*R65,"") -> 0 | T65: =N65+R65 -> 0 | U65: =IFERROR(O65+S65,"") -> 0 | V65: =IFERROR(U65/N65,"") | W65: =IFERROR(V65/K65,"")
... B83: 30 | F83: =IFERROR(INDIRECT(E83),"") | G83: =IFERROR(INDIRECT(E83&"レート"),"") | H83: =IFERROR(INDIRECT(E83&"単位"),"") | J83: =IFERROR(I83*G83*H83,"") | K83: =IFERROR(J83/$S$49/$V$49,"") | L83: =IFERROR(I83*N83,"") -> 0 | O83: =IFERROR(M83*N83,"") -> 0 | P83: =IFERROR(M83/K83,"") | S83: =IFERROR(Q83*R83,"") -> 0 | T83: =N83+R83 -> 0 | U83: =IFERROR(O83+S83,"") -> 0 | V83: =IFERROR(U83/N83,"") | W83: =IFERROR(V83/K83,"")
C84: ※行を追加する必要がある場合には、この行の上に追加してください。
C85: 合計 | D85: 通貨2 | N85: =SUM(N54:N84) -> 0 | O85: =SUM(O54:O84) -> 0 | R85: =SUM(R54:R84) -> 0 | S85: =SUM(S54:S84) -> 0 | T85: =SUM(T54:T84) -> 0 | U85: =SUM(U54:U84) -> 0
C86: 合計 | D86: 円換算値 | N86: =N85 -> 0 | O86: =O85*$S49*$V49 -> 0 | R86: =R85 -> 0 | S86: =S85*$S49*$V49 -> 0 | T86: =T85 -> 0 | U86: =U85*$S49*$V49 -> 0
B88: 通貨1 | C88: =SUMIF($E$54:$E$84,$B88,$N$54:$N$84) -> 0 | D88: 0 | E88: =SUMIF($E$54:$E$84,$B88,$L$54:$L$84) -> 0 | I88: 項目 | K88: 通貨2 | M88: 円貨 | N88: 率 | P88: 項目 | R88: 金額 | S88: 率 | U88: 項目 | W88: 金額等
B89: 通貨2 | C89: =SUMIF($E$54:$E$84,$B89,$N$54:$N$84) -> 0 | D89: 0 | E89: =SUMIF($E$54:$E$84,$B89,$L$54:$L$84) -> 0 | I89: 売上総額 | K89: =SUMPRODUCT($K$54:$K$84,$N$54:$N$84) -> 0 | M89: =K89*$S$49*$V$49 -> 0 | P89: 契約平均BR | R89: =IFERROR(SUMPRODUCT($K$54:$K$84,$N$54:$N$84)/$N$85,"") | U89: 契約平均BR | W89: =$R$89
B90: 通貨3 | C90: =SUMIF($E$54:$E$84,$B90,$N$54:$N$84) -> 0 | D90: 0 | E90: =SUMIF($E$54:$E$84,$B90,$L$54:$L$84) -> 0 | I90: 発注総額 | K90: =$U$85 -> 0 | M90: =K90*$S$49*$V$49 -> 0 | N90: =IFERROR(M90/M89,"") | P90: 契約平均発注単価 | R90: =IFERROR($O$85/$N$85,"") | S90: =IFERROR(R90/R89,"") | U90: 実質発注単価 | W90: =IFERROR($U$85/$N$85,"")
B91: 通貨4 | C91: =SUMIF($E$54:$E$84,$B91,$N$54:$N$84) -> 0 | D91: 0 | E91: =SUMIF($E$54:$E$84,$B91,$L$54:$L$84) -> 0 | I91: 売上利益 | K91: =K89-K90 -> 0 | M91: =M89-M90 -> 0 | N91: =IFERROR(M91/M89,"") | P91: 非契約平均発注単価 | R91: =IFERROR($S$85/$R$85,"") | S91: =IFERROR(R91/R89,"") | U91: 実質発注率 | W91: =IFERROR(W90/W89,"")
B93: 借上費内訳（外貨3） | M93: 通貨3： | O93: =IF(通貨3="","",通貨3) | Q93: 通貨3レート: | S93: =通貨3レート -> 0 | T93: 通貨3表示単位: | V93: =通貨3単位 -> 0
B95: 番号 | C95: 氏名 | D95: 所属 | E95: 受注B/R | L95: 受注通貨売上額 | M95: 契約MM | Q95: 非契約MM | T95: 発注額計
E96: 通貨 選択 | F96: 受注 通貨 | G96: レート | H96: 表示 単位 | I96: 受注単価 | J96: 円換算値 | K96: 通貨3 換算値 | M96: 発注単価 | N96: MM | O96: 発注金額 | P96: 発注率 | Q96: 発注単価 | R96: MM | S96: 発注金額 | T96: MM | U96: 発注金額計 | V96: 実質 発注単価 | W96: 実質 発注率
B97: 番号 | C97: 氏名 | D97: 所属 | E97: 通貨選択 | F97: 受注通貨 | G97: 列6 | H97: 列7 | I97: 受注BR | J97: 列9 | K97: BR通貨3換算値 | L97: 列11 | M97: 発注単価_契約 | N97: 発注MM_契約 | O97: 発注金額_契約 | P97: 発注率_契約 | Q97: 発注単価_非契約 | R97: 発注MM_非契約 | S97: 発注金額_非契約 | T97: 発注MM_計 | U97: 発注金額_計 | V97: 実質発注単価 | W97: 実質発注率
B98: 01 | F98: =IFERROR(INDIRECT(E98),"") | G98: =IFERROR(INDIRECT(E98&"レート"),"") | H98: =IFERROR(INDIRECT(E98&"単位"),"") | J98: =IFERROR(I98*G98*H98,"") | K98: =IFERROR(J98/$S$93/$V$93,"") | L98: =IFERROR(I98*N98,"") -> 0 | O98: =IFERROR(M98*N98,"") -> 0 | P98: =IFERROR(M98/K98,"") | S98: =IFERROR(Q98*R98,"") -> 0 | T98: =N98+R98 -> 0 | U98: =IFERROR(O98+S98,"") -> 0 | V98: =IFERROR(U98/N98,"") | W98: =IFERROR(V98/K98,"")
B99: 02 | F99: =IFERROR(INDIRECT(E99),"") | G99: =IFERROR(INDIRECT(E99&"レート"),"") | H99: =IFERROR(INDIRECT(E99&"単位"),"") | J99: =IFERROR(I99*G99*H99,"") | K99: =IFERROR(J99/$S$93/$V$93,"") | L99: =IFERROR(I99*N99,"") -> 0 | O99: =IFERROR(M99*N99,"") -> 0 | P99: =IFERROR(M99/K99,"") | S99: =IFERROR(Q99*R99,"") -> 0 | T99: =N99+R99 -> 0 | U99: =IFERROR(O99+S99,"") -> 0 | V99: =IFERROR(U99/N99,"") | W99: =IFERROR(V99/K99,"")
B100: 03 | F100: =IFERROR(INDIRECT(E100),"") | G100: =IFERROR(INDIRECT(E100&"レート"),"") | H100: =IFERROR(INDIRECT(E100&"単位"),"") | J100: =IFERROR(I100*G100*H100,"") | K100: =IFERROR(J100/$S$93/$V$93,"") | L100: =IFERROR(I100*N100,"") -> 0 | O100: =IFERROR(M100*N100,"") -> 0 | P100: =IFERROR(M100/K100,"") | S100: =IFERROR(Q100*R100,"") -> 0 | T100: =N100+R100 -> 0 | U100: =IFERROR(O100+S100,"") -> 0 | V100: =IFERROR(U100/N100,"") | W100: =IFERROR(V100/K100,"")
B101: 04 | F101: =IFERROR(INDIRECT(E101),"") | G101: =IFERROR(INDIRECT(E101&"レート"),"") | H101: =IFERROR(INDIRECT(E101&"単位"),"") | J101: =IFERROR(I101*G101*H101,"") | K101: =IFERROR(J101/$S$93/$V$93,"") | L101: =IFERROR(I101*N101,"") -> 0 | O101: =IFERROR(M101*N101,"") -> 0 | P101: =IFERROR(M101/K101,"") | S101: =IFERROR(Q101*R101,"") -> 0 | T101: =N101+R101 -> 0 | U101: =IFERROR(O101+S101,"") -> 0 | V101: =IFERROR(U101/N101,"") | W101: =IFERROR(V101/K101,"")
B102: 05 | F102: =IFERROR(INDIRECT(E102),"") | G102: =IFERROR(INDIRECT(E102&"レート"),"") | H102: =IFERROR(INDIRECT(E102&"単位"),"") | J102: =IFERROR(I102*G102*H102,"") | K102: =IFERROR(J102/$S$93/$V$93,"") | L102: =IFERROR(I102*N102,"") -> 0 | O102: =IFERROR(M102*N102,"") -> 0 | P102: =IFERROR(M102/K102,"") | S102: =IFERROR(Q102*R102,"") -> 0 | T102: =N102+R102 -> 0 | U102: =IFERROR(O102+S102,"") -> 0 | V102: =IFERROR(U102/N102,"") | W102: =IFERROR(V102/K102,"")
B103: 06 | F103: =IFERROR(INDIRECT(E103),"") | G103: =IFERROR(INDIRECT(E103&"レート"),"") | H103: =IFERROR(INDIRECT(E103&"単位"),"") | J103: =IFERROR(I103*G103*H103,"") | K103: =IFERROR(J103/$S$93/$V$93,"") | L103: =IFERROR(I103*N103,"") -> 0 | O103: =IFERROR(M103*N103,"") -> 0 | P103: =IFERROR(M103/K103,"") | S103: =IFERROR(Q103*R103,"") -> 0 | T103: =N103+R103 -> 0 | U103: =IFERROR(O103+S103,"") -> 0 | V103: =IFERROR(U103/N103,"") | W103: =IFERROR(V103/K103,"")
B104: 07 | F104: =IFERROR(INDIRECT(E104),"") | G104: =IFERROR(INDIRECT(E104&"レート"),"") | H104: =IFERROR(INDIRECT(E104&"単位"),"") | J104: =IFERROR(I104*G104*H104,"") | K104: =IFERROR(J104/$S$93/$V$93,"") | L104: =IFERROR(I104*N104,"") -> 0 | O104: =IFERROR(M104*N104,"") -> 0 | P104: =IFERROR(M104/K104,"") | S104: =IFERROR(Q104*R104,"") -> 0 | T104: =N104+R104 -> 0 | U104: =IFERROR(O104+S104,"") -> 0 | V104: =IFERROR(U104/N104,"") | W104: =IFERROR(V104/K104,"")
B105: 08 | F105: =IFERROR(INDIRECT(E105),"") | G105: =IFERROR(INDIRECT(E105&"レート"),"") | H105: =IFERROR(INDIRECT(E105&"単位"),"") | J105: =IFERROR(I105*G105*H105,"") | K105: =IFERROR(J105/$S$93/$V$93,"") | L105: =IFERROR(I105*N105,"") -> 0 | O105: =IFERROR(M105*N105,"") -> 0 | P105: =IFERROR(M105/K105,"") | S105: =IFERROR(Q105*R105,"") -> 0 | T105: =N105+R105 -> 0 | U105: =IFERROR(O105+S105,"") -> 0 | V105: =IFERROR(U105/N105,"") | W105: =IFERROR(V105/K105,"")
B106: 09 | F106: =IFERROR(INDIRECT(E106),"") | G106: =IFERROR(INDIRECT(E106&"レート"),"") | H106: =IFERROR(INDIRECT(E106&"単位"),"") | J106: =IFERROR(I106*G106*H106,"") | K106: =IFERROR(J106/$S$93/$V$93,"") | L106: =IFERROR(I106*N106,"") -> 0 | O106: =IFERROR(M106*N106,"") -> 0 | P106: =IFERROR(M106/K106,"") | S106: =IFERROR(Q106*R106,"") -> 0 | T106: =N106+R106 -> 0 | U106: =IFERROR(O106+S106,"") -> 0 | V106: =IFERROR(U106/N106,"") | W106: =IFERROR(V106/K106,"")
B107: 10 | F107: =IFERROR(INDIRECT(E107),"") | G107: =IFERROR(INDIRECT(E107&"レート"),"") | H107: =IFERROR(INDIRECT(E107&"単位"),"") | J107: =IFERROR(I107*G107*H107,"") | K107: =IFERROR(J107/$S$93/$V$93,"") | L107: =IFERROR(I107*N107,"") -> 0 | O107: =IFERROR(M107*N107,"") -> 0 | P107: =IFERROR(M107/K107,"") | S107: =IFERROR(Q107*R107,"") -> 0 | T107: =N107+R107 -> 0 | U107: =IFERROR(O107+S107,"") -> 0 | V107: =IFERROR(U107/N107,"") | W107: =IFERROR(V107/K107,"")
B108: 11 | F108: =IFERROR(INDIRECT(E108),"") | G108: =IFERROR(INDIRECT(E108&"レート"),"") | H108: =IFERROR(INDIRECT(E108&"単位"),"") | J108: =IFERROR(I108*G108*H108,"") | K108: =IFERROR(J108/$S$93/$V$93,"") | L108: =IFERROR(I108*N108,"") -> 0 | O108: =IFERROR(M108*N108,"") -> 0 | P108: =IFERROR(M108/K108,"") | S108: =IFERROR(Q108*R108,"") -> 0 | T108: =N108+R108 -> 0 | U108: =IFERROR(O108+S108,"") -> 0 | V108: =IFERROR(U108/N108,"") | W108: =IFERROR(V108/K108,"")
B109: 12 | F109: =IFERROR(INDIRECT(E109),"") | G109: =IFERROR(INDIRECT(E109&"レート"),"") | H109: =IFERROR(INDIRECT(E109&"単位"),"") | J109: =IFERROR(I109*G109*H109,"") | K109: =IFERROR(J109/$S$93/$V$93,"") | L109: =IFERROR(I109*N109,"") -> 0 | O109: =IFERROR(M109*N109,"") -> 0 | P109: =IFERROR(M109/K109,"") | S109: =IFERROR(Q109*R109,"") -> 0 | T109: =N109+R109 -> 0 | U109: =IFERROR(O109+S109,"") -> 0 | V109: =IFERROR(U109/N109,"") | W109: =IFERROR(V109/K109,"")
... B122: 25 | F122: =IFERROR(INDIRECT(E122),"") | G122: =IFERROR(INDIRECT(E122&"レート"),"") | H122: =IFERROR(INDIRECT(E122&"単位"),"") | J122: =IFERROR(I122*G122*H122,"") | K122: =IFERROR(J122/$S$93/$V$93,"") | L122: =IFERROR(I122*N122,"") -> 0 | O122: =IFERROR(M122*N122,"") -> 0 | P122: =IFERROR(M122/K122,"") | S122: =IFERROR(Q122*R122,"") -> 0 | T122: =N122+R122 -> 0 | U122: =IFERROR(O122+S122,"") -> 0 | V122: =IFERROR(U122/N122,"") | W122: =IFERROR(V122/K122,"")
C123: ※行を追加する必要がある場合には、この行の上に追加してください。
C124: 合計 | D124: 通貨3 | N124: =SUM(N98:N123) -> 0 | O124: =SUM(O98:O123) -> 0 | R124: =SUM(R98:R123) -> 0 | S124: =SUM(S98:S123) -> 0 | T124: =SUM(T98:T123) -> 0 | U124: =SUM(U98:U123) -> 0
C125: 合計 | D125: 円換算値 | N125: =N124 -> 0 | O125: =O124*$S93*$V93 -> 0 | R125: =R124 -> 0 | S125: =S124*$S93*$V93 -> 0 | T125: =T124 -> 0 | U125: =U124*$S93*$V93 -> 0
B127: 通貨1 | C127: =SUMIF($E$98:$E$123,$B127,$N$98:$N$123) -> 0 | D127: 0 | E127: =SUMIF($E$98:$E$123,$B127,$L$98:$L$123) -> 0 | I127: 項目 | K127: 通貨3 | M127: 円貨 | N127: 率 | P127: 項目 | R127: 金額 | S127: 率 | U127: 項目 | W127: 金額等
B128: 通貨2 | C128: =SUMIF($E$98:$E$123,$B128,$N$98:$N$123) -> 0 | D128: 0 | E128: =SUMIF($E$98:$E$123,$B128,$L$98:$L$123) -> 0 | I128: 売上総額 | K128: =SUMPRODUCT($K$98:$K$123,$N$98:$N$123) -> 0 | M128: =K128*$S$93*$V$93 -> 0 | P128: 契約平均BR | R128: =IFERROR(SUMPRODUCT($K$98:$K$123,$N$98:$N$123)/$N$124,"") | U128: 契約平均BR | W128: =$R$128
B129: 通貨3 | C129: =SUMIF($E$98:$E$123,$B129,$N$98:$N$123) -> 0 | D129: 0 | E129: =SUMIF($E$98:$E$123,$B129,$L$98:$L$123) -> 0 | I129: 発注総額 | K129: =$U$124 -> 0 | M129: =K129*$S$93*$V$93 -> 0 | N129: =IFERROR(M129/M128,"") | P129: 契約平均発注単価 | R129: =IFERROR($O$124/$N$124,"") | S129: =IFERROR(R129/R128,"") | U129: 実質発注単価 | W129: =IFERROR($U$124/$N$124,"")
B130: 通貨4 | C130: =SUMIF($E$98:$E$123,$B130,$N$98:$N$123) -> 0 | D130: 0 | E130: =SUMIF($E$98:$E$123,$B130,$L$98:$L$123) -> 0 | I130: 売上利益 | K130: =K128-K129 -> 0 | M130: =M128-M129 -> 0 | N130: =IFERROR(M130/M128,"") | P130: 非契約平均発注単価 | R130: =IFERROR($S$124/$R$124,"") | S130: =IFERROR(R130/R128,"") | U130: 実質発注率 | W130: =IFERROR(W129/W128,"")
B132: 借上費内訳（外貨4） | M132: 通貨4： | O132: =IF(通貨4="","",通貨4) | Q132: 通貨4レート: | S132: =通貨4レート -> 0 | T132: 通貨4表示単位: | V132: =通貨4単位 -> 0
B134: 番号 | C134: 氏名 | D134: 所属 | E134: 受注B/R | L134: 受注通貨売上額 | M134: 契約MM | Q134: 非契約MM | T134: 発注額計
E135: 通貨 選択 | F135: 受注 通貨 | G135: レート | H135: 表示 単位 | I135: 受注単価 | J135: 円換算値 | K135: 通貨4 換算値 | M135: 発注単価 | N135: MM | O135: 発注金額 | P135: 発注率 | Q135: 発注単価 | R135: MM | S135: 発注金額 | T135: MM | U135: 発注金額計 | V135: 実質 発注単価 | W135: 実質 発注率
B136: 番号 | C136: 氏名 | D136: 所属 | E136: 通貨選択 | F136: 受注通貨 | G136: 列6 | H136: 列7 | I136: 受注BR | J136: 列9 | K136: BR通貨4換算値 | L136: 列11 | M136: 発注単価_契約 | N136: 発注MM_契約 | O136: 発注金額_契約 | P136: 発注率_契約 | Q136: 発注単価_非契約 | R136: 発注MM_非契約 | S136: 発注金額_非契約 | T136: 発注MM_計 | U136: 発注金額_計 | V136: 実質発注単価 | W136: 実質発注率
B137: 01 | F137: =IFERROR(INDIRECT(E137),"") | G137: =IFERROR(INDIRECT(E137&"レート"),"") | H137: =IFERROR(INDIRECT(E137&"単位"),"") | J137: =IFERROR(I137*G137*H137,"") | K137: =IFERROR(J137/$S$132/$V$132,"") | L137: =IFERROR(I137*N137,"") -> 0 | O137: =IFERROR(M137*N137,"") -> 0 | P137: =IFERROR(M137/K137,"") | S137: =IFERROR(Q137*R137,"") -> 0 | T137: =N137+R137 -> 0 | U137: =IFERROR(O137+S137,"") -> 0 | V137: =IFERROR(U137/N137,"") | W137: =IFERROR(V137/K137,"")
B138: 02 | F138: =IFERROR(INDIRECT(E138),"") | G138: =IFERROR(INDIRECT(E138&"レート"),"") | H138: =IFERROR(INDIRECT(E138&"単位"),"") | J138: =IFERROR(I138*G138*H138,"") | K138: =IFERROR(J138/$S$132/$V$132,"") | L138: =IFERROR(I138*N138,"") -> 0 | O138: =IFERROR(M138*N138,"") -> 0 | P138: =IFERROR(M138/K138,"") | S138: =IFERROR(Q138*R138,"") -> 0 | T138: =N138+R138 -> 0 | U138: =IFERROR(O138+S138,"") -> 0 | V138: =IFERROR(U138/N138,"") | W138: =IFERROR(V138/K138,"")
B139: 03 | F139: =IFERROR(INDIRECT(E139),"") | G139: =IFERROR(INDIRECT(E139&"レート"),"") | H139: =IFERROR(INDIRECT(E139&"単位"),"") | J139: =IFERROR(I139*G139*H139,"") | K139: =IFERROR(J139/$S$132/$V$132,"") | L139: =IFERROR(I139*N139,"") -> 0 | O139: =IFERROR(M139*N139,"") -> 0 | P139: =IFERROR(M139/K139,"") | S139: =IFERROR(Q139*R139,"") -> 0 | T139: =N139+R139 -> 0 | U139: =IFERROR(O139+S139,"") -> 0 | V139: =IFERROR(U139/N139,"") | W139: =IFERROR(V139/K139,"")
B140: 04 | F140: =IFERROR(INDIRECT(E140),"") | G140: =IFERROR(INDIRECT(E140&"レート"),"") | H140: =IFERROR(INDIRECT(E140&"単位"),"") | J140: =IFERROR(I140*G140*H140,"") | K140: =IFERROR(J140/$S$132/$V$132,"") | L140: =IFERROR(I140*N140,"") -> 0 | O140: =IFERROR(M140*N140,"") -> 0 | P140: =IFERROR(M140/K140,"") | S140: =IFERROR(Q140*R140,"") -> 0 | T140: =N140+R140 -> 0 | U140: =IFERROR(O140+S140,"") -> 0 | V140: =IFERROR(U140/N140,"") | W140: =IFERROR(V140/K140,"")
B141: 05 | F141: =IFERROR(INDIRECT(E141),"") | G141: =IFERROR(INDIRECT(E141&"レート"),"") | H141: =IFERROR(INDIRECT(E141&"単位"),"") | J141: =IFERROR(I141*G141*H141,"") | K141: =IFERROR(J141/$S$132/$V$132,"") | L141: =IFERROR(I141*N141,"") -> 0 | O141: =IFERROR(M141*N141,"") -> 0 | P141: =IFERROR(M141/K141,"") | S141: =IFERROR(Q141*R141,"") -> 0 | T141: =N141+R141 -> 0 | U141: =IFERROR(O141+S141,"") -> 0 | V141: =IFERROR(U141/N141,"") | W141: =IFERROR(V141/K141,"")
B142: 06 | F142: =IFERROR(INDIRECT(E142),"") | G142: =IFERROR(INDIRECT(E142&"レート"),"") | H142: =IFERROR(INDIRECT(E142&"単位"),"") | J142: =IFERROR(I142*G142*H142,"") | K142: =IFERROR(J142/$S$132/$V$132,"") | L142: =IFERROR(I142*N142,"") -> 0 | O142: =IFERROR(M142*N142,"") -> 0 | P142: =IFERROR(M142/K142,"") | S142: =IFERROR(Q142*R142,"") -> 0 | T142: =N142+R142 -> 0 | U142: =IFERROR(O142+S142,"") -> 0 | V142: =IFERROR(U142/N142,"") | W142: =IFERROR(V142/K142,"")
B143: 07 | F143: =IFERROR(INDIRECT(E143),"") | G143: =IFERROR(INDIRECT(E143&"レート"),"") | H143: =IFERROR(INDIRECT(E143&"単位"),"") | J143: =IFERROR(I143*G143*H143,"") | K143: =IFERROR(J143/$S$132/$V$132,"") | L143: =IFERROR(I143*N143,"") -> 0 | O143: =IFERROR(M143*N143,"") -> 0 | P143: =IFERROR(M143/K143,"") | S143: =IFERROR(Q143*R143,"") -> 0 | T143: =N143+R143 -> 0 | U143: =IFERROR(O143+S143,"") -> 0 | V143: =IFERROR(U143/N143,"") | W143: =IFERROR(V143/K143,"")
B144: 08 | F144: =IFERROR(INDIRECT(E144),"") | G144: =IFERROR(INDIRECT(E144&"レート"),"") | H144: =IFERROR(INDIRECT(E144&"単位"),"") | J144: =IFERROR(I144*G144*H144,"") | K144: =IFERROR(J144/$S$132/$V$132,"") | L144: =IFERROR(I144*N144,"") -> 0 | O144: =IFERROR(M144*N144,"") -> 0 | P144: =IFERROR(M144/K144,"") | S144: =IFERROR(Q144*R144,"") -> 0 | T144: =N144+R144 -> 0 | U144: =IFERROR(O144+S144,"") -> 0 | V144: =IFERROR(U144/N144,"") | W144: =IFERROR(V144/K144,"")
B145: 09 | F145: =IFERROR(INDIRECT(E145),"") | G145: =IFERROR(INDIRECT(E145&"レート"),"") | H145: =IFERROR(INDIRECT(E145&"単位"),"") | J145: =IFERROR(I145*G145*H145,"") | K145: =IFERROR(J145/$S$132/$V$132,"") | L145: =IFERROR(I145*N145,"") -> 0 | O145: =IFERROR(M145*N145,"") -> 0 | P145: =IFERROR(M145/K145,"") | S145: =IFERROR(Q145*R145,"") -> 0 | T145: =N145+R145 -> 0 | U145: =IFERROR(O145+S145,"") -> 0 | V145: =IFERROR(U145/N145,"") | W145: =IFERROR(V145/K145,"")
B146: 10 | F146: =IFERROR(INDIRECT(E146),"") | G146: =IFERROR(INDIRECT(E146&"レート"),"") | H146: =IFERROR(INDIRECT(E146&"単位"),"") | J146: =IFERROR(I146*G146*H146,"") | K146: =IFERROR(J146/$S$132/$V$132,"") | L146: =IFERROR(I146*N146,"") -> 0 | O146: =IFERROR(M146*N146,"") -> 0 | P146: =IFERROR(M146/K146,"") | S146: =IFERROR(Q146*R146,"") -> 0 | T146: =N146+R146 -> 0 | U146: =IFERROR(O146+S146,"") -> 0 | V146: =IFERROR(U146/N146,"") | W146: =IFERROR(V146/K146,"")
B147: 11 | F147: =IFERROR(INDIRECT(E147),"") | G147: =IFERROR(INDIRECT(E147&"レート"),"") | H147: =IFERROR(INDIRECT(E147&"単位"),"") | J147: =IFERROR(I147*G147*H147,"") | K147: =IFERROR(J147/$S$132/$V$132,"") | L147: =IFERROR(I147*N147,"") -> 0 | O147: =IFERROR(M147*N147,"") -> 0 | P147: =IFERROR(M147/K147,"") | S147: =IFERROR(Q147*R147,"") -> 0 | T147: =N147+R147 -> 0 | U147: =IFERROR(O147+S147,"") -> 0 | V147: =IFERROR(U147/N147,"") | W147: =IFERROR(V147/K147,"")
B148: 12 | F148: =IFERROR(INDIRECT(E148),"") | G148: =IFERROR(INDIRECT(E148&"レート"),"") | H148: =IFERROR(INDIRECT(E148&"単位"),"") | J148: =IFERROR(I148*G148*H148,"") | K148: =IFERROR(J148/$S$132/$V$132,"") | L148: =IFERROR(I148*N148,"") -> 0 | O148: =IFERROR(M148*N148,"") -> 0 | P148: =IFERROR(M148/K148,"") | S148: =IFERROR(Q148*R148,"") -> 0 | T148: =N148+R148 -> 0 | U148: =IFERROR(O148+S148,"") -> 0 | V148: =IFERROR(U148/N148,"") | W148: =IFERROR(V148/K148,"")
... B161: 25 | F161: =IFERROR(INDIRECT(E161),"") | G161: =IFERROR(INDIRECT(E161&"レート"),"") | H161: =IFERROR(INDIRECT(E161&"単位"),"") | J161: =IFERROR(I161*G161*H161,"") | K161: =IFERROR(J161/$S$132/$V$132,"") | L161: =IFERROR(I161*N161,"") -> 0 | O161: =IFERROR(M161*N161,"") -> 0 | P161: =IFERROR(M161/K161,"") | S161: =IFERROR(Q161*R161,"") -> 0 | T161: =N161+R161 -> 0 | U161: =IFERROR(O161+S161,"") -> 0 | V161: =IFERROR(U161/N161,"") | W161: =IFERROR(V161/K161,"")
C162: ※行を追加する必要がある場合には、この行の上に追加してください。
C163: 合計 | D163: 通貨4 | N163: =SUM(N137:N162) -> 0 | O163: =SUM(O137:O162) -> 0 | R163: =SUM(R137:R162) -> 0 | S163: =SUM(S137:S162) -> 0 | T163: =SUM(T137:T162) -> 0 | U163: =SUM(U137:U162) -> 0
C164: 合計 | D164: 円換算値 | N164: =N163 -> 0 | O164: =O163*$S132*$V132 -> 0 | R164: =R163 -> 0 | S164: =S163*$S132*$V132 -> 0 | T164: =T163 -> 0 | U164: =U163*$S132*$V132 -> 0
B166: 通貨1 | C166: =SUMIF($E$137:$E$162,$B166,$N$137:$N$162) -> 0 | D166: 0 | E166: =SUMIF($E$137:$E$162,$B166,$L$137:$L$162) -> 0 | I166: 項目 | K166: 通貨4 | M166: 円貨 | N166: 率 | P166: 項目 | R166: 金額 | S166: 率 | U166: 項目 | W166: 金額等
B167: 通貨2 | C167: =SUMIF($E$137:$E$162,$B167,$N$137:$N$162) -> 0 | D167: 0 | E167: =SUMIF($E$137:$E$162,$B167,$L$137:$L$162) -> 0 | I167: 売上総額 | K167: =SUMPRODUCT($K$137:$K$162,$N$137:$N$162) -> 0 | M167: =K167*$S$132*$V$132 -> 0 | P167: 契約平均BR | R167: =IFERROR(SUMPRODUCT($K$137:$K$162,$N$137:$N$162)/$N$163,"") | U167: 契約平均BR | W167: =$R$167
B168: 通貨3 | C168: =SUMIF($E$137:$E$162,$B168,$N$137:$N$162) -> 0 | D168: 0 | E168: =SUMIF($E$137:$E$162,$B168,$L$137:$L$162) -> 0 | I168: 発注総額 | K168: =$U$163 -> 0 | M168: =K168*$S$132*$V$132 -> 0 | N168: =IFERROR(M168/M167,"") | P168: 契約平均発注単価 | R168: =IFERROR($O$163/$N$163,"") | S168: =IFERROR(R168/R167,"") | U168: 実質発注単価 | W168: =IFERROR($U$163/$N$163,"")
B169: 通貨4 | C169: =SUMIF($E$137:$E$162,$B169,$N$137:$N$162) -> 0 | D169: 0 | E169: =SUMIF($E$137:$E$162,$B169,$L$137:$L$162) -> 0 | I169: 売上利益 | K169: =K167-K168 -> 0 | M169: =M167-M168 -> 0 | N169: =IFERROR(M169/M167,"") | P169: 非契約平均発注単価 | R169: =IFERROR($S$163/$R$163,"") | S169: =IFERROR(R169/R167,"") | U169: 実質発注率 | W169: =IFERROR(W168/W167,"")
I171: 借上費総括表 | T171: （円換算額）
...

Sheet ⑤経費
B2: 直接原価費目内訳表(円貨・円換算） | K2: 分担部 | M2: =分担部 -> 道路橋梁部 | O2: 作業科目： | Q2: =WBS -> JA15R1003
K3: 件名： | M3: =プロジェクト件名 -> ベトナム国ハノイ市環状３号線整備事業(マイジック-南タンロン区間)
B5: ※行を追加したい場合には、ロックを解除してから、行を追加してください。 | L5: 通貨1： | M5: =通貨1 -> JPY | O5: 通貨2： | P5: =通貨2 -> 0 | R5: 通貨3： | S5: =通貨3 -> 0 | U5: 通貨4： | V5: =通貨4 -> 0
L6: 通貨1レート： | M6: =通貨1レート -> 1 | O6: 通貨2レート： | P6: =通貨2レート -> 0 | R6: 通貨3レート： | S6: =通貨3レート -> 0 | U6: 通貨4レート： | V6: =通貨4レート -> 0
L7: 通貨1表示単位： | M7: =通貨1単位 -> 1 | O7: 通貨2表示単位： | P7: =通貨2単位 -> 0 | R7: 通貨3表示単位： | S7: =通貨3単位 -> 0 | U7: 通貨4表示単位： | V7: =通貨4単位 -> 0
B8: 3 | C8: 材料費
B9: No. | D9: 項 目 | E9: 摘 要 | F9: 単位 | G9: 請求 区分 | H9: 円換算額 | L9: 通貨1： | M9: =通貨1 -> JPY | O9: 通貨2： | P9: =IF(通貨2="","",IF(通貨2単位=1,通貨2,通貨2単位&通貨2)) | R9: 通貨3： | S9: =IF(通貨3="","",IF(通貨3単位=1,通貨3,通貨3単位&通貨3)) | U9: 通貨4： | V9: =IF(通貨4="","",IF(通貨4単位=1,通貨4,通貨4単位&通貨4))
H10: 換算単価 | I10: 数量 | J10: 金額 | K10: 単価 | L10: 数量 | M10: 金額 | N10: 単価 | O10: 数量 | P10: 金額 | Q10: 単価 | R10: 数量 | S10: 金額 | T10: 単価 | U10: 数量 | V10: 金額
B11: No1 | C11: No2 | D11: 項目 | E11: 適用 | F11: 単位 | G11: 請求区分 | H11: 換算単価 | I11: 数量 | J11: 金額 | K11: 通貨１単価 | L11: 通貨1数量 | M11: 通貨1金額 | N11: 通貨2単価 | O11: 通貨2数量 | P11: 通貨2金額 | Q11: 通貨3単価3 | R11: 通貨3数量3 | S11: 通貨3金額4 | T11: 通貨4単価3 | U11: 通貨4数量4 | V11: 通貨4金額5
B12: 1 | D12: 納入機材
C13: 1)
D14: ※行を追加する必要がある場合には、この行の上に追加してください。
B15: 2 | D15: 工事用消耗品
C16: 1)
D17: ※行を追加する必要がある場合には、この行の上に追加してください。
D18: 合 計 | F18: 0
E19: 内、請求予定 | G19: 請求
E20: 内、持出予定 | G20: 持出
E21: =IF(J21<>0,"未区分","") | J21: =J18-J19-J20 -> 0 | M21: =M18-M19-M20 -> 0 | P21: =P18-P19-P20 -> 0 | S21: =S18-S19-S20 -> 0 | V21: =V18-V19-V20 -> 0
B22: 4 | C22: 外注費(借上費除) | E22: 注）借上費は、④借上費のシートに入力してください。また、借上の日当・宿泊費、航空運賃、交通費については、このシートの06通信交通費に入力してください。
B23: No. | D23: 項 目 | E23: 摘 要 | F23: 単位 | G23: 請求 区分 | H23: 円換算額 | L23: 通貨1： | M23: =通貨1 -> JPY | O23: 通貨2： | P23: =IF(通貨2="","",IF(通貨2単位=1,通貨2,通貨2単位&通貨2)) | R23: 通貨3： | S23: =IF(通貨3="","",IF(通貨3単位=1,通貨3,通貨3単位&通貨3)) | U23: 通貨4： | V23: =IF(通貨4="","",IF(通貨4単位=1,通貨4,通貨4単位&通貨4))
H24: 換算単価 | I24: 数量 | J24: 金額 | K24: 単価 | L24: 数量 | M24: 金額 | N24: 単価 | O24: 数量 | P24: 金額 | Q24: 単価 | R24: 数量 | S24: 金額 | T24: 単価 | U24: 数量 | V24: 金額
B25: No1 | C25: No2 | D25: 項目 | E25: 適用 | F25: 単位 | G25: 請求区分 | H25: 換算単価 | I25: 数量 | J25: 金額 | K25: 通貨１単価 | L25: 通貨1数量 | M25: 通貨1金額 | N25: 通貨2単価 | O25: 通貨2数量 | P25: 通貨2金額 | Q25: 通貨3単価3 | R25: 通貨3数量3 | S25: 通貨3金額4 | T25: 通貨4単価3 | U25: 通貨4数量4 | V25: 通貨4金額5
B26: 1
D27: ※行を追加する必要がある場合には、この行の上に追加してください。
D28: 合 計 | F28: 0
E29: 内、請求予定 | G29: 請求
E30: 内、持出予定 | G30: 持出
E31: =IF(J31<>0,"未区分","") | J31: =J28-J29-J30 -> 0 | M31: =M28-M29-M30 -> 0 | P31: =P28-P29-P30 -> 0 | S31: =S28-S29-S30 -> 0 | V31: =V28-V29-V30 -> 0
B32: 5 | C32: 労務費（ローカルスタッフ賃金・現地傭人費）
B33: No. | D33: 項 目 | E33: 摘 要 | F33: 単位 | G33: 請求 区分 | H33: 円換算額 | L33: 通貨1： | M33: =通貨1 -> JPY | O33: 通貨2： | P33: =IF(通貨2="","",IF(通貨2単位=1,通貨2,通貨2単位&通貨2)) | R33: 通貨3： | S33: =IF(通貨3="","",IF(通貨3単位=1,通貨3,通貨3単位&通貨3)) | U33: 通貨4： | V33: =IF(通貨4="","",IF(通貨4単位=1,通貨4,通貨4単位&通貨4))
H34: 換算単価 | I34: 数量 | J34: 金額 | K34: 単価 | L34: 数量 | M34: 金額 | N34: 単価 | O34: 数量 | P34: 金額 | Q34: 単価 | R34: 数量 | S34: 金額 | T34: 単価 | U34: 数量 | V34: 金額
B35: No1 | C35: No2 | D35: 項目 | E35: 適用 | F35: 単位 | G35: 請求区分 | H35: 換算単価 | I35: 数量 | J35: 金額 | K35: 通貨１単価 | L35: 通貨1数量 | M35: 通貨1金額 | N35: 通貨2単価 | O35: 通貨2数量 | P35: 通貨2金額 | Q35: 通貨3単価3 | R35: 通貨3数量3 | S35: 通貨3金額4 | T35: 通貨4単価3 | U35: 通貨4数量4 | V35: 通貨4金額5
B36: 1
D37: ※行を追加する必要がある場合には、この行の上に追加してください。
D38: 合 計 | F38: 0
E39: 内、請求予定 | G39: 請求
E40: 内、持出予定 | G40: 持出
E41: =IF(J41<>0,"未区分","") | J41: =J38-J39-J40 -> 0 | M41: =M38-M39-M40 -> 0 | P41: =P38-P39-P40 -> 0 | S41: =S38-S39-S40 -> 0 | V41: =V38-V39-V40 -> 0
B42: 6 | C42: 通信交通費(借上交通費含) | E42: 注）借上の日当・宿泊費、航空運賃、交通費については、↓ここ（06通信交通費）に入力してください。
B43: No. | D43: 項 目 | E43: 摘 要 | F43: 単位 | G43: 請求 区分 | H43: 円換算額 | L43: 通貨1： | M43: =通貨1 -> JPY | O43: 通貨2： | P43: =IF(通貨2="","",IF(通貨2単位=1,通貨2,通貨2単位&通貨2)) | R43: 通貨3： | S43: =IF(通貨3="","",IF(通貨3単位=1,通貨3,通貨3単位&通貨3)) | U43: 通貨4： | V43: =IF(通貨4="","",IF(通貨4単位=1,通貨4,通貨4単位&通貨4))
H44: 換算単価 | I44: 数量 | J44: 金額 | K44: 単価 | L44: 数量 | M44: 金額 | N44: 単価 | O44: 数量 | P44: 金額 | Q44: 単価 | R44: 数量 | S44: 金額 | T44: 単価 | U44: 数量 | V44: 金額
B45: No1 | C45: No2 | D45: 項目 | E45: 適用 | F45: 単位 | G45: 請求区分 | H45: 換算単価 | I45: 数量 | J45: 金額 | K45: 通貨１単価 | L45: 通貨1数量 | M45: 通貨1金額 | N45: 通貨2単価 | O45: 通貨2数量 | P45: 通貨2金額 | Q45: 通貨3単価3 | R45: 通貨3数量3 | S45: 通貨3金額4 | T45: 通貨4単価3 | U45: 通貨4数量4 | V45: 通貨4金額5
B46: 1 | D46: 日当・宿泊 | F46: 人・月 | G46: 請求 | H46: =T_通信交通費[[#This Row],[金額]] -> 702450 | I46: =T_通信交通費[[#This Row],[通貨1数量]] -> 2.23 | J46: =T_通信交通費[[#This Row],[通貨1金額]] -> 702450 | K46: 315000 | L46: =③人件費!P60 -> 2.23 | M46: =K46*L46 -> 702450
B47: 2 | D47: 日当・宿泊 | F47: 人・月 | G47: 持出 | H47: =T_通信交通費[[#This Row],[金額]] -> 315000 | I47: =T_通信交通費[[#This Row],[通貨1数量]] -> 1 | J47: =T_通信交通費[[#This Row],[通貨1金額]] -> 315000 | K47: 315000 | L47: =③人件費!R60 -> 1 | M47: =K47*L47 -> 315000
B48: 3 | D48: 特別加給手当D | F48: 人・月 | G48: 持出 | H48: =T_通信交通費[[#This Row],[金額]] -> 32300 | I48: =T_通信交通費[[#This Row],[通貨1数量]] -> 3.23 | J48: =T_通信交通費[[#This Row],[通貨1金額]] -> 32300 | K48: 10000 | L48: =③人件費!T60 -> 3.23 | M48: =T_通信交通費[[#This Row],[通貨１単価]]*T_通信交通費[[#This Row],[通貨1数量]] -> 32300
B49: 4 | D49: 航空券 | E49: 東京⇔ハノイ | F49: 往復 | G49: 請求 | H49: =T_通信交通費[[#This Row],[金額]] -> 504000 | I49: =T_通信交通費[[#This Row],[通貨1数量]] -> 2 | J49: =T_通信交通費[[#This Row],[通貨1金額]] -> 504000 | K49: 252000 | L49: 2 | M49: =T_通信交通費[[#This Row],[通貨１単価]]*T_通信交通費[[#This Row],[通貨1数量]] -> 504000
B50: 5 | D50: 航空券 | E50: 東京⇔ハノイ | F50: 往復 | G50: 持出 | H50: =T_通信交通費[[#This Row],[金額]] -> 525000 | I50: =T_通信交通費[[#This Row],[通貨1数量]] -> 3.5 | J50: =T_通信交通費[[#This Row],[通貨1金額]] -> 525000 | K50: 150000 | L50: 3.5 | M50: =T_通信交通費[[#This Row],[通貨１単価]]*T_通信交通費[[#This Row],[通貨1数量]] -> 525000
B51: 6 | D51: 査証 | F51: 式 | G51: 請求 | H51: =T_通信交通費[[#This Row],[金額]] -> 20000 | I51: =T_通信交通費[[#This Row],[通貨1数量]] -> 1 | J51: =T_通信交通費[[#This Row],[通貨1金額]] -> 20000 | K51: 20000 | L51: 1 | M51: =T_通信交通費[[#This Row],[通貨１単価]]*T_通信交通費[[#This Row],[通貨1数量]] -> 20000
B52: 7 | D52: 国内交通費 | F52: 式 | G52: 持出 | H52: =T_通信交通費[[#This Row],[金額]] -> 65000 | I52: =T_通信交通費[[#This Row],[通貨1数量]] -> 5 | J52: =T_通信交通費[[#This Row],[通貨1金額]] -> 65000 | K52: 13000 | L52: 5 | M52: =T_通信交通費[[#This Row],[通貨１単価]]*T_通信交通費[[#This Row],[通貨1数量]] -> 65000
B53: 8 | D53: 現地タクシー代 | E53: 空港⇔市内 | F53: 式 | G53: 持出 | H53: =T_通信交通費[[#This Row],[金額]] -> 15000 | I53: =T_通信交通費[[#This Row],[通貨1数量]] -> 1 | J53: =T_通信交通費[[#This Row],[通貨1金額]] -> 15000 | K53: 15000 | L53: 1 | M53: =T_通信交通費[[#This Row],[通貨１単価]]*T_通信交通費[[#This Row],[通貨1数量]] -> 15000
B54: 9 | D54: 現地通信費 | E54: プリペイドカード | F54: 式 | G54: 持出 | H54: =T_通信交通費[[#This Row],[金額]] -> 10000 | I54: =T_通信交通費[[#This Row],[通貨1数量]] -> 1 | J54: =T_通信交通費[[#This Row],[通貨1金額]] -> 10000 | K54: 10000 | L54: 1 | M54: =T_通信交通費[[#This Row],[通貨１単価]]*T_通信交通費[[#This Row],[通貨1数量]] -> 10000
D55: ※行を追加する必要がある場合には、この行の上に追加してください。
D56: 合 計 | F56: 0 | J56: =通信交通費_通貨1 -> 2188750 | M56: =SUBTOTAL(9,M46:M55) -> 2188750
E57: 内、請求予定 | G57: 請求 | J57: =SUMIFS(J46:J55,$G46:$G55,$G57) -> 1226450 | M57: =SUMIFS(M46:M55,$G46:$G55,$G57) -> 1226450
E58: 内、持出予定 | G58: 持出 | J58: =SUMIFS(J46:J55,$G46:$G55,$G58) -> 962300 | M58: =SUMIFS(M46:M55,$G46:$G55,$G58) -> 962300
M59: =M56-M57-M58 -> 0 | P59: =P56-P57-P58 -> 0 | S59: =S56-S57-S58 -> 0 | V59: =V56-V57-V58 -> 0
B60: 7 | C60: 事務用品複写費
B61: No. | D61: 項 目 | E61: 摘 要 | F61: 単位 | G61: 請求 区分 | H61: 円換算額 | L61: 通貨1： | M61: =通貨1 -> JPY | O61: 通貨2： | P61: =IF(通貨2="","",IF(通貨2単位=1,通貨2,通貨2単位&通貨2)) | R61: 通貨3： | S61: =IF(通貨3="","",IF(通貨3単位=1,通貨3,通貨3単位&通貨3)) | U61: 通貨4： | V61: =IF(通貨4="","",IF(通貨4単位=1,通貨4,通貨4単位&通貨4))
H62: 換算単価 | I62: 数量 | J62: 金額 | K62: 単価 | L62: 数量 | M62: 金額 | N62: 単価 | O62: 数量 | P62: 金額 | Q62: 単価 | R62: 数量 | S62: 金額 | T62: 単価 | U62: 数量 | V62: 金額
B63: No1 | C63: No2 | D63: 項目 | E63: 適用 | F63: 単位 | G63: 請求区分 | H63: 換算単価 | I63: 数量 | J63: 金額 | K63: 通貨１単価 | L63: 通貨1数量 | M63: 通貨1金額 | N63: 通貨2単価 | O63: 通貨2数量 | P63: 通貨2金額 | Q63: 通貨3単価3 | R63: 通貨3数量3 | S63: 通貨3金額4 | T63: 通貨4単価3 | U63: 通貨4数量4 | V63: 通貨4金額5
B64: 1 | D64: 報告書印刷・製本費 | E64: NK保管用 | F64: 式 | G64: 持出 | H64: =IF(I64=0,0,J64/I64) -> 100000 | I64: =L64+O64+R64+U64 -> 1 | J64: =M$6*M$7*M64+P$6*P$7*P64+S$6*S$7*S64+V$6*V$7*V64 -> 100000 | K64: 100000 | L64: 1 | M64: =K64*L64 -> 100000
D65: ※行を追加する必要がある場合には、この行の上に追加してください。
D66: 合 計 | F66: 0 | J66: =SUBTOTAL(9,J64:J65) -> 100000 | M66: =SUBTOTAL(9,M64:M65) -> 100000
E67: 内、請求予定 | G67: 請求 | J67: =SUMIFS(J64:J65,$G64:$G65,$G67) -> 0 | M67: =SUMIFS(M64:M65,$G64:$G65,$G67) -> 0
E68: 内、持出予定 | G68: 持出 | J68: =SUMIFS(J64:J65,$G64:$G65,$G68) -> 100000 | M68: =SUMIFS(M64:M65,$G64:$G65,$G68) -> 100000
E69: =IF(J69<>0,"未区分","") | J69: =J66-J67-J68 -> 0 | M69: =M66-M67-M68 -> 0 | P69: =P66-P67-P68 -> 0 | S69: =S66-S67-S68 -> 0 | V69: =V66-V67-V68 -> 0
B70: 8 | C70: 福利厚生費
B71: No. | D71: 項 目 | E71: 摘 要 | F71: 単位 | G71: 請求 区分 | H71: 円換算額 | L71: 通貨1： | M71: =通貨1 -> JPY | O71: 通貨2： | P71: =IF(通貨2="","",IF(通貨2単位=1,通貨2,通貨2単位&通貨2)) | R71: 通貨3： | S71: =IF(通貨3="","",IF(通貨3単位=1,通貨3,通貨3単位&通貨3)) | U71: 通貨4： | V71: =IF(通貨4="","",IF(通貨4単位=1,通貨4,通貨4単位&通貨4))
H72: 換算単価 | I72: 数量 | J72: 金額 | K72: 単価 | L72: 数量 | M72: 金額 | N72: 単価 | O72: 数量 | P72: 金額 | Q72: 単価 | R72: 数量 | S72: 金額 | T72: 単価 | U72: 数量 | V72: 金額
B73: 1
D74: ※行を追加する必要がある場合には、この行の上に追加してください。
D75: 合 計 | F75: 0
E76: 内、請求予定 | G76: 請求
E77: 内、持出予定 | G77: 持出
E78: =IF(J78<>0,"未区分","") | J78: =J75-J76-J77 -> 0 | M78: =M75-M76-M77 -> 0 | P78: =P75-P76-P77 -> 0 | S78: =S75-S76-S77 -> 0 | V78: =V75-V76-V77 -> 0
B79: 9 | C79: 会議費
B80: No. | D80: 項 目 | E80: 摘 要 | F80: 単位 | G80: 請求 区分 | H80: 円換算額 | L80: 通貨1： | M80: =通貨1 -> JPY | O80: 通貨2： | P80: =IF(通貨2="","",IF(通貨2単位=1,通貨2,通貨2単位&通貨2)) | R80: 通貨3： | S80: =IF(通貨3="","",IF(通貨3単位=1,通貨3,通貨3単位&通貨3)) | U80: 通貨4： | V80: =IF(通貨4="","",IF(通貨4単位=1,通貨4,通貨4単位&通貨4))
H81: 換算単価 | I81: 数量 | J81: 金額 | K81: 単価 | L81: 数量 | M81: 金額 | N81: 単価 | O81: 数量 | P81: 金額 | Q81: 単価 | R81: 数量 | S81: 金額 | T81: 単価 | U81: 数量 | V81: 金額
B82: 1
D83: ※行を追加する必要がある場合には、この行の上に追加してください。
D84: 合 計 | F84: 0
E85: 内、請求予定 | G85: 請求
E86: 内、持出予定 | G86: 持出
E87: =IF(J87<>0,"未区分","") | J87: =J84-J85-J86 -> 0 | M87: =M84-M85-M86 -> 0 | P87: =P84-P85-P86 -> 0 | S87: =S84-S85-S86 -> 0 | V87: =V84-V85-V86 -> 0
B88: 10 | C88: 交際費
B89: No. | D89: 項 目 | E89: 摘 要 | F89: 単位 | G89: 請求 区分 | H89: 円換算額 | L89: 通貨1： | M89: =通貨1 -> JPY | O89: 通貨2： | P89: =IF(通貨2="","",IF(通貨2単位=1,通貨2,通貨2単位&通貨2)) | R89: 通貨3： | S89: =IF(通貨3="","",IF(通貨3単位=1,通貨3,通貨3単位&通貨3)) | U89: 通貨4： | V89: =IF(通貨4="","",IF(通貨4単位=1,通貨4,通貨4単位&通貨4))
H90: 換算単価 | I90: 数量 | J90: 金額 | K90: 単価 | L90: 数量 | M90: 金額 | N90: 単価 | O90: 数量 | P90: 金額 | Q90: 単価 | R90: 数量 | S90: 金額 | T90: 単価 | U90: 数量 | V90: 金額
B91: 1 | D91: インターン懇親会 | E91: 歓迎時、終了時 | F91: 式 | G91: 持出 | H91: =K91 -> 40000 | I91: =L91 -> 1 | J91: =M91 -> 40000 | K91: 40000 | L91: 1 | M91: =K91*L91 -> 40000
B92: 2 | D92: PJTクロージング・パーティ | E92: 関係者全員 | F92: 式 | G92: 持出 | H92: =J92 -> 110000 | I92: =L92 -> 1 | J92: =M92 -> 110000 | K92: 110000 | L92: 1 | M92: =K92*L92 -> 110000
D93: ※行を追加する必要がある場合には、この行の上に追加してください。
D94: 合 計 | F94: 0 | J94: =交際費_通貨1 -> 150000 | M94: =SUM(M91:M92) -> 150000
E95: 内、請求予定 | G95: 請求 | J95: =SUMIFS(J91:J93,$G91:$G93,$G95) -> 0 | M95: =SUMIFS(M90:M93,$G90:$G93,$G95) -> 0
E96: 内、持出予定 | G96: 持出 | J96: =SUMIFS(J91:J93,$G91:$G93,$G96) -> 150000 | M96: =SUMIFS(M90:M93,$G90:$G93,$G96) -> 150000
B98: 11 | C98: 修繕維持費
B99: No. | D99: 項 目 | E99: 摘 要 | F99: 単位 | G99: 請求 区分 | H99: 円換算額 | L99: 通貨1： | M99: =通貨1 -> JPY | O99: 通貨2： | P99: =IF(通貨2="","",IF(通貨2単位=1,通貨2,通貨2単位&通貨2)) | R99: 通貨3： | S99: =IF(通貨3="","",IF(通貨3単位=1,通貨3,通貨3単位&通貨3)) | U99: 通貨4： | V99: =IF(通貨4="","",IF(通貨4単位=1,通貨4,通貨4単位&通貨4))
H100: 換算単価 | I100: 数量 | J100: 金額 | K100: 単価 | L100: 数量 | M100: 金額 | N100: 単価 | O100: 数量 | P100: 金額 | Q100: 単価 | R100: 数量 | S100: 金額 | T100: 単価 | U100: 数量 | V100: 金額
B101: 1
D102: ※行を追加する必要がある場合には、この行の上に追加してください。
D103: 合 計 | F103: 0
...

Sheet ⑥経費一覧表
B2: 直接経費一覧表 | D2: 分担部 | E2: =分担部 -> 道路橋梁部 | F2: 作業科目： | G2: =WBS -> JA15R1003
D3: 件名： | E3: =プロジェクト件名 -> ベトナム国ハノイ市環状３号線整備事業(マイジック-南タンロン区間)
E5: 通貨1 | F5: 通貨2 | G5: 通貨3 | H5: 通貨4
D6: 通貨種類 | E6: =通貨1 -> JPY | F6: =通貨2 -> 0 | G6: =通貨3 -> 0 | H6: =通貨4 -> 0
D7: レート | E7: =通貨1レート -> 1 | F7: =通貨2レート -> 0 | G7: =通貨3レート -> 0 | H7: =通貨4レート -> 0
D8: 表示単位 | E8: =通貨1単位 -> 1 | F8: =通貨2単位 -> 0 | G8: =通貨3単位 -> 0 | H8: =通貨4単位 -> 0
B10: No. | C10: 項 目 | D10: 円換算額 | E10: 通貨1金額 | F10: 通貨2金額 | G10: 通貨3金額 | H10: 通貨4金額
E11: =通貨1 -> JPY | F11: =IF(通貨2="","",IF(通貨2単位=1,通貨2,通貨2単位&通貨2)) | G11: =IF(通貨3="","",IF(通貨3単位=1,通貨3,通貨3単位&通貨3)) | H11: =IF(通貨4="","",IF(通貨4単位=1,通貨4,通貨4単位&通貨4))
B12: B1a.社員人件費及びPIT
B13: 01 | C13: 人件費 | D13: =SUMPRODUCT(E13:H13,E$7:H$7,E$8:H$8) -> 1917120 | E13: =人件費計_通貨1 -> 1917120 | F13: =人件費計_通貨2 -> 0
B14: 19 | C14: 社員分PIT | D14: =SUMPRODUCT(E14:H14,E$7:H$7,E$8:H$8) -> 0 | E14: =PIT社員_通貨1 -> 0 | F14: =PIT社員_通貨2 -> 0 | G14: =PIT社員_通貨3 -> 0 | H14: =PIT社員_通貨4 -> 0
C15: 小計（社員人件費＋PIT） | D15: =D13+D14 -> 1917120 | E15: =E13+E14 -> 1917120 | F15: =F13+F14 -> 0 | G15: =G13+G14 -> 0 | H15: =H13+H14 -> 0
B17: B1b.借上費及びPIT
B18: 02 | C18: 借上費 | D18: =SUMPRODUCT(E18:H18,E$7:H$7,E$8:H$8) -> 0 | E18: =借上費_通貨1 -> 0 | F18: =借上費_通貨2 -> 0 | G18: =借上費_通貨3 -> 0 | H18: =借上費_通貨4 -> 0
B19: 20 | C19: 借上分PIT | D19: =SUMPRODUCT(E19:H19,E$7:H$7,E$8:H$8) -> 0 | E19: =PIT借上_通貨1 -> 0 | F19: =PIT借上_通貨2 -> 0 | G19: =PIT社員_通貨3 -> 0 | H19: =PIT借上_通貨4 -> 0
C20: 小計（借上外注費＋PIT） | D20: =D18+D19 -> 0 | E20: =E18+E19 -> 0 | F20: =F18+F19 -> 0 | G20: =G18+G19 -> 0 | H20: =H18+H19 -> 0
B22: B2.他経費
B23: 03 | C23: =⑤経費!D208 -> 材料費 | D23: =SUMPRODUCT(E23:H23,E$7:H$7,E$8:H$8) -> 0 | E23: =材料費_通貨1 -> 0 | F23: =材料費_通貨2 -> 0 | G23: =材料費_通貨3 -> 0 | H23: =材料費_通貨4 -> 0
B24: 04 | C24: =⑤経費!D209 -> 外注費(借上費除) | D24: =SUMPRODUCT(E24:H24,E$7:H$7,E$8:H$8) -> 0 | E24: =外注委託費_通貨1 -> 0 | F24: =外注委託費_通貨2 -> 0 | G24: =外注委託費_通貨3 -> 0 | H24: =外注委託費_通貨4 -> 0
B25: 05 | C25: =⑤経費!D210 -> 労務費（ローカルスタッフ賃金・現地傭人費） | D25: =SUMPRODUCT(E25:H25,E$7:H$7,E$8:H$8) -> 0 | E25: =労務費_通貨1 -> 0 | F25: =労務費_通貨2 -> 0 | G25: =労務費_通貨3 -> 0 | H25: =労務費_通貨4 -> 0
B26: 06 | C26: =⑤経費!D211 -> 通信交通費(借上交通費含) | D26: =SUMPRODUCT(E26:H26,E$7:H$7,E$8:H$8) -> 2188750 | E26: =通信交通費_通貨1 -> 2188750 | F26: =通信交通費_通貨2 -> 0 | G26: =通信交通費_通貨3 -> 0 | H26: =通信交通費_通貨4 -> 0
B27: 07 | C27: =⑤経費!D212 -> 事務用品複写費 | D27: =SUMPRODUCT(E27:H27,E$7:H$7,E$8:H$8) -> 100000 | E27: =事務用品複写費_通貨1 -> 100000 | F27: =事務用品複写費_通貨2 -> 0 | G27: =事務用品複写費_通貨3 -> 0 | H27: =事務用品複写費_通貨4 -> 0
B28: 08 | C28: =⑤経費!D213&"（※）" -> 福利厚生費（※） | D28: =SUMPRODUCT(E28:H28,E$7:H$7,E$8:H$8) -> 0 | E28: =福利厚生費_通貨1 -> 0 | F28: =福利厚生費_通貨2 -> 0 | G28: =福利厚生費_通貨3 -> 0 | H28: =福利厚生費_通貨4 -> 0
B29: 09 | C29: =⑤経費!D214 -> 会議費 | D29: =SUMPRODUCT(E29:H29,E$7:H$7,E$8:H$8) -> 0 | E29: =会議費_通貨1 -> 0 | F29: =会議費_通貨2 -> 0 | G29: =会議費_通貨3 -> 0 | H29: =会議費_通貨4 -> 0
B30: 10 | C30: =⑤経費!D215 -> 交際費 | D30: =SUMPRODUCT(E30:H30,E$7:H$7,E$8:H$8) -> 150000 | E30: =交際費_通貨1 -> 150000 | F30: =交際費_通貨2 -> 0 | G30: =交際費_通貨3 -> 0 | H30: =交際費_通貨4 -> 0
B31: 11 | C31: =⑤経費!D216&"（※）" -> 修繕維持費（※） | D31: =SUMPRODUCT(E31:H31,E$7:H$7,E$8:H$8) -> 0 | E31: =修繕維持費_通貨1 -> 0 | F31: =修繕維持費_通貨2 -> 0 | G31: =修繕維持費_通貨3 -> 0 | H31: =修繕維持費_通貨4 -> 0
B32: 12 | C32: =⑤経費!D217&"（※）" -> 動力用水光熱費（※） | D32: =SUMPRODUCT(E32:H32,E$7:H$7,E$8:H$8) -> 0 | E32: =動力用水光熱費_通貨1 -> 0 | F32: =動力用水光熱費_通貨2 -> 0 | G32: =動力用水光熱費_通貨3 -> 0 | H32: =動力用水光熱費_通貨4 -> 0
B33: 13 | C33: =⑤経費!D218&"（※）" -> 広告宣伝費（※） | D33: =SUMPRODUCT(E33:H33,E$7:H$7,E$8:H$8) -> 0 | E33: =広告宣伝費_通貨1 -> 0 | F33: =広告宣伝費_通貨2 -> 0 | G33: =広告宣伝費_通貨3 -> 0 | H33: =広告宣伝費_通貨4 -> 0
B34: 14 | C34: =⑤経費!D219&"（※）" -> 諸賃借料（※） | D34: =SUMPRODUCT(E34:H34,E$7:H$7,E$8:H$8) -> 0 | E34: =諸賃借料_通貨1 -> 0 | F34: =諸賃借料_通貨2 -> 0 | G34: =諸賃借料_通貨3 -> 0 | H34: =諸賃借料_通貨4 -> 0
B35: 15 | C35: =⑤経費!D220&"（※）" -> 保険料（※） | D35: =SUMPRODUCT(E35:H35,E$7:H$7,E$8:H$8) -> 0 | E35: =保険料_通貨1 -> 0 | F35: =保険料_通貨2 -> 0 | G35: =保険料_通貨3 -> 0 | H35: =保険料_通貨4 -> 0
B36: 16 | C36: =⑤経費!D221&"（※）" -> 減価償却費（※） | D36: =SUMPRODUCT(E36:H36,E$7:H$7,E$8:H$8) -> 0 | E36: =減価償却費_通貨1 -> 0 | F36: =減価償却費_通貨2 -> 0 | G36: =減価償却費_通貨3 -> 0 | H36: =減価償却費_通貨4 -> 0
B37: 17 | C37: =⑤経費!D222 -> 地代家賃 | D37: =SUMPRODUCT(E37:H37,E$7:H$7,E$8:H$8) -> 0 | E37: =地代家賃_通貨1 -> 0 | F37: =地代家賃_通貨2 -> 0 | G37: =地代家賃_通貨3 -> 0 | H37: =地代家賃_通貨4 -> 0
B38: 18 | C38: =⑤経費!D223&"（※）" -> 租税公課（※） | D38: =SUMPRODUCT(E38:H38,E$7:H$7,E$8:H$8) -> 0 | E38: =租税公課_通貨1 -> 0 | F38: =租税公課_通貨2 -> 0 | G38: =租税公課_通貨3 -> 0 | H38: =租税公課_通貨4 -> 0
B39: 22 | C39: =⑤経費!D224&"（※）" -> 雑費(PIT,事手料除)（※） | D39: =SUMPRODUCT(E39:H39,E$7:H$7,E$8:H$8) -> 50000 | E39: =雑費_通貨1 -> 50000 | F39: =雑費_通貨2 -> 0 | G39: =雑費_通貨3 -> 0 | H39: =雑費_通貨4 -> 0
C40: 小計（3～18、22） | D40: =SUBTOTAL(9,D23:D39) -> 2488750 | E40: =SUBTOTAL(9,E23:E39) -> 2488750 | F40: =SUBTOTAL(9,F23:F39) -> 0 | G40: =SUBTOTAL(9,G23:G39) -> 0 | H40: =SUBTOTAL(9,H23:H39) -> 0
C41: ※小計（8、11～16、18、22） | D41: =SUBTOTAL(9,D31:D39)+D28-D37 -> 50000 | E41: =SUBTOTAL(9,E31:E39)+E28-E37 -> 50000 | F41: =SUBTOTAL(9,F31:F39)+F28-F37 -> 0 | G41: =SUBTOTAL(9,G31:G39)+G28-G37 -> 0 | H41: =SUBTOTAL(9,H31:H39)+H28-H37 -> 0
B43: 21 | C43: =⑤経費!D232 -> 事務手数料 | D43: =SUMPRODUCT(E43:H43,E$7:H$7,E$8:H$8) -> 0 | E43: =事務手数料_通貨1 -> 0 | F43: =事務手数料_通貨2 -> 0 | G43: =事務手数料_通貨3 -> 0 | H43: =事務手数料_通貨4 -> 0
C44: B2.他経費計（3～18、21、22） | D44: =SUBTOTAL(9,D23:D43) -> 2488750 | E44: =SUBTOTAL(9,E23:E43) -> 2488750 | F44: =SUBTOTAL(9,F23:F43) -> 0 | G44: =SUBTOTAL(9,G23:G43) -> 0 | H44: =SUBTOTAL(9,H23:H43) -> 0
C46: 直接経費計（除、事務手数料） | D46: =経費_人件費及びPIT+経費_借上外注費及びPIT+D40 -> 4405870 | E46: =E15+E20+E40 -> 4405870 | F46: =F15+F20+F40 -> 0 | G46: =G15+G20+G40 -> 0 | H46: =H15+H20+H40 -> 0
C47: 直接経費計（含、事務手数料） | D47: =D46+D43 -> 4405870 | E47: =E46+E43 -> 4405870 | F47: =F46+F43 -> 0 | G47: =G46+G43 -> 0 | H47: =H46+H43 -> 0

Sheet ⑦総括表
B2: 実行予算稟議書 | E2: =IF(予算種類=F2,"☑","□") -> ☑ | F2: 単年度実行予算 | H2: =IF(予算種類=I2,"☑","□") -> □ | I2: 通期総括実行予算 | L2: システム登録日：
B4: プロジェクト番号 | D4: =プロジェクトコード -> JA15R1003P | E4: 作業科目 | G4: =WBS -> JA15R1003 | J4: 件名 | L4: =プロジェクト件名 -> ベトナム国ハノイ市環状３号線整備事業(マイジック-南タンロン区間)
B5: 主管部 | D5: =主管部 -> 道路橋梁部 | E5: 工期（開始日） | G5: =工期開始日 -> 42200 | J5: 顧客名 | L5: =顧客名 -> ベトナム政府
B6: 分担部 | D6: =分担部 -> 道路橋梁部 | E6: 工期（終了日） | G6: =工期終了日 -> 42627 | J6: 資金源 | L6: =資金源 -> (独)国際協力機構 円借款
B7: 完成年度 | D7: =完成年度 -> 2017 | E7: 完成予定日 | G7: =完成予定日 -> 42735 | J7: TL | L7: =TL -> 石本 一鶴 | M7: 課長 | O7: =課長 -> 佐野 祐一
B8: 完繰基準 | D8: =完成基準 -> 出来高基準 | E8: 請負形態 | G8: =請負形態 -> ＪＶメイン | J8: NK所長 | L8: =所長 -> 前田 哲哉 | M8: 担当者 | O8: =担当者 -> 徳丸 祥一郎
B10: MM総括表 | J10: 直接経費明細表 | P10: （単位:千円）
B11: 番号 | C11: 項 目 | E11: 今回予算 | F11: 対契約MM 比率 | G11: 前回予算 | H11: 対契約MM 比率 | J11: 番号 | K11: 費 目 | M11: 今回予算額 | N11: 経費 割合 | O11: 前回予算額 | P11: 経費 割合
B12: ① | C12: 契約MM | E12: =SUM(E13:E14) -> 2.23 | G12: =SUM(G13:G14) -> 0 | J12: B1 | K12: 報酬分経費 | M12: =SUBTOTAL(9,M13:M18) -> 1917120 | N12: =IF(M$38=0,0,M12/M$38) -> 0.43512859 | O12: =SUBTOTAL(9,O13:O18) -> 0 | P12: =IF(O$38=0,0,O12/O$38) -> 0
C13: 社員分MM | E13: =社員分_契約MM -> 2.23 | G13: 0 | J13: B1a | K13: 社員人件費及びPIT | M13: =SUBTOTAL(9,M14:M15) -> 1917120 | N13: =IF(M$38=0,0,M13/M$38) -> 0.43512859 | O13: =SUBTOTAL(9,O14:O15) -> 0 | P13: =IF(O$38=0,0,O13/O$38) -> 0
C14: 借上分MM | E14: =借上分_契約MM -> 0 | F14: =IF(E12=0,0,E14/E12) -> 0 | G14: 0 | H14: =IF(G12=0,0,G14/G12) -> 0 | J14: 01 | K14: 人件費 | M14: =⑥経費一覧表!D13 -> 1917120 | N14: =IF(M$38=0,0,M14/M$38) -> 0.43512859 | O14: 0 | P14: =IF(O$38=0,0,O14/O$38) -> 0
B15: ② | C15: 非契約MM | E15: =SUM(E16:E17) -> 1 | F15: =IF(E12=0,0,E15/E12) -> 0.44843049 | G15: =SUM(G16:G17) -> 0 | H15: =IF(G12=0,0,G15/G12) -> 0 | J15: 19 | K15: 社員分PIT | M15: =⑥経費一覧表!D14 -> 0 | N15: =IF(M$38=0,0,M15/M$38) -> 0 | O15: 0 | P15: =IF(O$38=0,0,O15/O$38) -> 0
C16: 社員分MM | E16: =社員分_非契約MM -> 1 | G16: 0 | J16: B1b | K16: 借上費及びPIT | M16: =SUBTOTAL(9,M17:M18) -> 0 | N16: =IF(M$38=0,0,M16/M$38) -> 0 | O16: =SUBTOTAL(9,O17:O18) -> 0 | P16: =IF(O$38=0,0,O16/O$38) -> 0
C17: 借上分MM | E17: =借上分_非契約MM -> 0 | G17: 0 | J17: 02 | K17: 借上費(通信交通費除) | M17: =⑥経費一覧表!D18 -> 0 | N17: =IF(M$38=0,0,M17/M$38) -> 0 | O17: 0 | P17: =IF(O$38=0,0,O17/O$38) -> 0
B18: ③ | C18: 稼働MM（①＋②） | E18: =SUM(E19:E20) -> 3.23 | F18: =IF(E12=0,0,E18/E12) -> 1.4484305 | G18: =SUM(G19:G20) -> 0 | H18: =IF(G12=0,0,G18/G12) -> 0 | J18: 20 | K18: 借上分PIT | M18: =⑥経費一覧表!D19 -> 0 | N18: =IF(M$38=0,0,M18/M$38) -> 0 | O18: 0 | P18: =IF(O$38=0,0,O18/O$38) -> 0
C19: 社員分MM | E19: =E13+E16 -> 3.23 | G19: =G13+G16 -> 0 | J19: B2 | K19: 他経費計 | M19: =SUBTOTAL(9,M20:M37) -> 2488750 | N19: =IF(M$38=0,0,M19/M$38) -> 0.56487141 | O19: =SUBTOTAL(9,O20:O37) -> 0 | P19: =IF(O$38=0,0,O19/O$38) -> 0
C20: 借上分MM | E20: =E14+E17 -> 0 | G20: =G14+G17 -> 0 | J20: 03 | K20: 材料費 | M20: =材料費_円換算値 -> 0 | N20: =IF(M$38=0,0,M20/M$38) -> 0 | O20: 0 | P20: =IF(O$38=0,0,O20/O$38) -> 0
J21: 04 | K21: 外注費(借上費除) | M21: =外注委託費_円換算値 -> 0 | N21: =IF(M$38=0,0,M21/M$38) -> 0 | O21: 0 | P21: =IF(O$38=0,0,O21/O$38) -> 0
B22: 予算総括表 | J22: 05 | K22: 労務費 | M22: =労務費_円換算値 -> 0 | N22: =IF(M$38=0,0,M22/M$38) -> 0 | O22: 0 | P22: =IF(O$38=0,0,O22/O$38) -> 0
B23: 番号 | C23: 項 目 | E23: 今回予算額 | F23: 対売上 比率 | G23: 前回予算額 | H23: 対売上 比率 | J23: 06 | K23: 通信交通費(借上通信交通費含) | M23: =通信交通費_円換算値 -> 2188750 | N23: =IF(M$38=0,0,M23/M$38) -> 0.49678043 | O23: 0 | P23: =IF(O$38=0,0,O23/O$38) -> 0
C24: 売上高 | J24: 07 | K24: 事務用品・複写費 | M24: =事務用品複写費_円換算値 -> 100000 | N24: =IF(M$38=0,0,M24/M$38) -> 0.022696993 | O24: 0 | P24: =IF(O$38=0,0,O24/O$38) -> 0
B25: A1 | C25: 報酬売上額 | E25: =SUBTOTAL(9,E26:E27) -> 3902500 | F25: =IF(E$29=0,0,E25/E$29) -> 0.71015231 | G25: =SUBTOTAL(9,G26:G27) -> 0 | H25: =IF(G$29=0,0,G25/G$29) -> 0 | J25: 09 | K25: 会議費 | M25: =会議費_円換算値 -> 0 | N25: =IF(M$38=0,0,M25/M$38) -> 0 | O25: 0 | P25: =IF(O$38=0,0,O25/O$38) -> 0
B26: A1a | C26: 社員報酬額 | E26: =社員報酬額 -> 3902500 | F26: =IF(E$29=0,0,E26/E$29) -> 0.71015231 | G26: 0 | H26: =IF(G$29=0,0,G26/G$29) -> 0 | J26: 10 | K26: 交際費 | M26: =交際費_円換算値 -> 150000 | N26: =IF(M$38=0,0,M26/M$38) -> 0.034045489 | O26: 0 | P26: =IF(O$38=0,0,O26/O$38) -> 0
B27: A1b | C27: 借上報酬額 | E27: =借上報酬額 -> 0 | F27: =IF(E$29=0,0,E27/E$29) -> 0 | G27: 0 | H27: =IF(G$29=0,0,G27/G$29) -> 0 | J27: 17 | K27: 地代家賃 | M27: =地代家賃_円換算値 -> 0 | N27: =IF(M$38=0,0,M27/M$38) -> 0 | O27: 0 | P27: =IF(O$38=0,0,O27/O$38) -> 0
B28: A2 | C28: 経費売上額 | E28: =経費売上額 -> 1592800 | F28: =IF(E$29=0,0,E28/E$29) -> 0.28984769 | G28: 0 | H28: =IF(G$29=0,0,G28/G$29) -> 0 | K28: （その他経費） | M28: =SUBTOTAL(9,M29:M37) -> 50000 | N28: =IF(M$38=0,0,M28/M$38) -> 0.011348496 | O28: =SUBTOTAL(9,O29:O37) -> 0 | P28: =IF(O$38=0,0,O28/O$38) -> 0
B29: A | C29: 売上額(CIT込,VAT除) 計 | E29: =SUBTOTAL(9,E25:E28) -> 5495300 | F29: =IF(E$29=0,0,E29/E$29) -> 1 | G29: =SUBTOTAL(9,G25:G28) -> 0 | H29: =IF(G$29=0,0,G29/G$29) -> 0 | J29: 08 | K29: 福利厚生費 | M29: =福利厚生費_円換算値 -> 0 | N29: =IF(M$38=0,0,M29/M$38) -> 0 | O29: 0 | P29: =IF(O$38=0,0,O29/O$38) -> 0
B30: K | C30: （内,CIT見込額） | E30: =CIT見込額 -> 250000 | F30: =IF(E$29=0,0,E30/E$29) -> 0.045493422 | G30: 0 | H30: =IF(G$29=0,0,G30/G$29) -> 0 | J30: 11 | K30: 修繕維持費 | M30: =修繕維持費_円換算値 -> 0 | N30: =IF(M$38=0,0,M30/M$38) -> 0 | O30: 0 | P30: =IF(O$38=0,0,O30/O$38) -> 0
J31: 12 | K31: 動力用水光熱費 | M31: =動力用水光熱費_円換算値 -> 0 | N31: =IF(M$38=0,0,M31/M$38) -> 0 | O31: 0 | P31: =IF(O$38=0,0,O31/O$38) -> 0
C32: 直接経費 | F32: 対売上 比率 | H32: 対売上 比率 | J32: 13 | K32: 広告宣伝費 | M32: =広告宣伝費_円換算値 -> 0 | N32: =IF(M$38=0,0,M32/M$38) -> 0 | O32: 0 | P32: =IF(O$38=0,0,O32/O$38) -> 0
B33: B1. | C33: 報酬分経費(B1a+B1b) | E33: =SUBTOTAL(9,E34:E35) -> 1917120 | F33: =IF(E$29=0,0,E33/E$29) -> 0.34886539 | G33: =SUBTOTAL(9,G34:G35) -> 0 | H33: =IF(G$29=0,0,G33/G$29) -> 0 | J33: 14 | K33: 諸賃借料 | M33: =諸賃借料_円換算値 -> 0 | N33: =IF(M$38=0,0,M33/M$38) -> 0 | O33: 0 | P33: =IF(O$38=0,0,O33/O$38) -> 0
B34: B1a. | C34: 社員人件費及びPIT | E34: =M13 -> 1917120 | F34: =IF(E$29=0,0,E34/E$29) -> 0.34886539 | G34: =O13 -> 0 | H34: =IF(G$29=0,0,G34/G$29) -> 0 | J34: 15 | K34: 保険料 | M34: =保険料_円換算値 -> 0 | N34: =IF(M$38=0,0,M34/M$38) -> 0 | O34: 0 | P34: =IF(O$38=0,0,O34/O$38) -> 0
B35: B1b. | C35: 借上要員費及びPIT | E35: =M16 -> 0 | F35: =IF(E$29=0,0,E35/E$29) -> 0 | G35: =O16 -> 0 | H35: =IF(G$29=0,0,G35/G$29) -> 0 | J35: 16 | K35: 減価償却費 | M35: =減価償却費_円換算値 -> 0 | N35: =IF(M$38=0,0,M35/M$38) -> 0 | O35: 0 | P35: =IF(O$38=0,0,O35/O$38) -> 0
B36: B2. | C36: 他経費計 | E36: =M19 -> 2488750 | F36: =IF(E$29=0,0,E36/E$29) -> 0.45288701 | G36: =O19 -> 0 | H36: =IF(G$29=0,0,G36/G$29) -> 0 | J36: 18 | K36: 租税公課 | M36: =租税公課_円換算値 -> 0 | N36: =IF(M$38=0,0,M36/M$38) -> 0 | O36: 0 | P36: =IF(O$38=0,0,O36/O$38) -> 0
B37: B. | C37: 直接経費1(B1+B2) 計 | E37: =SUBTOTAL(9,E33:E36) -> 4405870 | F37: =IF(E$29=0,0,E37/E$29) -> 0.80175241 | G37: =SUBTOTAL(9,G33:G36) -> 0 | H37: =IF(G$29=0,0,G37/G$29) -> 0 | J37: 22 | K37: 雑費(PIT,事手料除) | M37: =雑費_円換算値 -> 50000 | N37: =IF(M$38=0,0,M37/M$38) -> 0.011348496 | O37: 0 | P37: =IF(O$38=0,0,O37/O$38) -> 0
J38: B | K38: 直接経費1(B1+B2) | M38: =SUBTOTAL(9,M12:M37) -> 4405870 | N38: =IF(M$38=0,0,M38/M$38) -> 1 | O38: =SUBTOTAL(9,O12:O37) -> 0 | P38: =IF(O$38=0,0,O38/O$38) -> 0
C39: 直接利益 | F39: 対売上 比率 | H39: 対売上 比率 | J39: C | K39: 直接経費2(B1+B2,PIT除) | M39: =SUBTOTAL(9,M12:M37)-M15-M18 -> 4405870 | O39: =SUBTOTAL(9,O12:O37)-O15-O18 -> 0
B40: E1. | C40: 報酬分利益(E1a+E1b) | E40: =SUBTOTAL(9,E41:E42) -> 1985380 | F40: =IF(E25=0,0,E40/E25) -> 0.50874568 | G40: =SUBTOTAL(9,G41:G42) -> 0 | H40: =IF(G25=0,0,G40/G25) -> 0 | J40: 21 | K40: 事務手数料 | M40: =事務手数料_円換算値 -> 0 | O40: 0
B41: E1a. | C41: 社員報酬利益(A1a-B1a) | E41: =E26-E34 -> 1985380 | F41: =IF(E26=0,0,E41/E26) -> 0.50874568 | G41: =G26-G34 -> 0 | H41: =IF(G26=0,0,G41/G26) -> 0 | J41: D | K41: 直接経費3(B1+B2+B3) | M41: =SUBTOTAL(9,M12:M40) -> 4405870 | O41: =SUBTOTAL(9,O12:O40) -> 0
B42: E1b. | C42: 借上報酬利益(A1b-B1b) | E42: =E27-E35 -> 0 | F42: =IF(E27=0,0,E42/E27) -> 0 | G42: =G27-G35 -> 0 | H42: =IF(G27=0,0,G42/G27) -> 0 | M42: ※事務手数料の支払いは＋、入金は－で表示
B43: E2. | C43: 経費売上利益 | E43: =E28-E36 -> -895950 | F43: =IF(E28=0,0,E43/E28) -> -0.5625 | G43: =G28-G36 -> 0 | H43: =IF(G28=0,0,G43/G28) -> 0 | J43: 管理指標
B44: E. | C44: 直接利益(E1+E2) 計 | E44: =SUBTOTAL(9,E40:E43) -> 1089430 | F44: =IF(E$29=0,0,E44/E$29) -> 0.19824759 | G44: =SUBTOTAL(9,G40:G43) -> 0 | H44: =IF(G$29=0,0,G44/G$29) -> 0 | J44: 番号 | K44: 指 標 | M44: 今回指標値 | O44: 前回指標値
B45: B3. | C45: 事務手数料 | E45: =M40 -> 0 | F45: =IF(E$29=0,0,E45/E$29) -> 0 | G45: =O40 -> 0 | H45: =IF(G$29=0,0,G45/G$29) -> 0 | J45: a. | K45: 報酬売上額/契約MM | M45: =IF(E12=0,0,E25/E12) -> 1750000 | N45: B/R | O45: =IF(G12=0,0,G25/G12) -> 0 | P45: B/R
B46: F. | C46: 直接利益(事手料込)(E-B3) | E46: =E44-E45 -> 1089430 | F46: =IF(E$29=0,0,E46/E$29) -> 0.19824759 | G46: =G44-G45 -> 0 | H46: =IF(G$29=0,0,G46/G$29) -> 0 | J46: 01 | K46: 社員分 | M46: =IF(E13=0,0,E26/E13) -> 1750000 | N46: B/R | O46: =IF(G13=0,0,G26/G13) -> 0 | P46: B/R
H47: ※（）内の率は、売上高ではなく、それぞれの売上項目に対する率 | J47: 02 | K47: 借上分 | M47: =IF(E14=0,0,E27/E14) -> 0 | N47: B/R | O47: =IF(G14=0,0,G27/G14) -> 0 | P47: B/R
B48: 従来指標 | J48: b. | K48: 報酬利益額/契約MM | M48: =IF(E12=0,0,E40/E12) -> 890304.93 | O48: =IF(G12=0,0,G40/G12) -> 0
B49: 番号 | C49: 項 目 | E49: 今回予算額 | F49: 対売上 比率 | G49: 前回予算額 | H49: 対売上 比率 | J49: 01 | K49: 社員分 | M49: =IF(E13=0,0,E41/E13) -> 890304.93 | O49: =IF(G13=0,0,G41/G13) -> 0
B50: A. | C50: 売上高 | E50: =E29 -> 5495300 | G50: =G29 -> 0 | J50: 02 | K50: 借上分 | M50: =IF(E14=0,0,E42/E14) -> 0 | O50: =IF(G14=0,0,G42/G14) -> 0
B51: F. | C51: 変動費 | E51: =M41-M14 -> 2488750 | F51: =IF(E$50=0,0,E51/E$50) -> 0.45288701 | G51: =O41-O14 -> 0 | H51: =IF(G$50=0,0,G51/G$50) -> 0 | J51: c. | K51: 報酬分利益率 | M51: =F40 -> 0.50874568 | O51: =H40 -> 0
B52: G. | C52: 限界利益(=A-F) | E52: =E50-E51 -> 3006550 | F52: =IF(E$50=0,0,E52/E$50) -> 0.54711299 | G52: =G50-G51 -> 0 | H52: =IF(G$50=0,0,G52/G$50) -> 0 | J52: 01 | K52: 社員分 | M52: =F41 -> 0.50874568 | O52: =H41 -> 0
B53: H. | C53: 人件費 | E53: =M14 -> 1917120 | F53: =IF(E$50=0,0,E53/E$50) -> 0.34886539 | G53: =O14 -> 0 | H53: =IF(G$50=0,0,G53/G$50) -> 0 | J53: 02 | K53: 借上分 | M53: =F42 -> 0 | O53: =H42 -> 0
B54: I. | C54: 直接原価(=F+H) | E54: =E51+E53 -> 4405870 | F54: =IF(E$50=0,0,E54/E$50) -> 0.80175241 | G54: =G51+G53 -> 0 | H54: =IF(G$50=0,0,G54/G$50) -> 0 | J54: d. | K54: 経費分利益率 | M54: =F43 -> -0.5625 | O54: =H43 -> 0
B55: J. | C55: 直接利益(=A-I) | E55: =E50-E54 -> 1089430 | F55: =IF(E$50=0,0,E55/E$50) -> 0.19824759 | G55: =G50-G54 -> 0 | H55: =IF(G$50=0,0,G55/G$50) -> 0 | J55: e. | K55: 直接利益(除,事手)/契約MM | M55: =IF(E12=0,0,E44/E12) -> 488533.63 | O55: =IF(G12=0,0,G44/G12) -> 0
B56: K. | C56: CIT | E56: =E30 -> 250000 | F56: =IF(E$50=0,0,E56/E$50) -> 0.045493422 | G56: =G30 -> 0 | H56: =IF(G$50=0,0,G56/G$50) -> 0 | J56: f. | K56: 直接利益(含,事手)/契約MM | M56: =IF(E12=0,0,E46/E12) -> 488533.63 | O56: =IF(G12=0,0,G46/G12) -> 0
B57: L. | C57: 直接利益(CIT引後) | E57: =E55-E56 -> 839430 | F57: =IF(E$50=0,0,E57/E$50) -> 0.15275417 | G57: =G55-G56 -> 0 | H57: =IF(G$50=0,0,G57/G$50) -> 0 | J57: g. | K57: 交際費/契約MM | M57: =IF(E12=0,0,M26/E12) -> 67264.574 | O57: =IF(G12=0,0,O26/G12) -> 0
B58: M. | C58: 生産性(=G/H*1000) | E58: =IF(F53=0,0,E52/E53*1000) -> 1568.2639 | G58: =IF(H53=0,0,G52/G53*1000) -> 0 | J58: h. | K58: 外部発注率 | M58: =IF(E27=0,0,M17/E27) -> 0 | O58: =IF(G27=0,0,O17/G27) -> 0
B60: プロジェクト概要 | J60: 売上・予算変更説明・備考
B61: ハノイ市マイジック～南タンロン区間の既存街路上に約5.4kmの連続高架橋を建設する事業である。今般は実施施設・入札支援業務のみの受注であり、後続の施工監理業務は別入札となり、現在結果待ちの状態である。受注体制はNK-NE-NKVの3社JVであり、現地貨ポーションは全てNKVの受注となる。従って、NKの受注分は報酬・旅費のみとなるため、生産性指数は基準値を下回る。完工年次のため、直接利益は基準値を下回る。

Sheet ⑧回覧書式
I3: 実行予算 回覧フォーム | U3: 予算区分 | Y3: 予算種類
U4: 1 | V4: 新規 | Y4: =IF(予算種類=Z4,"☑","□") -> □ | Z4: 通期総括実行予算
C5: プロジェクト番号 | G5: =プロジェクトコード -> JA15R1003P | U5: □ | V5: 変更 | Y5: =IF(予算種類=Z5,"☑","□") -> ☑ | Z5: 単年度実行予算
C6: WBS | G6: =WBS -> JA15R1003 | Y6: （ | Z6: =完成年度 -> 2017 | AB6: 年度）
C7: 件名 | G7: =プロジェクト件名 -> ベトナム国ハノイ市環状３号線整備事業(マイジック-南タンロン区間)
C9: 申請部 | O9: 業務種別 | Y9: 計上基準
C10: J1 | E10: J2 | G10: J3 | O10: □ | P10: 調査 | R10: □ | Y10: =IF(完成基準=Z10,"☑","□") -> □ | Z10: 完成基準
C11: 0 | D11: KE | E11: 1 | F11: KR | G11: □ | H11: KL | I11: □ | K11: □ | O11: 1 | P11: 設計 | R11: □ | Y11: =IF(完成基準=Z11,"☑","□") -> □ | Z11: 部分完成基準
C12: □ | D12: KH | E12: □ | F12: KD | G12: □ | H12: KT | I12: □ | K12: □ | O12: □ | P12: 施工監理 | R12: □ | Y12: =IF(完成基準=Z12,"☑","□") -> ☑ | Z12: 出来高基準
C13: □ | D13: KW | E13: □ | F13: KX | G13: □ | I13: □ | K13: □ | O13: □ | P13: 設計・施工監理 | R13: □ | W13: □と☑は、セルに0または1を入力することで表示できます。
C14: □ | D14: KG | E14: □ | F14: KJ | G14: □ | I14: □ | K14: □ | O14: □ | P14: その他 | R14: □
C15: □ | E15: □ | F15: KQ | G15: □ | I15: □ | K15: □ | O15: （ | U15: ）
C17: 回覧記録 | J17: *差戻し日/確認日を記入下さい
C18: 担当組織 | H18: 決裁区分 | J18: 所見欄 | P18: 捺印欄 ※適合の場合 | S18: コメント欄 （特に差戻しの場合は、記載下さる様お願いします。）
J19: 差戻し日 | M19: 確認日
C20: 《社長》 | E20: ※確認後は、業務部へ返却下さい。
D21: 社 長 | H21: A | I21: □ | J21: □ | K21: 不適合 | M21: □ | N21: 適 合 | P21: （捺印）
C23: 《事業本部》 | E23: ※確認後は、業務部へ返却下さい。
D24: 事業本部長 | H24: Ba | I24: □ | J24: □ | K24: 不適合 | M24: □ | N24: 適 合 | P24: （捺印）
D26: 副事業本部長 | H26: Bb | I26: □ | J26: □ | K26: 不適合 | M26: □ | N26: 適 合 | P26: （捺印）
D28: 副事業本部長 | J28: □ | K28: 不適合 | M28: □ | N28: 適 合 | P28: （捺印）
C30: 《事業部》 | E30: ※確認後は、業務部へ返却下さい。
D31: 事業部長 | H31: Ca | I31: □ | J31: □ | K31: 不適合 | M31: □ | N31: 適 合 | P31: （捺印）
C33: 《営業部》 | E33: ※確認後は、業務部へ返却下さい。
D34: 営業部長 | J34: □ | K34: 不適合 | M34: □ | N34: 適 合 | P34: （捺印）
C36: 《業務部》
D37: 業務部長 | J37: □ | K37: 不適合 | M37: □ | N37: 適 合 | P37: （捺印）
D40: 担当者 | J40: □ | K40: 不適合 | M40: □ | N40: 適 合 | P40: （捺印）
C42: 《主管部》
D43: 部 長 | M43: □ | N43: 確 認 | P43: （捺印）
D45: 担当課長 | M45: □ | N45: 確 認 | P45: （捺印）
C47: 《プロジェクト/調査団》
D48: 団長／プロジェクト・マネージャー | P48: （捺印）
D50: 担当者（申請者） | P50: （捺印）
C53: 業務部文書担当 | G53: ※承認済の書類は、複写を業務部にて保管する。
C54: 《業務部》 | J54: 受付日 | P54: 返却日 | V54: 受付番号 ※業務部記入
D55: 受 付 | J55: □ | K55: 台帳記録 | M55: （捺印） | P55: □ | Q55: 台帳記録 | S55: （捺印）
C58: 回覧上の注意事項
D59: 1．申請部は、申請書類の内容に応じて「総括」、「単年度」にチェックを入れて下さい。（単年度の場合は、申請予算の対象年度を記入下さい。）
D60: □と☑は、該当部分のセルに0または1を入力することで表示できます。
D61: 2．申請部は、プロジェクト番号、件名等の記入、申請部署、業務種別、計上基準にチェックを入れて下さい。
D62: 3．申請者は、申請金額（売上高）にもとづいて対象の決裁区分欄にチェックを入れて下さい。 | R62: （注 ： 不明な場合は、業務部に確認下さい。）
E63: A稟議：10億円以上（但し、20億円以上は経営会議事項）、Ba稟議：3億円以上10億円未満、Bb稟議：1億円以上3億円未満、Ca稟議：1億円未満
D64: 4．主管部は部長までの確認を受領の上、業務部へ書類を提出下さい。 | O64: 業務部は主管部からの提出書類に受付場号を記録の上、回覧致します。
D65: 5．確認者は提出内容に指摘がある場合は、所見欄の「不適合」にチェックを入れ、差戻し日を記入の上で主管部長へ返信ください。
D66: 差し戻された実行予算については、コメントの内容を確認の上で実行予算を修正の上、差し戻された確認者へ返却下さい。
D67: 6．確認者は提出内容を適切と判断した場合は、所見欄の「適合」にチェックを入れ、確認日を記入し、次の確認者へ回覧下さい。
D68: 7．決裁区分が『A』稟議の場合には、事業本部長の確認後、業務部より社長室へ提出致します。
D69: 8．手続きの完了した実行予算については複写を業務部保管とし、1部を主管部へ返却致します。
Y70: （書式改定日） | Z70: 42552

Sheet 参考_勘定科目
E1: 勘定科目一覧表（国内・一般経費版） | F1: 勘定科目一覧表（海外版） | J1: 更新日：2012/07/24
B2: 発生 | C2: STTYM | D2: STTYCD | E2: STTYCD | F2: 摘要名 | G2: 証票 | H2: 勘定科目 | I2: 勘定科目名 | J2: メモ
C3: ◆◆◆材料費◆◆◆ | D3: 9001000 | E3: 9001000 | F3: ◆◆◆材料費◆◆◆
C4: 納入機材（国内調達分） | D4: 9001021 | E4: 9001021 | F4: 納入機材（国内調達分） | G4: ○ | H4: 90000102 | I4: 引渡機材 | J4: 日本国内で調達し、契約上、納入機材と明記され、契約相手に引渡されるもの（これに対する運搬費・梱包費含む） | M4: =I4&"（"&F4&":"&J4&"）" -> 引渡機材（納入機材（国内調達分）:日本国内で調達し、契約上、納入機材と明記され、契約相手に引渡されるもの（これに対する運搬費・梱包費含む））
B5: 3 | C5: 工事用消耗品 | D5: 9001121 | E5: 9001121 | F5: 工事用消耗品 | G5: ○ | H5: 90000112 | I5: 製品･工事用消耗品 | J5: 工具（ﾍﾟﾝﾁ・ﾄﾞﾗｲﾊﾞｰ等）、ﾍﾟﾝｷ、ｹｰﾌﾞﾙ、ｺﾝﾃﾅ,ｳｴｽ、ｶﾝﾀﾌﾞ、巻尺、土のう袋、、ﾃｰﾌﾞﾙﾀｯﾌﾟ、ｶﾞﾑﾃｰﾌﾟ、蛍光灯 | M5: =I5&"（"&F5&":"&J5&"）" -> 製品･工事用消耗品（工事用消耗品:工具（ﾍﾟﾝﾁ・ﾄﾞﾗｲﾊﾞｰ等）、ﾍﾟﾝｷ、ｹｰﾌﾞﾙ、ｺﾝﾃﾅ,ｳｴｽ、ｶﾝﾀﾌﾞ、巻尺、土のう袋、、ﾃｰﾌﾞﾙﾀｯﾌﾟ、ｶﾞﾑﾃｰﾌﾟ、蛍光灯）
B6: 27 | C6: 材料費（海外発生分） | D6: 9001601 | E6: 9001601 | F6: 材料費（海外発生分） | G6: ○ | H6: 90000160 | I6: 海外出張精算 | J6: 海外出張先にて調達した材料費 | M6: =I6&"（"&F6&":"&J6&"）" -> 海外出張精算（材料費（海外発生分）:海外出張先にて調達した材料費）
B7: 1 | C7: 納入機材（海外調達分） | D7: 9001621 | E7: 9001621 | F7: 納入機材（海外調達分） | G7: ○ | H7: 90000162 | I7: 引渡機材(海外調達分) | J7: 海外で調達分で契約上、納入機材と明記され、契約相手に引渡されるもの（これに対する運搬費・梱包費含む） | M7: =I7&"（"&F7&":"&J7&"）" -> 引渡機材(海外調達分)（納入機材（海外調達分）:海外で調達分で契約上、納入機材と明記され、契約相手に引渡されるもの（これに対する運搬費・梱包費含む））
C8: ◆◆◆外注費◆◆◆ | D8: 9002000 | E8: 9002000 | F8: ◆◆◆外注費◆◆◆ | M8: =I8&"（"&F8&":"&J8&"）" -> （◆◆◆外注費◆◆◆:）
C9: 現地再委託費（海外発生分） | D9: 9002601 | E9: 9002601 | F9: 現地再委託費（海外発生分） | G9: ○ | H9: 90000260 | I9: 海外旅費精算 | J9: 海外出張先にて支払った外注費 | M9: =I9&"（"&F9&":"&J9&"）" -> 海外旅費精算（現地再委託費（海外発生分）:海外出張先にて支払った外注費）
F10: 外注直接経費 | G10: ○ | H10: 90000277 | I10: 外注直接経費 | J10: 海外案件で国内外事業者・個人との人員借上契約に基づき支払う日当・宿泊費等（消費税対象外のみ適用） | M10: =I10&"（"&F10&":"&J10&"）" -> 外注直接経費（外注直接経費:海外案件で国内外事業者・個人との人員借上契約に基づき支払う日当・宿泊費等（消費税対象外のみ適用））
C11: ◆◆◆労務費◆◆◆ | D11: 9004000 | E11: 9004000 | F11: ◆◆◆労務費◆◆◆ | M11: =I11&"（"&F11&":"&J11&"）" -> （◆◆◆労務費◆◆◆:）
B12: 8 | C12: ローカルスタッフ賃金 | D12: 9004601 | E12: 9004601 | F12: ローカルスタッフ賃金 | G12: ○ | H12: 90000460 | I12: 海外出張精算 | J12: ローカルスタッフ、カウンターパート等の賃金 | M12: =I12&"（"&F12&":"&J12&"）" -> 海外出張精算（ローカルスタッフ賃金:ローカルスタッフ、カウンターパート等の賃金）
B13: 42 | C13: 現地傭人費（通訳・技術者等） | D13: 9004602 | E13: 9004602 | F13: 現地傭人費（通訳・技術者等） | G13: ○ | H13: 90000460 | I13: 海外出張精算 | J13: 通訳・ドライバー・エンジニア・オペレータ・現地秘書等の給与 | M13: =I13&"（"&F13&":"&J13&"）" -> 海外出張精算（現地傭人費（通訳・技術者等）:通訳・ドライバー・エンジニア・オペレータ・現地秘書等の給与）
C14: ◆◆◆通信交通費◆◆◆ | D14: 9005000 | E14: 9005000 | F14: ◆◆◆通信交通費◆◆◆ | M14: =I14&"（"&F14&":"&J14&"）" -> （◆◆◆通信交通費◆◆◆:）
B15: 1 | C15: 国内平日日当・宿泊手当 | D15: 9005011 | E15: 9005011 | F15: 国内平日日当・宿泊手当 | G15: - | H15: 90000501 | I15: 交 通 費 | J15: 国内出張の平日日当・宿泊手当 | M15: =I15&"（"&F15&":"&J15&"）" -> 交 通 費（国内平日日当・宿泊手当:国内出張の平日日当・宿泊手当）
B16: 126 | C16: 国内交通運賃（国内航空券含む） | D16: 9005012 | E16: 9005012 | F16: 国内交通運賃（国内航空券含む） | G16: ○ | H16: 90000501 | I16: 交 通 費 | J16: 国内移動のための電車、バス、タクシー、レンタカー、ガソリン代、国内航空料金 | M16: =I16&"（"&F16&":"&J16&"）" -> 交 通 費（国内交通運賃（国内航空券含む）:国内移動のための電車、バス、タクシー、レンタカー、ガソリン代、国内航空料金）
C17: レンカター・ガソリン代（円貨） | D17: 9005013 | E17: 9005013 | F17: レンカター・ガソリン代（円貨） | G17: ○ | H17: 90000501 | I17: 交 通 費 | J17: 国内移動のための電車、バス、タクシー、レンタカー、ガソリン代、国内航空料金 | M17: =I17&"（"&F17&":"&J17&"）" -> 交 通 費（レンカター・ガソリン代（円貨）:国内移動のための電車、バス、タクシー、レンタカー、ガソリン代、国内航空料金）
B18: 3 | C18: 休日日当 | D18: 9005021 | E18: 9005021 | F18: 休日日当 | G18: - | H18: 90000502 | I18: 休日日当 | J18: 国内出張に於ける休日日当 | M18: =I18&"（"&F18&":"&J18&"）" -> 休日日当（休日日当:国内出張に於ける休日日当）
B19: 15 | C19: 渡航支度金 | D19: 9005041 | E19: 9005041 | F19: 渡航支度金 | G19: - | H19: 90000504 | I19: 渡航支度金 | J19: 海外渡航支度金 | M19: =I19&"（"&F19&":"&J19&"）" -> 渡航支度金（渡航支度金:海外渡航支度金）
B20: 9 | C20: 渡航諸費（国内発生分） | D20: 9005051 | E20: 9005051 | F20: 渡航諸費（国内発生分） | G20: ○ | H20: 90000505 | I20: 渡航諸費 | J20: 海外渡航に伴う予防注射（現金払いのみ）、渡航用写真 ※印紙で支払った予防注射は「渡航諸費（パスポート、ビザ取得）」で処理 | M20: =I20&"（"&F20&":"&J20&"）" -> 渡航諸費（渡航諸費（国内発生分）:海外渡航に伴う予防注射（現金払いのみ）、渡航用写真 ※印紙で支払った予防注射は「渡航諸費（パスポート、ビザ取得）」で処理）
B21: 12 | C21: 研修生費用（国内発生分） | D21: 9005071 | E21: 9005071 | F21: 研修生費用（国内発生分） | G21: ○ | H21: 90000507 | I21: 研修生費用 | J21: 課税：契約上の海外研修生の国内宿泊日当・交通費 | M21: =I21&"（"&F21&":"&J21&"）" -> 研修生費用（研修生費用（国内発生分）:課税：契約上の海外研修生の国内宿泊日当・交通費）
B22: 1 | C22: 研修生費用（海外発生分） | D22: 9005072 | E22: 9005072 | F22: 研修生費用（海外発生分） | G22: ○ | H22: 90000567 | I22: 研修生費用 | J22: 非課税：契約上の海外研修生の国内宿泊日当・交通費 | M22: =I22&"（"&F22&":"&J22&"）" -> 研修生費用（研修生費用（海外発生分）:非課税：契約上の海外研修生の国内宿泊日当・交通費）
C23: 切手・葉書・郵便料金等（国内） | D23: 9005081 | E23: 9005081 | F23: 切手・葉書・郵便料金等（国内） | G23: ○ | H23: 90000508 | I23: 郵便料金 | J23: 切手・葉書・速達・書留等郵便料金 | M23: =I23&"（"&F23&":"&J23&"）" -> 郵便料金（切手・葉書・郵便料金等（国内）:切手・葉書・速達・書留等郵便料金）
B24: 19 | C24: 国内電信電話料 | D24: 9005101 | E24: 9005101 | F24: 電信電話料（国内発生分） | G24: ○ | H24: 90000510 | I24: 電信電話料 | J24: 電話料金、FAX料金、携帯料金・ﾃﾚﾎﾝｶｰﾄﾞ、ﾓﾊﾞｲﾗｰｽﾞﾁｪｯｸ、ＮＨＫ受信料、電報、インターネット使用料 | M24: =I24&"（"&F24&":"&J24&"）" -> 電信電話料（電信電話料（国内発生分）:電話料金、FAX料金、携帯料金・ﾃﾚﾎﾝｶｰﾄﾞ、ﾓﾊﾞｲﾗｰｽﾞﾁｪｯｸ、ＮＨＫ受信料、電報、インターネット使用料）
B25: 832 | C25: 宅急便・運搬費 | D25: 9005211 | E25: 9005211 | F25: 宅急便・運搬費 | G25: ○ | H25: 90000521 | I25: 運 搬 費 | J25: 宅配便 | M25: =I25&"（"&F25&":"&J25&"）" -> 運 搬 費（宅急便・運搬費:宅配便）
B26: 2190 | C26: 通信費・交通費（海外発生分） | D26: 9005601 | E26: 9005601 | F26: 通信費・交通費（海外発生分） | G26: ○ | H26: 90000560 | I26: 海外出張精算 | J26: 海外出張先にて使用した通信費、交通費 | M26: =I26&"（"&F26&":"&J26&"）" -> 海外出張精算（通信費・交通費（海外発生分）:海外出張先にて使用した通信費、交通費）
B27: 217 | C27: 現地使用レンタカー・ガソリン代 | D27: 9005602 | E27: 9005602 | F27: 現地使用レンタカー・ガソリン代 | G27: ○ | H27: 90000560 | I27: 海外出張精算 | J27: 海外出張先にて使用したレンタカー・ガソリン代 | M27: =I27&"（"&F27&":"&J27&"）" -> 海外出張精算（現地使用レンタカー・ガソリン代:海外出張先にて使用したレンタカー・ガソリン代）
B28: 906 | C28: 空港税・出国税 | D28: 9005603 | E28: 9005603 | F28: 空港税・出国税 | G28: ○ | H28: 90000560 | I28: 海外出張精算 | M28: =I28&"（"&F28&":"&J28&"）" -> 海外出張精算（空港税・出国税:）
B29: 5 | C29: 副参事以下差額手当 | D29: 9005611 | E29: 9005611 | F29: 副参事以下差額手当 | G29: - | H29: 90000562 | I29: 海外手当 | M29: =I29&"（"&F29&":"&J29&"）" -> 海外手当（副参事以下差額手当:）
B30: 15 | C30: 海外手当 | D30: 9005621 | E30: 9005621 | F30: 海外手当 | G30: ○ | H30: 90000562 | I30: 海外手当 | J30: 駐勤手当及び海外出張に於ける日当・宿泊その他諸手当 | M30: =I30&"（"&F30&":"&J30&"）" -> 海外手当（海外手当:駐勤手当及び海外出張に於ける日当・宿泊その他諸手当）
B31: 2658 | C31: 海外駐勤手当（長期含む） | D31: 9005622 | E31: 9005622 | F31: 海外駐勤手当（長期含む） | G31: - | H31: 90000562 | I31: 海外手当 | M31: =I31&"（"&F31&":"&J31&"）" -> 海外手当（海外駐勤手当（長期含む）:）
B32: 1037 | C32: ホテル代実費精算 | D32: 9005623 | E32: 9005623 | F32: ホテル代実費（規程超過分） | G32: ○ | H32: 90000562 | I32: 海外手当 | J32: 駐勤手当及び海外出張に於ける日当・宿泊その他諸手当 | M32: =I32&"（"&F32&":"&J32&"）" -> 海外手当（ホテル代実費（規程超過分）:駐勤手当及び海外出張に於ける日当・宿泊その他諸手当）
B33: 40 | C33: Dayuse（ホテル）代 | D33: 9005624 | E33: 9005624 | F33: Dayuse（ホテル）代 | G33: ○ | H33: 90000560 | I33: 海外出張精算 | J33: 乗継等で利用したDayuse(ホテル代) | M33: =I33&"（"&F33&":"&J33&"）" -> 海外出張精算（Dayuse（ホテル）代:乗継等で利用したDayuse(ホテル代)）
B34: 194 | C34: 海外航空料金 | D34: 9005631 | E34: 9005631 | F34: 海外航空料金 | G34: ○ | H34: 90000563 | I34: 海外航空料金 | J34: 国際線航空料金 | M34: =I34&"（"&F34&":"&J34&"）" -> 海外航空料金（海外航空料金:国際線航空料金）
B35: 155 | C35: パスポート・ビザ取得費 | D35: 9005651 | E35: 9005651 | F35: パスポート・ビザ取得費 | G35: ○ | H35: 90000565 | I35: 渡航諸費 | J35: ﾊﾟｽﾎﾟｰﾄ､ﾋﾞｻﾞ取得費 | M35: =I35&"（"&F35&":"&J35&"）" -> 渡航諸費（パスポート・ビザ取得費:ﾊﾟｽﾎﾟｰﾄ､ﾋﾞｻﾞ取得費）
B36: 1 | C36: 研修生費用 | D36: 9005671 | F36: 研修生費用 | H36: 90000567 | M36: =I36&"（"&F36&":"&J36&"）" -> （研修生費用:）
B37: 106 | C37: 国際電信電話料 | D37: 9005691 | E37: 9005691 | F37: 国際電信電話料 | G37: ○ | H37: 90000569 | I37: 国際電信電話料 | J37: 国際テレックス・ファックス・電話料金（非課税分）、海外用携帯電話通信料 | M37: =I37&"（"&F37&":"&J37&"）" -> 国際電信電話料（国際電信電話料:国際テレックス・ファックス・電話料金（非課税分）、海外用携帯電話通信料）
B38: 15 | C38: ＤＨＬ、国際郵便代・運送保険料 | D38: 9005711 | E38: 9005711 | F38: ＤＨＬ、国際郵便代・運送保険料 | G38: ○ | H38: 90000571 | I38: 運搬費及び諸経費 | J38: 会社書類の運搬費（ＤＨＬ、国際小包）及び運送保険料 | M38: =I38&"（"&F38&":"&J38&"）" -> 運搬費及び諸経費（ＤＨＬ、国際郵便代・運送保険料:会社書類の運搬費（ＤＨＬ、国際小包）及び運送保険料）
B39: 2 | C39: エアカーゴ・資機材輸出入関連費 | D39: 9005712 | E39: 9005712 | F39: エアカーゴ・資機材輸出入関連費 | G39: ○ | H39: 90000571 | I39: 運搬費及び諸経費 | J39: 資機材の輸出入に関する陸上・海上運賃・エアカーゴ代 | M39: =I39&"（"&F39&":"&J39&"）" -> 運搬費及び諸経費（エアカーゴ・資機材輸出入関連費:資機材の輸出入に関する陸上・海上運賃・エアカーゴ代）
B40: 213 | C40: エクセス代 | D40: 9005731 | E40: 9005731 | F40: エクセス代 | G40: ○ | H40: 90000573 | I40: ｴｸｾｽ代 | J40: エクセス代 | M40: =I40&"（"&F40&":"&J40&"）" -> ｴｸｾｽ代（エクセス代:エクセス代）
C41: ◆◆◆事務用品複写費◆◆◆ | D41: 9006000 | E41: 9006000 | F41: ◆◆◆事務用品複写費◆◆◆ | M41: =I41&"（"&F41&":"&J41&"）" -> （◆◆◆事務用品複写費◆◆◆:）
B42: 19 | C42: 写真代・複写費（国内発生分） | D42: 9006021 | E42: 9006021 | F42: 写真代・複写費（国内発生分） | G42: ○ | H42: 90000601 | I42: 印刷･複写費 | J42: コピー代・青焼き・写真・フィルム代、印刷物等 | M42: =I42&"（"&F42&":"&J42&"）" -> 印刷･複写費（写真代・複写費（国内発生分）:コピー代・青焼き・写真・フィルム代、印刷物等）
B43: 69 | C43: 消耗品代（国内発生分） | D43: 9006031 | E43: 9006031 | F43: 事務用消耗品費（国内発生分） | G43: ○ | H43: 90000603 | I43: 消耗品費 | J43: 鉛筆、消しゴム、野帳、その他一般事務消耗品 | M43: =I43&"（"&F43&":"&J43&"）" -> 消耗品費（事務用消耗品費（国内発生分）:鉛筆、消しゴム、野帳、その他一般事務消耗品）
B44: 16 | C44: 備品（国内購入１０万未満） | D44: 9006041 | E44: 9006041 | F44: 備品（国内購入１０万未満） | G44: ○ | H44: 90000604 | I44: 備 品 費 | J44: 机､椅子､ﾛｯｶｰ、携帯電話 | M44: =I44&"（"&F44&":"&J44&"）" -> 備 品 費（備品（国内購入１０万未満）:机､椅子､ﾛｯｶｰ、携帯電話）
B45: 38 | C45: OA用品（国内購入10万未満） | D45: 9006042 | E45: 9006042 | F45: OA用品（国内購入１０万未満） | G45: ○ | H45: 90000604 | I45: 備 品 費 | J45: OA・ｶﾒﾗ | M45: =I45&"（"&F45&":"&J45&"）" -> 備 品 費（OA用品（国内購入１０万未満）:OA・ｶﾒﾗ）
B46: 27 | C46: 備品（海外購入１０万未満） | D46: 9006043 | E46: 9006043 | F46: 備品（海外購入１０万未満） | G46: ○ | H46: 90000660 | I46: 海外出張精算 | J46: 机､椅子､ﾛｯｶｰ、携帯電話 | M46: =I46&"（"&F46&":"&J46&"）" -> 海外出張精算（備品（海外購入１０万未満）:机､椅子､ﾛｯｶｰ、携帯電話）
B47: 29 | C47: OA用品（海外購入１０万未満） | D47: 9006044 | E47: 9006044 | F47: OA用品（海外購入１０万未満） | G47: ○ | H47: 90000660 | I47: 海外出張精算 | J47: OA・ｶﾒﾗ | M47: =I47&"（"&F47&":"&J47&"）" -> 海外出張精算（OA用品（海外購入１０万未満）:OA・ｶﾒﾗ）
B48: 20 | C48: 新聞図書費（国内発生分） | D48: 9006051 | E48: 9006051 | F48: 新聞図書費（国内発生分） | G48: ○ | H48: 90000605 | I48: 新聞図書費 | J48: 書籍閲覧代、新聞、地図、参考図書、文献データ | M48: =I48&"（"&F48&":"&J48&"）" -> 新聞図書費（新聞図書費（国内発生分）:書籍閲覧代、新聞、地図、参考図書、文献データ）
B49: 1 | C49: ソフトウエア（国内10万未満） | D49: 9006081 | E49: 9006081 | F49: ソフトウエア（国内10万未満） | G49: ○ | H49: 90000608 | I49: ｿﾌﾄｳｴｱ | J49: ﾊﾞｰｼﾞｮﾝｱｯﾌﾟ代 | M49: =I49&"（"&F49&":"&J49&"）" -> ｿﾌﾄｳｴｱ（ソフトウエア（国内10万未満）:ﾊﾞｰｼﾞｮﾝｱｯﾌﾟ代）
B50: 4 | C50: ソフトウエア（海外10万未満） | D50: 9006082 | E50: 9006082 | F50: ソフトウエア（海外10万未満） | G50: ○ | H50: 90000668 | I50: 海外ｿﾌﾄｳｴｱ | J50: 海外で取得した１０万未満のソフトウエア | M50: =I50&"（"&F50&":"&J50&"）" -> 海外ｿﾌﾄｳｴｱ（ソフトウエア（海外10万未満）:海外で取得した１０万未満のソフトウエア）
B51: 316 | C51: 事務用品・複写費（海外発生分） | D51: 9006601 | E51: 9006601 | F51: 事務用品・複写費（海外発生分） | G51: ○ | H51: 90000660 | I51: 海外出張精算 | J51: 海外出張先にて支払った事務用品・複写費、新聞図書費 | M51: =I51&"（"&F51&":"&J51&"）" -> 海外出張精算（事務用品・複写費（海外発生分）:海外出張先にて支払った事務用品・複写費、新聞図書費）
C52: ◆◆◆福利厚生費◆◆◆ | D52: 9007000 | E52: 9007000 | F52: ◆◆◆福利厚生費◆◆◆ | M52: =I52&"（"&F52&":"&J52&"）" -> （◆◆◆福利厚生費◆◆◆:）
B53: 9 | C53: 医薬品・医療費（国内発生分） | D53: 9007011 | E53: 9007011 | F53: 医薬品・医療費（国内発生分） | G53: ○ | H53: 90000701 | I53: 保険衛生･医療費 | J53: 医薬品、医療費 | M53: =I53&"（"&F53&":"&J53&"）" -> 保険衛生･医療費（医薬品・医療費（国内発生分）:医薬品、医療費）
B54: 1 | C54: 厚生用雑品（国内発生分） | D54: 9007051 | E54: 9007051 | F54: 厚生用雑品（国内発生分） | G54: ○ | H54: 90000705 | I54: 厚生用雑品 | J54: 洗剤・衛生用品等、お茶 | M54: =I54&"（"&F54&":"&J54&"）" -> 厚生用雑品（厚生用雑品（国内発生分）:洗剤・衛生用品等、お茶）
B55: 12 | C55: 薬・水・厚生品（海外発生分） | D55: 9007601 | E55: 9007601 | F55: 薬・水・厚生品（海外発生分） | G55: ○ | H55: 90000760 | I55: 海外出張精算 | J55: 海外出張先にて支払った福利厚生費 | M55: =I55&"（"&F55&":"&J55&"）" -> 海外出張精算（薬・水・厚生品（海外発生分）:海外出張先にて支払った福利厚生費）
B56: 6 | C56: 医療費（海外発生分） | D56: 9007611 | E56: 9007611 | F56: 医療費（海外発生分） | G56: ○ | H56: 90000761 | I56: 海外医療費 | J56: 海外での健康診断等 | M56: =I56&"（"&F56&":"&J56&"）" -> 海外医療費（医療費（海外発生分）:海外での健康診断等）
C57: ◆◆◆会議費◆◆◆ | D57: 9008000 | E57: 9008000 | F57: ◆◆◆会議費【貼付】◆◆◆ | M57: =I57&"（"&F57&":"&J57&"）" -> （◆◆◆会議費【貼付】◆◆◆:）
B58: 4 | C58: 会議費・開催会場費（国内発生） | D58: 9008011 | E58: 9008011 | F58: 会議費・開催会場費（国内発生） | G58: ○ | H58: 90000801 | I58: 会 議 費 | J58: 【会議費請求書用紙貼付】通常会議を行う場所での茶菓子、弁当代、会場費 | M58: =I58&"（"&F58&":"&J58&"）" -> 会 議 費（会議費・開催会場費（国内発生）:【会議費請求書用紙貼付】通常会議を行う場所での茶菓子、弁当代、会場費）
B59: 109 | C59: 会議費・開催会場費（海外発生） | D59: 9008601 | E59: 9008601 | F59: 会議費・開催会場費（海外発生） | G59: ○ | H59: 90000860 | I59: 海外出張精算 | J59: 【会議費請求書用紙貼付】通常会議を行う場所での茶菓子、弁当代、会場費 | M59: =I59&"（"&F59&":"&J59&"）" -> 海外出張精算（会議費・開催会場費（海外発生）:【会議費請求書用紙貼付】通常会議を行う場所での茶菓子、弁当代、会場費）
C60: ◆◆◆交際費◆◆◆ | D60: 9009000 | E60: 9009000 | F60: ◆◆◆交際費◆◆◆ | M60: =I60&"（"&F60&":"&J60&"）" -> （◆◆◆交際費◆◆◆:）
B61: 45 | C61: 交際費（国内課税対象分） | D61: 9009011 | E61: 9009011 | F61: 交際費（国内課税対象分） | G61: ○ | H61: 90000901 | I61: 接 待 費 | J61: 飲食代、ゴルフプレー代（利用税除く）、客先宿泊料、懇親会費、手土産代、中元・歳暮、 ゴルフ会費・コンペ賞品代、客先交通費、祝い品、社外への花輪・生花 | M61: =I61&"（"&F61&":"&J61&"）" -> 接 待 費（交際費（国内課税対象分）:飲食代、ゴルフプレー代（利用税除く）、客先宿泊料、懇親会費、手土産代、中元・歳暮、 ゴルフ会費・コンペ賞品代、客先交通費、祝い品、社外への花輪・生花）
B62: 63 | C62: 交際費（国内非課税分） | D62: 9009022 | E62: 9009022 | F62: 交際費（国内非課税分） | G62: ○ | H62: 90000960 | I62: 海外出張精算 | J62: 国内非課税分（免税店購入）の土産代 | M62: =I62&"（"&F62&":"&J62&"）" -> 海外出張精算（交際費（国内非課税分）:国内非課税分（免税店購入）の土産代）
B63: 157 | C63: 交際費（海外発生分） | D63: 9009601 | E63: 9009601 | F63: 交際費（海外発生分） | G63: ○ | H63: 90000960 | I63: 海外出張精算 | J63: 海外出張先にて支払った交際費 | M63: =I63&"（"&F63&":"&J63&"）" -> 海外出張精算（交際費（海外発生分）:海外出張先にて支払った交際費）
C64: ◆◆◆修繕維持費◆◆◆ | D64: 9010000 | E64: 9010000 | F64: ◆◆◆修繕維持費◆◆◆ | M64: =I64&"（"&F64&":"&J64&"）" -> （◆◆◆修繕維持費◆◆◆:）
B65: 3 | C65: 修繕維持費（海外発生分） | D65: 9010601 | E65: 9010601 | F65: 修繕維持費（海外発生分） | G65: ○ | H65: 90001060 | I65: 海外出張精算 | J65: 海外出張先にて支払った修繕費 | M65: =I65&"（"&F65&":"&J65&"）" -> 海外出張精算（修繕維持費（海外発生分）:海外出張先にて支払った修繕費）
C66: ◆◆◆動力用水光熱費◆◆◆ | D66: 9011000 | E66: 9011000 | F66: ◆◆◆動力用水光熱費◆◆◆ | M66: =I66&"（"&F66&":"&J66&"）" -> （◆◆◆動力用水光熱費◆◆◆:）
C67: 水道光熱費（海外発生分） | D67: 9011602 | E67: 9011602 | F67: 水道光熱費（海外発生分） | G67: ○ | H67: 90001160 | I67: 海外出張精算 | J67: 海外出張先にて支払った水道・光熱費 | M67: =I67&"（"&F67&":"&J67&"）" -> 海外出張精算（水道光熱費（海外発生分）:海外出張先にて支払った水道・光熱費）
C68: ◆◆◆諸賃借料◆◆◆ | D68: 9013000 | E68: 9013000 | F68: ◆◆◆諸賃借料◆◆◆ | M68: =I68&"（"&F68&":"&J68&"）" -> （◆◆◆諸賃借料◆◆◆:）
B69: 3 | C69: 賃借料（国内発生分） | D69: 9013021 | E69: 9013021 | F69: 賃借料（国内発生分） | G69: ○ | H69: 90001301 | I69: 賃借料（レンタル料等） | J69: 機械・工具・損料・備品・特殊車両等レンタル料 ※作業に使用する特殊車両のレンタル料及び現場組立ハウス料含む 業務の都合により事務所内で作業ができずやむを得えず、旅館等での作業による宿泊料実費 注：保守・点検費用は修繕費で処理 （保管目的で賃貸契約した倉庫は｢1602｣、交通費目的のレンタルは｢0501｣ | M69: =I69&"（"&F69&":"&J69&"）" -> 賃借料（レンタル料等）（賃借料（国内発生分）:機械・工具・損料・備品・特殊車両等レンタル料 ※作業に使用する特殊車両のレンタル料及び現場組立ハウス料含む 業務の都合により事務所内で作業ができずやむを得えず、旅館等での作業による宿泊料実費 注：保守・点検費用は修繕費で処理 （保管目的で賃貸契約した倉庫は｢1602｣、交通費目的のレンタルは｢0501｣）
B70: 15 | C70: 賃借料、リース料（海外発生分） | D70: 9013601 | E70: 9013601 | F70: 賃借料、リース料（海外発生分） | G70: ○ | H70: 90001360 | I70: 海外出張精算 | J70: 海外出張先にて支払った備品レンタル、リース料、その他賃借料 | M70: =I70&"（"&F70&":"&J70&"）" -> 海外出張精算（賃借料、リース料（海外発生分）:海外出張先にて支払った備品レンタル、リース料、その他賃借料）
C71: ◆◆◆保険料◆◆◆ | D71: 9014000 | E71: 9014000 | F71: ◆◆◆保険料◆◆◆ | M71: =I71&"（"&F71&":"&J71&"）" -> （◆◆◆保険料◆◆◆:）
B72: 2 | C72: 傷害保険料（国内発生分） | D72: 9014031 | E72: 9014031 | F72: 傷害保険料（国内発生分） | G72: ○ | H72: 90001403 | I72: 傷害保険料 | J72: 海外出張に伴う海外旅行傷害保険料 | M72: =I72&"（"&F72&":"&J72&"）" -> 傷害保険料（傷害保険料（国内発生分）:海外出張に伴う海外旅行傷害保険料）
C73: ◆◆◆雑費◆◆◆ | D73: 9020000 | E73: 9020000 | F73: ◆◆◆雑費◆◆◆ | M73: =I73&"（"&F73&":"&J73&"）" -> （◆◆◆雑費◆◆◆:）
C74: ＯＪＴ関連費用（国内発生分） | D74: 9020031 | E74: 9020031 | F74: ＯＪＴ関連費用（国内発生分） | G74: ○ | H74: 90002003 | I74: 海外現場研修費 | J74: ＯＪＴに要する諸費用で国内にて発生する費用 | M74: =I74&"（"&F74&":"&J74&"）" -> 海外現場研修費（ＯＪＴ関連費用（国内発生分）:ＯＪＴに要する諸費用で国内にて発生する費用）
C75: 教育講習費（国内発生分） | D75: 9020101 | E75: 9020101 | F75: 教育講習費（国内発生分） | G75: ○ | H75: 90002001 | I75: 教育講習費 | M75: =I75&"（"&F75&":"&J75&"）" -> 教育講習費（教育講習費（国内発生分）:）
F76: 仮払戻入時の送金手数料 | G76: ○ | H76: 90002010 | I76: 送金手数料 | J76: 仮払戻入時に発生する振込手数料。作業科目は以下を指定してください。 日本工営の作業科目『XCA0070』、玉野の作業科目『XQA0000』 振り込みの際、振込人名には、『社員番号＋氏名』を入力してください。 | M76: =I76&"（"&F76&":"&J76&"）" -> 送金手数料（仮払戻入時の送金手数料:仮払戻入時に発生する振込手数料。作業科目は以下を指定してください。 日本工営の作業科目『XCA0070』、玉野の作業科目『XQA0000』 振り込みの際、振込人名には、『社員番号＋氏名』を入力してください。）
B77: 9 | C77: 送金手数料（国内現金送金のみ） | D77: 9020111 | E77: 9020111 | F77: 送金手数料（国内現金送金のみ） | G77: ○ | H77: 90002010 | I77: 送金手数料 | M77: =I77&"（"&F77&":"&J77&"）" -> 送金手数料（送金手数料（国内現金送金のみ）:）
B78: 20 | C78: 手数料・雑費（海外発生分） | D78: 9020601 | E78: 9020601 | F78: 手数料・雑費（海外発生分） | G78: ○ | H78: 90002060 | I78: 海外出張精算 | J78: 海外出張先にて支払った雑費 | M78: =I78&"（"&F78&":"&J78&"）" -> 海外出張精算（手数料・雑費（海外発生分）:海外出張先にて支払った雑費）
B79: 15 | C79: 教育講習費（海外発生分） | D79: 9020602 | E79: 9020602 | F79: 教育講習費（海外発生分） | G79: ○ | H79: 90002060 | I79: 海外出張精算 | J79: 海外出張先にて支払った雑費 | M79: =I79&"（"&F79&":"&J79&"）" -> 海外出張精算（教育講習費（海外発生分）:海外出張先にて支払った雑費）
C80: ＯＪＴ関連費用（海外発生分） | D80: 9020631 | E80: 9020631 | F80: ＯＪＴ関連費用（海外発生分） | G80: ○ | H80: 90002063 | I80: 海外現場研修費 | J80: ＯＪＴに要する諸費用で海外にて発生する費用 | M80: =I80&"（"&F80&":"&J80&"）" -> 海外現場研修費（ＯＪＴ関連費用（海外発生分）:ＯＪＴに要する諸費用で海外にて発生する費用）
B81: 2 | C81: 国内発生分その他雑費 | D81: 9020603 | E81: 9020603 | F81: 国内発生分その他雑費 | G81: ○ | H81: 90002089 | I81: その他雑費 | J81: 国内で発生したその他雑費(コインロッカー等） | M81: =I81&"（"&F81&":"&J81&"）" -> その他雑費（国内発生分その他雑費:国内で発生したその他雑費(コインロッカー等））

Sheet 参考_従業員
B1: 2016年09月09日時点社員番号表
B2: 社員番号 | C2: 氏名 | D2: 会社Code | E2: 会社名称 | F2: 組織Code | G2: 資格名称
B3: A0058 | C3: 宮川 喜章 | D3: NK01 | E3: 日本工営株式会社 | F3: JJ0700 | G3: 理事待遇
B4: A0275 | C4: 神谷 保広 | D4: NK01 | E4: 日本工営株式会社 | F4: JA0000 | G4: 理事待遇
B5: A0286 | C5: 遠西 由明 | D5: NK01 | E5: 日本工営株式会社 | F5: PC0200 | G5: 副参事１級 時間管理
B6: A0299 | C6: 丸山 彰偉 | D6: NK01 | E6: 日本工営株式会社 | F6: DC6700 | G6: 副理事
B7: A0646 | C7: 中尾 憲治 | D7: NK01 | E7: 日本工営株式会社 | F7: PG5600 | G7: 副参事３級扱
B8: A0680 | C8: 黒瀬 大造 | D8: NK01 | E8: 日本工営株式会社 | F8: PG5500 | G8: 技師１級扱
B9: A0810 | C9: 廣瀬 典昭 | D9: NK01 | E9: 日本工営株式会社 | F9: AA0000 | G9: 取締役会長
B10: A0813 | C10: 堀 洋喜 | D10: NK01 | E10: 日本工営株式会社 | F10: JJ0700 | G10: 参事３級
B11: A0817 | C11: 小島 詔 | D11: SL01 | E11: （株）エル・コーエイ | F11: SL0400 | G11: 副理事扱
B12: A0961 | C12: 稲葉 記子 | D12: SL01 | E12: （株）エル・コーエイ | F12: SL0400 | G12: －
B13: A0978 | C13: 畑尾 成道 | D13: NK01 | E13: 日本工営株式会社 | F13: AA0600 | G13: 専務待遇
... B3734: T4315 | C3734: 伊藤 公一 | D3734: QA01 | E3734: 玉野総合コンサルタント（株） | F3734: QG06F0 | G3734: －

Sheet T_データ
B2: T_賃率表 | D2: 平成27年度 標準賃率表 【ｺﾝｻﾙﾀﾝﾄ海外事業本部】 | K2: T_資格 | O2: T_組織 | R2: T_役職 | U2: T_従業員区分
B3: ｸﾞﾚｰﾄﾞ | C3: 個人賃率 | D3: 資格区分 | E3: 時間賃率 | F3: １日賃率 | G3: 月間賃率 | H3: 年間賃率 | I3: 時間外単価 | K3: 資格Code | L3: 資格名称 | M3: 月間賃率 | O3: 組織Code | P3: 組織名称 | R3: 役職Code | S3: 役職名称 | U3: 従業員区分Code | V3: 従業員区分名称
B4: 0 | C4: 1 | D4: 取締役会長 | E4: 13090 | F4: 98140 | G4: 1979000 | H4: 23748000 | K4: A100 | L4: 取締役会長 | M4: =VLOOKUP(T_データ!$L4,T_データ!$D$3:$I$71,4,FALSE) -> 1979000 | O4: AA0000 | P4: 役員室 | R4: A900 | U4: A100 | V4: 役員
B5: 0 | C5: 1 | D5: 取締役副会長 | E5: 13090 | F5: 98140 | G5: 1979000 | H5: 23748000 | K5: A110 | L5: 取締役副会長 | M5: =VLOOKUP(T_データ!$L5,T_データ!$D$3:$I$71,4,FALSE) -> 1979000 | O5: AA0200 | P5: 監査役(旧監査役室) | R5: C100 | S5: 本部長 | U5: G150 | V5: 特別顧問
B6: 0 | C6: 1 | D6: 取締役社長 | E6: 13090 | F6: 98140 | G6: 1979000 | H6: 23748000 | K6: A200 | L6: 取締役社長 | M6: =VLOOKUP(T_データ!$L6,T_データ!$D$3:$I$71,4,FALSE) -> 1979000 | O6: AA0500 | P6: 内部監査室 | R6: C200 | S6: 事業本部長 | U6: G160 | V6: 専門顧問
B7: 0 | C7: 1 | D7: 取締役副社長執行役員 | E7: 13090 | F7: 98140 | G7: 1979000 | H7: 23748000 | K7: A251 | L7: 取締役副社長執行役員 | M7: =VLOOKUP(T_データ!$L7,T_データ!$D$3:$I$71,4,FALSE) -> 1979000 | O7: AA0600 | P7: 技術監査室 | R7: D120 | S7: 副本部長 | U7: G170 | V7: 顧問
B8: 0 | C8: 1 | D8: 取締役常務執行役員 | E8: 13090 | F8: 98140 | G8: 1979000 | H8: 23748000 | K8: A451 | L8: 取締役常務執行役員 | M8: =VLOOKUP(T_データ!$L8,T_データ!$D$3:$I$71,4,FALSE) -> 1979000 | O8: AA1000 | P8: 本社 | R8: D220 | S8: 副事業本部長 | U8: G300 | V8: 社員
B9: 0 | C9: 1 | D9: 取締役 | E9: 13090 | F9: 98140 | G9: 1979000 | H9: 23748000 | K9: A501 | L9: 取締役 | M9: =VLOOKUP(T_データ!$L9,T_データ!$D$3:$I$71,4,FALSE) -> 1979000 | O9: AA1100 | P9: 本社室 | R9: F150 | S9: 事業所長 | U9: G310 | V9: 準社員
B10: 0 | C10: 1 | D10: 取締役待遇 | E10: 13090 | F10: 98140 | G10: 1979000 | H10: 23748000 | K10: A551 | L10: 取締役執行役員 | M10: =VLOOKUP(T_データ!$L10,T_データ!$D$3:$I$71,4,FALSE) -> 1979000 | O10: AD0000 | P10: コーポレート本部 | R10: F200 | S10: 事業部長 | U10: G320 | V10: 社員見習
B11: 0 | C11: 1 | D11: 取締役執行役員 | E11: 13090 | F11: 98140 | G11: 1979000 | H11: 23748000 | K11: A700 | L11: 取締役相談役 | M11: =VLOOKUP(T_データ!$L11,T_データ!$D$3:$I$71,4,FALSE) -> 1979000 | O11: AD0200 | P11: コーポレート本部 法務・ｺﾝﾌﾟﾗｲｱﾝｽ部 | R11: F300 | S11: 支店長 | U11: G330 | V11: 社員
B12: 0 | C12: 1 | D12: 取締役相談役 | E12: 13090 | F12: 98140 | G12: 1979000 | H12: 23748000 | K12: A800 | L12: 常勤監査役 | M12: =VLOOKUP(T_データ!$L12,T_データ!$D$3:$I$71,4,FALSE) -> 1979000 | O12: AD0300 | P12: コーポレート本部 人事・総務部 | R12: F400 | S12: 所長 | U12: G400 | V12: 嘱託
B13: 0 | C13: 1 | D13: 常勤監査役 | E13: 13090 | F13: 98140 | G13: 1979000 | H13: 23748000 | K13: A801 | L13: 監査役 | M13: =VLOOKUP(T_データ!$L13,T_データ!$D$3:$I$71,4,FALSE) -> 1979000 | O13: AD0500 | P13: コーポレート本部 経理部 | R13: G120 | S13: 副本部長 | U13: G500 | V13: 嘱託
B14: 0 | C14: 1 | D14: 監査役 | E14: 13090 | F14: 98140 | G14: 1979000 | H14: 23748000 | K14: G030 | L14: 専務執行役員 | M14: =VLOOKUP(T_データ!$L14,T_データ!$D$3:$I$71,4,FALSE) -> 1416000 | O14: AD1000 | P14: コーポレート本部 経営企画部 | R14: G170 | S14: 副事業所長 | U14: G540 | V14: 嘱託
B15: 1 | C15: 1 | D15: 専務執行役員 | E15: 9370 | F15: 70220 | G15: 1416000 | H15: 16992000 | K15: G040 | L15: 常務執行役員 | M15: =VLOOKUP(T_データ!$L15,T_データ!$D$3:$I$71,4,FALSE) -> 1416000 | O15: AD1100 | P15: 経営企画部 企画財務室 | R15: G200 | S15: 事業部長代理 | U15: G610 | V15: 契約社員
B16: 1 | C16: 1 | D16: 常務執行役員 | E16: 9370 | F16: 70220 | G16: 1416000 | H16: 16992000 | K16: G050 | L16: 執行役員 | M16: =VLOOKUP(T_データ!$L16,T_データ!$D$3:$I$71,4,FALSE) -> 1416000 | O16: AD1400 | P16: 経営企画部 ｺｰﾎﾟﾚｰﾄｺﾐｭﾆｹｰｼｮﾝ室 | R16: G220 | S16: 副事業部長 | U16: G610 | V16: 派遣社員(アソシエイト)
... B23: 3 | C23: 0 | D23: 副理事 | E23: 6680 | F23: 50040 | G23: 1009000 | H23: 12108000 | K23: G520 | L23: 参事２級 | M23: =VLOOKUP(T_データ!$L23,T_データ!$D$3:$I$71,4,FALSE) -> 906000 | O23: BA0210 | P23: 中央研究所 総合技術開発部 計画数理G | R23: J30A | S23: 所長 | U23: R100 | V23: アルバイト
B24: 2 | C24: 0 | D24: 理事待遇 | E24: 8120 | F24: 60850 | G24: 1227000 | H24: 14724000 | K24: G530 | L24: 参事３級 | M24: =VLOOKUP(T_データ!$L24,T_データ!$D$3:$I$71,4,FALSE) -> 872000 | O24: BA0220 | P24: 中央研究所 総合技術開発部 環境水理G | R24: J30B | S24: 所長
B25: 3 | C25: 0 | D25: 副理事扱 | E25: 6680 | F25: 50040 | G25: 1009000 | H25: 12108000 | K25: G610 | L25: 副参事１級 | M25: =VLOOKUP(T_データ!$L25,T_データ!$D$3:$I$71,4,FALSE) -> 824000 | O25: BA0230 | P25: 中央研究所 総合技術開発部 地盤耐震G | R25: J400 | S25: センター長
B26: 6 | C26: 0 | D26: 参事１級 | E26: 6120 | F26: 45870 | G26: 925000 | H26: 11100000 | K26: G611 | L26: 副参事１級Ｂ型 | M26: =VLOOKUP(T_データ!$L26,T_データ!$D$3:$I$71,4,FALSE) -> 0 | O26: BA0240 | P26: 中央研究所 総合技術開発部 岩盤解析G | R26: J40A | S26: センター長
B27: 7 | C27: 0 | D27: 参事２級 | E27: 6000 | F27: 44930 | G27: 906000 | H27: 10872000 | K27: G615 | L27: 工師長１級 | M27: =VLOOKUP(T_データ!$L27,T_データ!$D$3:$I$71,4,FALSE) -> #N/A | O27: BA0250 | P27: 中央研究所 総合技術開発部 構造解析G | R27: J40B | S27: センター長
B28: 8 | C28: 0 | D28: 参事３級 | E28: 5770 | F28: 43240 | G28: 872000 | H28: 10464000 | K28: G620 | L28: 副参事２級 | M28: =VLOOKUP(T_データ!$L28,T_データ!$D$3:$I$71,4,FALSE) -> 799000 | O28: BA0260 | P28: 中央研究所 総合技術開発部 地盤･材料G | R28: K10A | S28: 部長代理
B29: 6 | C29: 0 | D29: 参事１級扱 | E29: 6120 | F29: 45870 | G29: 925000 | H29: 11100000 | K29: G621 | L29: 副参事２級Ｂ型 | M29: =VLOOKUP(T_データ!$L29,T_データ!$D$3:$I$71,4,FALSE) -> 0 | O29: BA0270 | P29: 中央研究所 総合技術開発部 水工水理G | R29: K10B | S29: 部長代理
B30: 7 | C30: 0 | D30: 参事２級扱 | E30: 6000 | F30: 44930 | G30: 906000 | H30: 10872000 | K30: G630 | L30: 副参事３級 | M30: =VLOOKUP(T_データ!$L30,T_データ!$D$3:$I$71,4,FALSE) -> 755000 | O30: BA0280 | P30: 中央研究所 総合技術開発部 環境科学G | R30: K20A | S30: 室長代理
B31: 8 | C31: 0 | D31: 参事３級扱 | E31: 5770 | F31: 43240 | G31: 872000 | H31: 10464000 | K31: G631 | L31: 副参事３級Ｂ型 | M31: =VLOOKUP(T_データ!$L31,T_データ!$D$3:$I$71,4,FALSE) -> 630000 | O31: BA0290 | P31: 中央研究所 総合技術開発 応用水理G | R31: K20B | S31: 室長代理
B32: 9 | C32: 0 | D32: 副参事１級 | E32: 5450 | F32: 40860 | G32: 824000 | H32: 9888000 | I32: 3350 | K32: G710 | L32: 主事１級 | M32: =VLOOKUP(T_データ!$L32,T_データ!$D$3:$I$71,4,FALSE) -> 567000 | O32: BA02C0 | P32: 中央研究所 総合技術開発部 自然環境G | R32: K30A | S32: 所長代理
B33: 10 | C33: 0 | D33: 副参事２級 | E33: 5290 | F33: 39620 | G33: 799000 | H33: 9588000 | I33: 3300 | K33: G713 | L33: 技師１級 | M33: =VLOOKUP(T_データ!$L33,T_データ!$D$3:$I$71,4,FALSE) -> 567000 | O33: BA02D0 | P33: 中央研究所 総合技術開発部 防災水理G | R33: K30B | S33: 所長代理
B34: 11 | C34: 0 | D34: 副参事３級 | E34: 5000 | F34: 37440 | G34: 755000 | H34: 9060000 | I34: 3170 | K34: G715 | L34: 工師１級 | M34: =VLOOKUP(T_データ!$L34,T_データ!$D$3:$I$71,4,FALSE) -> #N/A | O34: BA02E0 | P34: 中央研究所 総合技術開発部 流域砂防G | R34: K500 | S34: 次長
B35: 9 | C35: 0 | D35: 副参事１級扱 | E35: 5450 | F35: 40860 | G35: 824000 | H35: 9888000 | I35: 3350 | K35: G720 | L35: 主事２級 | M35: =VLOOKUP(T_データ!$L35,T_データ!$D$3:$I$71,4,FALSE) -> 509000 | O35: BA0500 | P35: 技術本部 人財企画センター | R35: M150 | S35: 課長
B36: 10 | C36: 0 | D36: 副参事２級扱 | E36: 5290 | F36: 39620 | G36: 799000 | H36: 9588000 | I36: 3300 | K36: G723 | L36: 技師２級 | M36: =VLOOKUP(T_データ!$L36,T_データ!$D$3:$I$71,4,FALSE) -> 509000 | O36: BA1000 | P36: 中央研究所 | R36: M200 | S36: 主査
B37: 11 | C37: 0 | D37: 副参事３級扱 | E37: 5000 | F37: 37440 | G37: 755000 | H37: 9060000 | I37: 3170 | K37: G730 | L37: 主事３級 | M37: =VLOOKUP(T_データ!$L37,T_データ!$D$3:$I$71,4,FALSE) -> 454000 | O37: BA2000 | P37: 中央研究所 営業業務部 | R37: M300 | S37: 所長
B38: 33 | C38: 0 | D38: 副参事１級Ｂ型 | E38: 0 | F38: 0 | G38: 0 | H38: 0 | I38: 0 | K38: G733 | L38: 技師３級 | M38: =VLOOKUP(T_データ!$L38,T_データ!$D$3:$I$71,4,FALSE) -> 454000 | O38: BA5000 | P38: 技術本部 情報企画部 | R38: M30B | S38: 所長
B39: 34 | C39: 0 | D39: 副参事２級Ｂ型 | E39: 0 | F39: 0 | G39: 0 | H39: 0 | I39: 0 | K39: G740 | L39: 主事補 | M39: =VLOOKUP(T_データ!$L39,T_データ!$D$3:$I$71,4,FALSE) -> 424000 | O39: BA5100 | P39: 情報基盤センター | R39: N300 | S39: 所長代理
B40: 35 | C40: 0 | D40: 副参事３級Ｂ型 | E40: 4170 | F40: 31240 | G40: 630000 | H40: 7560000 | I40: 3290 | K40: G743 | L40: 技師補 | M40: =VLOOKUP(T_データ!$L40,T_データ!$D$3:$I$71,4,FALSE) -> 424000 | O40: BA5400 | P40: 技術本部 知財マネジメント室 | R40: Q100 | S40: 技師長
B41: 12 | C41: 0 | D41: 主事１級 | E41: 3750 | F41: 28120 | G41: 567000 | H41: 6804000 | I41: 2840 | K41: G900 | L41: － | M41: =VLOOKUP(T_データ!$L41,T_データ!$D$3:$I$71,4,FALSE) -> 0 | O41: BA7000 | P41: 技術企画部 | R41: Q200 | S41: 副技師長
B42: 13 | C42: 0 | D42: 主事２級 | E42: 3370 | F42: 25240 | G42: 509000 | H42: 6108000 | I42: 2620 | K42: K021 | L42: 副社長待遇 | M42: =VLOOKUP(T_データ!$L42,T_データ!$D$3:$I$71,4,FALSE) -> #N/A | O42: BA7100 | P42: 技術企画室 | R42: S100 | S42: 専門部長
B43: 14 | C43: 0 | D43: 主事３級 | E43: 3010 | F43: 22520 | G43: 454000 | H43: 5448000 | I43: 2400 | K43: K030 | L43: 専務待遇 | M43: =VLOOKUP(T_データ!$L43,T_データ!$D$3:$I$71,4,FALSE) -> #N/A | O43: BA7200 | P43: ＰＭ技術室 | R43: X250 | S43: 付
B44: 15 | C44: 0 | D44: 主事補 | E44: 2810 | F44: 21030 | G44: 424000 | H44: 5088000 | I44: 2250 | K44: K040 | L44: 常務待遇 | M44: =VLOOKUP(T_データ!$L44,T_データ!$D$3:$I$71,4,FALSE) -> #N/A | O44: CA0000 | P44: 不動産賃貸事業 | R44: X400 | S44: 安全担当
B45: 12 | C45: 0 | D45: 技師１級 | E45: 3750 | F45: 28120 | G45: 567000 | H45: 6804000 | I45: 2840 | K45: K050 | L45: 取締役待遇 | M45: =VLOOKUP(T_データ!$L45,T_データ!$D$3:$I$71,4,FALSE) -> 1979000 | O45: DA0000 | P45: コンサルタント国内事業本部 | R45: Z000
B46: 13 | C46: 0 | D46: 技師２級 | E46: 3370 | F46: 25240 | G46: 509000 | H46: 6108000 | I46: 2620 | K46: K060 | L46: 執行役員待遇 | M46: =VLOOKUP(T_データ!$L46,T_データ!$D$3:$I$71,4,FALSE) -> 1416000 | O46: DA0100 | P46: コンサルタント国内事業本部 事業企画室
B47: 14 | C47: 0 | D47: 技師３級 | E47: 3010 | F47: 22520 | G47: 454000 | H47: 5448000 | I47: 2400 | K47: K300 | L47: 理事待遇 | M47: =VLOOKUP(T_データ!$L47,T_データ!$D$3:$I$71,4,FALSE) -> 1227000 | O47: DA0200 | P47: コンサルタント国内事業本部 営業企画室
B48: 15 | C48: 0 | D48: 技師補 | E48: 2810 | F48: 21030 | G48: 424000 | H48: 5088000 | I48: 2250 | K48: K400 | L48: 副理事扱 | M48: =VLOOKUP(T_データ!$L48,T_データ!$D$3:$I$71,4,FALSE) -> 1009000 | O48: DA0300 | P48: コンサルタント国内事業本部 技術戦略室
B49: 12 | C49: 0 | D49: 主事１級扱 | E49: 3750 | F49: 28120 | G49: 567000 | H49: 6804000 | I49: 2840 | K49: K510 | L49: 参事１級扱 | M49: =VLOOKUP(T_データ!$L49,T_データ!$D$3:$I$71,4,FALSE) -> 925000 | O49: DA0600 | P49: コンサル国内事業本部コンプライアンス室
B50: 13 | C50: 0 | D50: 主事２級扱 | E50: 3370 | F50: 25240 | G50: 509000 | H50: 6108000 | I50: 2620 | K50: K530 | L50: 参事３級扱 | M50: =VLOOKUP(T_データ!$L50,T_データ!$D$3:$I$71,4,FALSE) -> 872000 | O50: DA0700 | P50: コンサル国内事業本部プロポーザル統括室
B51: 14 | C51: 0 | D51: 主事３級扱 | E51: 3010 | F51: 22520 | G51: 454000 | H51: 5448000 | I51: 2400 | K51: K610 | L51: 副参事１級扱 | M51: =VLOOKUP(T_データ!$L51,T_データ!$D$3:$I$71,4,FALSE) -> 824000 | O51: DA1400 | P51: 国内事業本部 品質･環境管理室
B52: 15 | C52: 0 | D52: 主事補扱 | E52: 2810 | F52: 21030 | G52: 424000 | H52: 5088000 | I52: 2250 | K52: K620 | L52: 副参事２級扱 | M52: =VLOOKUP(T_データ!$L52,T_データ!$D$3:$I$71,4,FALSE) -> 799000 | O52: DA1600 | P52: 国内事業本部 技術管理室
B53: 12 | C53: 0 | D53: 技師１級扱 | E53: 3750 | F53: 28120 | G53: 567000 | H53: 6804000 | I53: 2840 | K53: K630 | L53: 副参事３級扱 | M53: =VLOOKUP(T_データ!$L53,T_データ!$D$3:$I$71,4,FALSE) -> 755000 | O53: DC0000 | P53: 旧首都圏事業部
B54: 13 | C54: 0 | D54: 技師２級扱 | E54: 3370 | F54: 25240 | G54: 509000 | H54: 6108000 | I54: 2620 | K54: K710 | L54: 主事１級扱 | M54: =VLOOKUP(T_データ!$L54,T_データ!$D$3:$I$71,4,FALSE) -> 567000 | O54: DC0200 | P54: 東京支店 営業企画部
B55: 14 | C55: 0 | D55: 技師３級扱 | E55: 3010 | F55: 22520 | G55: 454000 | H55: 5448000 | I55: 2400 | K55: K713 | L55: 技師１級扱 | M55: =VLOOKUP(T_データ!$L55,T_データ!$D$3:$I$71,4,FALSE) -> 567000 | O55: DC0510 | P55: 交通運輸事業部 道路橋梁部
B56: 15 | C56: 0 | D56: 技師補扱 | E56: 2810 | F56: 21030 | G56: 424000 | H56: 5088000 | I56: 2250 | K56: K720 | L56: 主事２級扱 | M56: =VLOOKUP(T_データ!$L56,T_データ!$D$3:$I$71,4,FALSE) -> 509000 | O56: DC0620 | P56: 流域・都市事業部 上下水道部
B57: 16 | C57: 0 | D57: 一般社員 | E57: 2580 | F57: 19340 | G57: 390000 | H57: 4680000 | I57: 2210 | K57: K730 | L57: 主事３級扱 | M57: =VLOOKUP(T_データ!$L57,T_データ!$D$3:$I$71,4,FALSE) -> 454000 | O57: DC0700 | P57: 社会ｼｽﾃﾑ事業部 環境部
B58: 18 | C58: 1 | D58: 顧問 | E58: 4820 | F58: 36100 | G58: 728000 | H58: 8736000 | K58: K733 | L58: 技師３級扱 | M58: =VLOOKUP(T_データ!$L58,T_データ!$D$3:$I$71,4,FALSE) -> 454000 | O58: DC0720 | P58: 流域・都市事業部 農村施設室
B59: 19 | C59: 1 | D59: 嘱託 理事 | E59: 5680 | F59: 42600 | G59: 859000 | H59: 10308000 | K59: K740 | L59: 主事補扱 | M59: =VLOOKUP(T_データ!$L59,T_データ!$D$3:$I$71,4,FALSE) -> 424000 | O59: DC0800 | P59: 社会システム事業部 統合情報技術部
B60: 20 | C60: 1 | D60: 嘱託 副理事 | E60: 5040 | F60: 37740 | G60: 761000 | H60: 9132000 | O60: DC0A10 | P60: ｲﾝﾌﾗﾏﾈｼﾞﾒﾝﾄ事業部 都市計画ｻﾌﾞｸﾞﾙｰﾌﾟ
B61: 21 | C61: 1 | D61: 嘱託 参事 | E61: 5000 | F61: 37490 | G61: 756000 | H61: 9072000 | O61: DC0A20 | P61: 交通運輸事業部 施設設計ｻﾌﾞｸﾞﾙｰﾌﾟ
B62: 22 | C62: 1 | D62: 嘱託 副参事 | E62: 0 | F62: 0 | G62: 0 | H62: 0 | O62: DC0A30 | P62: 交通運輸事業部 沖縄プロジェクトｻﾌﾞｸﾞﾙｰﾌﾟ
B63: 23 | C63: 1 | D63: 嘱託 その他 | E63: 0 | F63: 0 | G63: 0 | H63: 0 | O63: DC0B10 | P63: 流域・都市事業部 河川計画ｻﾌﾞｸﾞﾙｰﾌﾟ
B64: 24 | C64: 1 | D64: 契約社員 理事 | E64: 5060 | F64: 37940 | G64: 765000 | H64: 9180000 | O64: DC0B20 | P64: 流域・都市事業部 河川構造ｻﾌﾞｸﾞﾙｰﾌﾟ
B65: 25 | C65: 1 | D65: 契約社員 副理事 | E65: 5980 | F65: 44780 | G65: 903000 | H65: 10836000 | O65: DC0B30 | P65: 流域・都市事業部 ダムｻﾌﾞｸﾞﾙｰﾌﾟ
B66: 26 | C66: 1 | D66: 契約社員 参事 | E66: 6750 | F66: 50580 | G66: 1020000 | H66: 12240000 | O66: DC0B40 | P66: 流域・都市事業部 上下水道ｻﾌﾞｸﾞﾙｰﾌﾟ
B67: 27 | C67: 1 | D67: 契約社員 副参事 | E67: 5740 | F67: 43000 | G67: 867000 | H67: 10404000 | O67: DC0B50 | P67: 流域・都市事業部 農村施設ｻﾌﾞｸﾞﾙｰﾌﾟ
B68: 28 | C68: 1 | D68: 契約社員 その他 | E68: 3650 | F68: 27380 | G68: 552000 | H68: 6624000 | O68: DC0B60 | P68: ｲﾝﾌﾗﾏﾈｼﾞﾒﾝﾄ事業部 地域計画設計ｻﾌﾞｸﾞﾙｰﾌﾟ
B69: 31 | C69: 1 | D69: 非常勤 | E69: 2010 | F69: 15030 | G69: 303000 | H69: 3636000 | O69: DC0B80 | P69: ｲﾝﾌﾗﾏﾈｼﾞﾒﾝﾄ事業部 建築ｻﾌﾞｸﾞﾙｰﾌﾟ
B70: 32 | C70: 1 | D70: 臨時 | E70: 0 | F70: 0 | G70: 0 | H70: 0 | O70: DC0C10 | P70: 交通運輸事業部 道路ｻﾌﾞｸﾞﾙｰﾌﾟ
B71: 16 | C71: 0 | D71: － | O71: DC0C20 | P71: 交通運輸事業部 橋梁ｻﾌﾞｸﾞﾙｰﾌﾟ
O72: DC0C30 | P72: 交通運輸事業部 空港ｻﾌﾞｸﾞﾙｰﾌﾟ
O73: DC0C40 | P73: 交通運輸事業部 港湾ｻﾌﾞｸﾞﾙｰﾌﾟ
O74: DC0C50 | P74: ｲﾝﾌﾗﾏﾈｼﾞﾒﾝﾄ事業部 交通システムｻﾌﾞｸﾞﾙｰﾌﾟ
O75: DC0D10 | P75: 国土保全事業部 防災ｻﾌﾞｸﾞﾙｰﾌﾟ
O76: DC0D20 | P76: 国土保全事業部 砂防ｻﾌﾞｸﾞﾙｰﾌﾟ
O77: DC0E10 | P77: 社会ｼｽﾃﾑ事業部 環境計画ｻﾌﾞｸﾞﾙｰﾌﾟ
O78: DC0E30 | P78: 流域・都市事業部 地盤技術ｻﾌﾞｸﾞﾙｰﾌﾟ
O79: DC0E40 | P79: 流域・都市事業部 地圏技術ｻﾌﾞｸﾞﾙｰﾌﾟ
O80: DC0F10 | P80: 社会ｼｽﾃﾑ事業部 統合情報ｻﾌﾞｸﾞﾙｰﾌﾟ
O81: DC0F20 | P81: ｲﾝﾌﾗﾏﾈｼﾞﾒﾝﾄ事業部 ｱｾｯﾄﾏﾈｼﾞﾒﾝﾄｻﾌﾞｸﾞﾙｰﾌﾟ
O82: DC0F30 | P82: ｲﾝﾌﾗﾒｼﾞﾒﾝﾄ事業部 防災ﾏﾈｼﾞﾒﾝﾄｻﾌﾞｸﾞﾙｰﾌﾟ
O83: DC0F40 | P83: ｲﾝﾌﾗﾏﾈｼﾞﾒﾝﾄ事業部 統合ﾏﾈｼﾞﾒﾝﾄｻﾌﾞｸﾞﾙｰﾌﾟ
... O85: DC1100 | P85: 流域・都市事業部 河川・水工部
C86: 個人賃率： | O86: DC1210 | P86: 国土保全事業部 防災部
C87: 0=標準適用 | F87: 年間稼動日数 | G87: 242 | H87: 日 | O87: DC1230 | P87: 国土保全事業部 砂防部
C88: 1=個人適用 | F88: 年間稼動時間 | G88: 1815 | H88: 時間 | O88: DC1300 | P88: 流域・都市事業部 ダム・発電部
O89: DC1600 | P89: 東京支店 積算管理室
O90: DC1700 | P90: 東京支店 プロポーザル統括室
O91: DC2100 | P91: ｲﾝﾌﾗﾏﾈｼﾞﾒﾝﾄ事業部 ｱｾｯﾄﾏﾈｼﾞﾒﾝﾄ技術部
O92: DC2190 | P92: ｲﾝﾌﾗﾏﾈｼﾞﾒﾝﾄ事業部 統合ﾏﾈｼﾞﾒﾝﾄ技術室
O93: DC2300 | P93: ｲﾝﾌﾗﾏﾈｼﾞﾒﾝﾄ事業部 都市・交通計画部
O94: DC2600 | P94: 交通運輸事業部 施設設計室
O95: DC3100 | P95: 交通運輸事業部 空港・港湾部
O96: DC5000 | P96: 流域・都市事業部 地盤環境部
O97: DC6400 | P97: 東京支店 北関東事務所
O98: DC6700 | P98: 東京支店 神奈川事務所
O99: DC8100 | P99: 東京支店 茨城営業所
O100: DC8200 | P100: 東京支店 栃木営業所
... O668: PGA100 | P668: 福島事業所(分担金任意)

Sheet T_賃率
B1: 2015年10月31日時点賃率表
B3: 社員番号 | C3: 月間賃率 | D3: 年間賃率
B4: A0275 | C4: 150000 | D4: 1800000
B5: A0299 | C5: 141000 | D5: 1692000
B6: A0813 | C6: 811000 | D6: 9732000
B7: A0978 | C7: 600000 | D7: 7200000
B8: A0991 | C8: 368000 | D8: 4416000
B9: A0999 | C9: 150000 | D9: 1800000
B10: A1011 | C10: 171000 | D10: 2052000
B11: A1112 | C11: 456000 | D11: 5472000
B12: A1114 | C12: 464000 | D12: 5568000
B13: A1146 | C13: 100000 | D13: 1200000
B14: A1165 | C14: 441000 | D14: 5292000
B15: A1332 | C15: 1013000 | D15: 12156000
... B3594: T4312 | C3594: 10000 | D3594: 120000

Sheet T_為替
B2: 2015年6月末レート | D2: ※海外業務部HPよりデータ取得し、データを抜粋、YENを追加
B3: CODE | C3: JUN | D3: COUNTRY | E3: CURRENCY
B4: AED | C4: 27.99485
B5: AFA | C5: 1.50523
B6: ALL | C6: 0.8353
B7: AMD | C7: 0.21587
B8: AOA | C8: 0.62042
B9: ARS | C9: 6.87265
B10: AUD | C10: 76.62
B11: AZN | C11: 66.9894
B12: BAM | C12: 58.22
B13: BBD | C13: 51.28429
B14: BDT | C14: 1.31027
B15: BGN | C15: 58.47975
... B133: ZWD | C133: 0.27095
